Workbook

Sheet Mapa final
AN2: Código: FO-GP-002 Versión: 1 Vigencia desde: 24/072024
B4: PROCESO GESTIÓN DE CUMPLIMIENTO MATRIZ DE RIESGOS DE CORRUPCIÓN SOCIEDAD DE ACTIVOS ESPECIALES - SAE
B5: Identificación del riesgo | H5: Análisis del riesgo inherente | P5: Evaluación del riesgo - Valoración de los controles | Y5: Evaluación del riesgo - Nivel del riesgo residual | AF5: Tratamiento (Plan de Acción) | AL5: Monitoreo
B6: Código Riesgo | C6: Proceso | D6: Descripción del Riesgo | E6: Clase | F6: Causa | G6: Efecto | H6: Criterios probabilidad | I6: Probabilidad Inherente | J6: % | K6: Criterios de impacto | L6: Observación de criterio | M6: Impacto Inherente | N6: % | O6: Zona de Riesgo Inherente | P6: No. Control | Q6: Descripción del Control | R6: Afectación | S6: Atributos | Y6: Probabilidad Residual | Z6: Probabilidad Residual Final | AA6: % | AB6: Impacto Residual Final | AC6: % | AD6: Zona de Riesgo Final | AE6: Tratamiento | AF6: Tratamiento (Plan de Acción) | AG6: Responsable | AH6: Fecha Implementación | AI6: Fecha Seguimiento | AJ6: Seguimiento | AK6: Estado | AL6: Fecha de identificación | AM6: Estado | AN6: Análisis | AO6: Valoración
S7: Tipo | T7: Implementación | U7: Calificación | V7: Documentación | W7: Frecuencia | X7: Evidencia | AL7: Fecha de identificación | AM7: Fecha de identificación | AN7: Fecha de identificación | AO7: Fecha de identificación
B8: RC-DE-1 | C8: Direccionamiento Estratégico | D8: Posibilidad de recibir o solicitar cualquier dadiva o beneficio propio o a nombre de un tercero con el fin de modificar los documentos editables obsoletos del Sistema Integrado de Gestión, sin que pase el adecuado flujo establecido para estos documentos por la Dirección de Planeación y Prospectiva. | E8: Riesgo de Corrupción | F8: Carencia de un sistema de información robusto y completo para la gestión de las funciones a cargo de la Dirección de Planeación y Prospectiva | G8: Intervención por parte de un ente de control u otro ente regulador Afectación de la Imagen Institucional | H8: No se ha presentado en los últimos 5 años | I8: =IF(H8<=0,"",IF(H8="No se ha presentado en los últimos 5 años","Rara vez",IF(H8="Al menos 1 vez en los últimos 5 años","Improbable",IF(H8="Al menos 1 vez en los últimos 2 años","Posible",IF(H8="Al menos 1 vez en el último año","Probable",IF(H8="Más de 1 vez al año","Casi Seguro")))))) -> Rara vez | J8: =IF(I8="","",IF(I8="Rara vez",0.2,IF(I8="Improbable",0.4,IF(I8="Posible",0.6,IF(I8="Probable",0.8,IF(I8="Casi Seguro",1,)))))) -> 0.2 | K8: Responder afirmativamente de SEIS a ONCE | L8: =IF(NOT(ISERROR(MATCH(K8,'[1]Tabla Impacto'!$B$220:$B$222,0))),'[1]Tabla Impacto'!$F$222&"Por favor no seleccionar los criterios de impacto(Criterios para calificar el impacto)",K8) -> Responder afirmativamente de SEIS a ONCE | M8: =IF(OR(L8='[1]Tabla Impacto'!$C$5),"Moderado",IF(OR(L8='[1]Tabla Impacto'!$C$6),"Mayor",IF(OR(L8='[1]Tabla Impacto'!$C$7),"Catastrófico",""))) -> Mayor | N8: =IF(M8="","",IF(M8="Leve",0.2,IF(M8="Menor",0.4,IF(M8="Moderado",0.6,IF(M8="Mayor",0.8,IF(M8="Catastrófico",1,)))))) -> 0.8 | O8: =IF(OR(AND(I8="Rara vez",M8="Leve"),AND(I8="Rara vez",M8="Menor"),AND(I8="Improbable",M8="Leve")),"Bajo",IF(OR(AND(I8="Rara vez",M8="Moderado"),AND(I8="Improbable",M8="Menor"),AND(I8="Improbable",M8="Moderado"),AND(I8="Posible",M8="Leve"),AND(I8="Posible",M8="Menor"),AND(I8="Posible",M8="Moderado"),AND(I8="Probable",M8="Leve"),AND(I8="Probable",M8="Menor")),"Moderado",IF(OR(AND(I8="Rara vez",M8="Mayor"),AND(I8="Improbable",M8="Mayor"),AND(I8="Posible",M8="Mayor"),AND(I8="Probable",M8="Moderado"),AND(I8="Probable",M8="Mayor"),AND(I8="Casi Seguro",M8="Leve"),AND(I8="Casi Seguro",M8="Menor"),AND(I8="Casi Seguro",M8="Moderado"),AND(I8="Casi Seguro",M8="Mayor")),"Alto",IF(OR(AND(I8="Rara vez",M8="Catastrófico"),AND(I8="Improbable",M8="Catastrófico"),AND(I8="Posible",M8="Catastrófico"),AND(I8="Probable",M8="Catastrófico"),AND(I8="Casi Seguro",M8="Catastrófico")),"Extremo","")))) -> Alto | P8: 1 | Q8: El profesional designado de la dirección de planeación y prospectiva cada vez que recibe la aprobación de un documento actualizado, debe convertir la versión anterior en PDF e identificarla como obsoleta para trasladarla al repositorio de documentos obsoletos controlados, con el fin de guardar trazabilidad de las versiones y cambios que se realicen a los documentos. Como evidencia queda el listado maestro de documentos obsoletos. | R8: =IF(OR(S8="Preventivo",S8="Detectivo"),"Probabilidad",IF(S8="Correctivo","Impacto","")) -> Probabilidad | S8: Preventivo | T8: Automático | U8: =IF(AND(S8="Preventivo",T8="Automático"),"50%",IF(AND(S8="Preventivo",T8="Manual"),"40%",IF(AND(S8="Detectivo",T8="Automático"),"40%",IF(AND(S8="Detectivo",T8="Manual"),"30%",IF(AND(S8="Correctivo",T8="Automático"),"35%",IF(AND(S8="Correctivo",T8="Manual"),"25%","")))))) -> 50% | V8: Documentado | W8: Continua | X8: Con Registro | Y8: =IFERROR(IF(R8="Probabilidad",(J8-(+J8*U8)),IF(R8="Impacto",J8,"")),"") -> 0.1 | Z8: =IFERROR(IF(Y8="","",IF(Y8<=0.2,"Rara vez",IF(Y8<=0.4,"Improbable",IF(Y8<=0.6,"Posible",IF(Y8<=0.8,"Probable","Casi Seguro"))))),"") -> Rara vez | AA8: =+Y8 -> 0.1 | AB8: =IFERROR(IF(AC8="","",IF(AC8<=0.6,"Moderado",IF(AC8<=0.8,"Mayor","Catastrófico"))),"") -> Mayor | AC8: =IFERROR(IF(R8="Impacto",(N8-(+N8*U8)),IF(R8="Probabilidad",N8,"")),"") -> 0.8 | AD8: =IFERROR(IF(OR(AND(Z8="Rara vez",AB8="Leve"),AND(Z8="Rara vez",AB8="Menor"),AND(Z8="Improbable",AB8="Leve")),"Bajo",IF(OR(AND(Z8="Rara vez",AB8="Moderado"),AND(Z8="Improbable",AB8="Menor"),AND(Z8="Improbable",AB8="Moderado"),AND(Z8="Posible",AB8="Leve"),AND(Z8="Posible",AB8="Menor"),AND(Z8="Posible",AB8="Moderado"),AND(Z8="Probable",AB8="Leve"),AND(Z8="Probable",AB8="Menor")),"Moderado",IF(OR(AND(Z8="Rara vez",AB8="Mayor"),AND(Z8="Improbable",AB8="Mayor"),AND(Z8="Posible",AB8="Mayor"),AND(Z8="Probable",AB8="Moderado"),AND(Z8="Probable",AB8="Mayor"),AND(Z8="Casi Seguro",AB8="Leve"),AND(Z8="Casi Seguro",AB8="Menor"),AND(Z8="Casi Seguro",AB8="Moderado"),AND(Z8="Casi Seguro",AB8="Mayor")),"Alto",IF(OR(AND(Z8="Rara vez",AB8="Catastrófico"),AND(Z8="Improbable",AB8="Catastrófico"),AND(Z8="Posible",AB8="Catastrófico"),AND(Z8="Probable",AB8="Catastrófico"),AND(Z8="Casi Seguro",AB8="Catastrófico")),"Extremo","")))),"") -> Alto | AL8: 45469 | AM8: Monitoreado | AN8: =+O8 -> Alto | AO8: =+AD10 -> Moderado
L9: =IF(NOT(ISERROR(MATCH(K9,_xlfn.ANCHORARRAY(G20),0))),J22&"Por favor no seleccionar los criterios de impacto",K9) -> 0 | P9: 2 | Q9: El profesional designado de la dirección de planeación y prospectiva mensualmente verifica que se realicen las actividades correspondientes con los documentos obsoletos. Como evidencia queda el listado maestro con la validación respectiva. | R9: =IF(OR(S9="Preventivo",S9="Detectivo"),"Probabilidad",IF(S9="Correctivo","Impacto","")) -> Probabilidad | S9: Detectivo | T9: Manual | U9: =IF(AND(S9="Preventivo",T9="Automático"),"50%",IF(AND(S9="Preventivo",T9="Manual"),"40%",IF(AND(S9="Detectivo",T9="Automático"),"40%",IF(AND(S9="Detectivo",T9="Manual"),"30%",IF(AND(S9="Correctivo",T9="Automático"),"35%",IF(AND(S9="Correctivo",T9="Manual"),"25%","")))))) -> 30% | V9: Documentado | W9: Continua | X9: Con Registro | Y9: =IFERROR(IF(AND(R8="Probabilidad",R9="Probabilidad"),(AA8-(+AA8*U9)),IF(R9="Probabilidad",(J8-(+J8*U9)),IF(R9="Impacto",AA8,""))),"") -> 0.07 | Z9: =IFERROR(IF(Y9="","",IF(Y9<=0.2,"Rara vez",IF(Y9<=0.4,"Improbable",IF(Y9<=0.6,"Posible",IF(Y9<=0.8,"Probable","Casi Seguro"))))),"") -> Rara vez | AA9: =+Y9 -> 0.07 | AB9: =IFERROR(IF(AC9="","",IF(AC9<=0.6,"Moderado",IF(AC9<=0.8,"Mayor","Catastrófico"))),"") -> Mayor | AC9: =IFERROR(IF(AND(R8="Impacto",R9="Impacto"),(AC8-(+AC8*U9)),IF(R9="Impacto",(N8-(+N8*U9)),IF(R9="Probabilidad",AC8,""))),"") -> 0.8 | AD9: =IFERROR(IF(OR(AND(Z9="Rara vez",AB9="Leve"),AND(Z9="Rara vez",AB9="Menor"),AND(Z9="Improbable",AB9="Leve")),"Bajo",IF(OR(AND(Z9="Rara vez",AB9="Moderado"),AND(Z9="Improbable",AB9="Menor"),AND(Z9="Improbable",AB9="Moderado"),AND(Z9="Posible",AB9="Leve"),AND(Z9="Posible",AB9="Menor"),AND(Z9="Posible",AB9="Moderado"),AND(Z9="Probable",AB9="Leve"),AND(Z9="Probable",AB9="Menor")),"Moderado",IF(OR(AND(Z9="Rara vez",AB9="Mayor"),AND(Z9="Improbable",AB9="Mayor"),AND(Z9="Posible",AB9="Mayor"),AND(Z9="Probable",AB9="Moderado"),AND(Z9="Probable",AB9="Mayor"),AND(Z9="Casi Seguro",AB9="Leve"),AND(Z9="Casi Seguro",AB9="Menor"),AND(Z9="Casi Seguro",AB9="Moderado"),AND(Z9="Casi Seguro",AB9="Mayor")),"Alto",IF(OR(AND(Z9="Rara vez",AB9="Catastrófico"),AND(Z9="Improbable",AB9="Catastrófico"),AND(Z9="Posible",AB9="Catastrófico"),AND(Z9="Probable",AB9="Catastrófico"),AND(Z9="Casi Seguro",AB9="Catastrófico")),"Extremo","")))),"") -> Alto | AE9: Reducir (mitigar) | AF9: Revisar los permisos de accesos a la carpeta publica donde se ubican los documentos obsoletos con el fin de validar los permisos de lectura y escritura. | AG9: Katherine Ariza Profesional I | AH9: 45565 | AJ9: 45596 | AK9: En curso
L10: =IF(NOT(ISERROR(MATCH(K10,_xlfn.ANCHORARRAY(G21),0))),J23&"Por favor no seleccionar los criterios de impacto",K10) -> 0 | P10: 3 | Q10: El Líder del sistema integrado de gestión de la Dirección de Planeación y Prospectiva en caso de evidenciar modificaciones en los documentos que no cumpla con el flujo establecido por la dirección, procederá a reportar a las áreas respectivas y realiza devolución para dar cumplimiento a los lineamientos establecidos. Como evidencia queda los correos generados por el Líder. | R10: =IF(OR(S10="Preventivo",S10="Detectivo"),"Probabilidad",IF(S10="Correctivo","Impacto","")) -> Impacto | S10: Correctivo | T10: Manual | U10: =IF(AND(S10="Preventivo",T10="Automático"),"50%",IF(AND(S10="Preventivo",T10="Manual"),"40%",IF(AND(S10="Detectivo",T10="Automático"),"40%",IF(AND(S10="Detectivo",T10="Manual"),"30%",IF(AND(S10="Correctivo",T10="Automático"),"35%",IF(AND(S10="Correctivo",T10="Manual"),"25%","")))))) -> 25% | V10: Sin Documentar | W10: Continua | X10: Con Registro | Y10: =IFERROR(IF(AND(R9="Probabilidad",R10="Probabilidad"),(AA9-(+AA9*U10)),IF(AND(R9="Impacto",R10="Probabilidad"),(AA8-(+AA8*U10)),IF(R10="Impacto",AA9,""))),"") -> 0.07 | Z10: =IFERROR(IF(Y10="","",IF(Y10<=0.2,"Rara vez",IF(Y10<=0.4,"Improbable",IF(Y10<=0.6,"Posible",IF(Y10<=0.8,"Probable","Casi Seguro"))))),"") -> Rara vez | AA10: =+Y10 -> 0.07 | AB10: =IFERROR(IF(AC10="","",IF(AC10<=0.6,"Moderado",IF(AC10<=0.8,"Mayor","Catastrófico"))),"") -> Moderado | AC10: =IFERROR(IF(AND(R9="Impacto",R10="Impacto"),(AC9-(+AC9*U10)),IF(AND(R9="Probabilidad",R10="Impacto"),(AC8-(+AC8*U10)),IF(R10="Probabilidad",AC9,""))),"") -> 0.6 | AD10: =IFERROR(IF(OR(AND(Z10="Rara vez",AB10="Leve"),AND(Z10="Rara vez",AB10="Menor"),AND(Z10="Improbable",AB10="Leve")),"Bajo",IF(OR(AND(Z10="Rara vez",AB10="Moderado"),AND(Z10="Improbable",AB10="Menor"),AND(Z10="Improbable",AB10="Moderado"),AND(Z10="Posible",AB10="Leve"),AND(Z10="Posible",AB10="Menor"),AND(Z10="Posible",AB10="Moderado"),AND(Z10="Probable",AB10="Leve"),AND(Z10="Probable",AB10="Menor")),"Moderado",IF(OR(AND(Z10="Rara vez",AB10="Mayor"),AND(Z10="Improbable",AB10="Mayor"),AND(Z10="Posible",AB10="Mayor"),AND(Z10="Probable",AB10="Moderado"),AND(Z10="Probable",AB10="Mayor"),AND(Z10="Casi Seguro",AB10="Leve"),AND(Z10="Casi Seguro",AB10="Menor"),AND(Z10="Casi Seguro",AB10="Moderado"),AND(Z10="Casi Seguro",AB10="Mayor")),"Alto",IF(OR(AND(Z10="Rara vez",AB10="Catastrófico"),AND(Z10="Improbable",AB10="Catastrófico"),AND(Z10="Posible",AB10="Catastrófico"),AND(Z10="Probable",AB10="Catastrófico"),AND(Z10="Casi Seguro",AB10="Catastrófico")),"Extremo","")))),"") -> Moderado | AE10: Reducir (mitigar) | AF10: Realizar la actualización del documento "guía metodológica para la actualización y mejora documental del SIG". | AG10: Liliana Sofia Navas Profesional Especializado II | AH10: 45565 | AJ10: 45596 | AK10: En curso
L11: =IF(NOT(ISERROR(MATCH(K11,_xlfn.ANCHORARRAY(G22),0))),J24&"Por favor no seleccionar los criterios de impacto",K11) -> 0 | P11: 4 | R11: =IF(OR(S11="Preventivo",S11="Detectivo"),"Probabilidad",IF(S11="Correctivo","Impacto","")) | U11: =IF(AND(S11="Preventivo",T11="Automático"),"50%",IF(AND(S11="Preventivo",T11="Manual"),"40%",IF(AND(S11="Detectivo",T11="Automático"),"40%",IF(AND(S11="Detectivo",T11="Manual"),"30%",IF(AND(S11="Correctivo",T11="Automático"),"35%",IF(AND(S11="Correctivo",T11="Manual"),"25%","")))))) | Y11: =IFERROR(IF(AND(R10="Probabilidad",R11="Probabilidad"),(AA10-(+AA10*U11)),IF(AND(R10="Impacto",R11="Probabilidad"),(AA9-(+AA9*U11)),IF(R11="Impacto",AA10,""))),"") | Z11: =IFERROR(IF(Y11="","",IF(Y11<=0.2,"Muy Baja",IF(Y11<=0.4,"Baja",IF(Y11<=0.6,"Media",IF(Y11<=0.8,"Alta","Muy Alta"))))),"") | AA11: =+Y11 | AB11: =IFERROR(IF(AC11="","",IF(AC11<=0.2,"Leve",IF(AC11<=0.4,"Menor",IF(AC11<=0.6,"Moderado",IF(AC11<=0.8,"Mayor","Catastrófico"))))),"") | AC11: =IFERROR(IF(AND(R10="Impacto",R11="Impacto"),(AC10-(+AC10*U11)),IF(AND(R10="Probabilidad",R11="Impacto"),(AC9-(+AC9*U11)),IF(R11="Probabilidad",AC10,""))),"") | AD11: =IFERROR(IF(OR(AND(Z11="Muy Baja",AB11="Leve"),AND(Z11="Muy Baja",AB11="Menor"),AND(Z11="Baja",AB11="Leve")),"Bajo",IF(OR(AND(Z11="Muy baja",AB11="Moderado"),AND(Z11="Baja",AB11="Menor"),AND(Z11="Baja",AB11="Moderado"),AND(Z11="Media",AB11="Leve"),AND(Z11="Media",AB11="Menor"),AND(Z11="Media",AB11="Moderado"),AND(Z11="Alta",AB11="Leve"),AND(Z11="Alta",AB11="Menor")),"Moderado",IF(OR(AND(Z11="Muy Baja",AB11="Mayor"),AND(Z11="Baja",AB11="Mayor"),AND(Z11="Media",AB11="Mayor"),AND(Z11="Alta",AB11="Moderado"),AND(Z11="Alta",AB11="Mayor"),AND(Z11="Muy Alta",AB11="Leve"),AND(Z11="Muy Alta",AB11="Menor"),AND(Z11="Muy Alta",AB11="Moderado"),AND(Z11="Muy Alta",AB11="Mayor")),"Alto",IF(OR(AND(Z11="Muy Baja",AB11="Catastrófico"),AND(Z11="Baja",AB11="Catastrófico"),AND(Z11="Media",AB11="Catastrófico"),AND(Z11="Alta",AB11="Catastrófico"),AND(Z11="Muy Alta",AB11="Catastrófico")),"Extremo","")))),"")
L12: =IF(NOT(ISERROR(MATCH(K12,_xlfn.ANCHORARRAY(G23),0))),J25&"Por favor no seleccionar los criterios de impacto",K12) -> 0 | P12: 5 | R12: =IF(OR(S12="Preventivo",S12="Detectivo"),"Probabilidad",IF(S12="Correctivo","Impacto","")) | U12: =IF(AND(S12="Preventivo",T12="Automático"),"50%",IF(AND(S12="Preventivo",T12="Manual"),"40%",IF(AND(S12="Detectivo",T12="Automático"),"40%",IF(AND(S12="Detectivo",T12="Manual"),"30%",IF(AND(S12="Correctivo",T12="Automático"),"35%",IF(AND(S12="Correctivo",T12="Manual"),"25%","")))))) | Y12: =IFERROR(IF(AND(R11="Probabilidad",R12="Probabilidad"),(AA11-(+AA11*U12)),IF(AND(R11="Impacto",R12="Probabilidad"),(AA10-(+AA10*U12)),IF(R12="Impacto",AA11,""))),"") | Z12: =IFERROR(IF(Y12="","",IF(Y12<=0.2,"Rara vez",IF(Y12<=0.4,"Improbable",IF(Y12<=0.6,"Posible",IF(Y12<=0.8,"Probable","Casi Seguro"))))),"") | AA12: =+Y12 | AB12: =IFERROR(IF(AC12="","",IF(AC12<=0.6,"Moderado",IF(AC12<=0.8,"Mayor","Catastrófico"))),"") | AC12: =IFERROR(IF(AND(R11="Impacto",R12="Impacto"),(AC11-(+AC11*U12)),IF(AND(R11="Probabilidad",R12="Impacto"),(AC10-(+AC10*U12)),IF(R12="Probabilidad",AC11,""))),"") | AD12: =IFERROR(IF(OR(AND(Z12="Muy Baja",AB12="Leve"),AND(Z12="Muy Baja",AB12="Menor"),AND(Z12="Baja",AB12="Leve")),"Bajo",IF(OR(AND(Z12="Muy baja",AB12="Moderado"),AND(Z12="Baja",AB12="Menor"),AND(Z12="Baja",AB12="Moderado"),AND(Z12="Media",AB12="Leve"),AND(Z12="Media",AB12="Menor"),AND(Z12="Media",AB12="Moderado"),AND(Z12="Alta",AB12="Leve"),AND(Z12="Alta",AB12="Menor")),"Moderado",IF(OR(AND(Z12="Muy Baja",AB12="Mayor"),AND(Z12="Baja",AB12="Mayor"),AND(Z12="Media",AB12="Mayor"),AND(Z12="Alta",AB12="Moderado"),AND(Z12="Alta",AB12="Mayor"),AND(Z12="Muy Alta",AB12="Leve"),AND(Z12="Muy Alta",AB12="Menor"),AND(Z12="Muy Alta",AB12="Moderado"),AND(Z12="Muy Alta",AB12="Mayor")),"Alto",IF(OR(AND(Z12="Muy Baja",AB12="Catastrófico"),AND(Z12="Baja",AB12="Catastrófico"),AND(Z12="Media",AB12="Catastrófico"),AND(Z12="Alta",AB12="Catastrófico"),AND(Z12="Muy Alta",AB12="Catastrófico")),"Extremo","")))),"")
L13: =IF(NOT(ISERROR(MATCH(K13,_xlfn.ANCHORARRAY(G24),0))),J26&"Por favor no seleccionar los criterios de impacto",K13) -> 0 | P13: 6 | R13: =IF(OR(S13="Preventivo",S13="Detectivo"),"Probabilidad",IF(S13="Correctivo","Impacto","")) | U13: =IF(AND(S13="Preventivo",T13="Automático"),"50%",IF(AND(S13="Preventivo",T13="Manual"),"40%",IF(AND(S13="Detectivo",T13="Automático"),"40%",IF(AND(S13="Detectivo",T13="Manual"),"30%",IF(AND(S13="Correctivo",T13="Automático"),"35%",IF(AND(S13="Correctivo",T13="Manual"),"25%","")))))) | Y13: =IFERROR(IF(AND(R12="Probabilidad",R13="Probabilidad"),(AA12-(+AA12*U13)),IF(AND(R12="Impacto",R13="Probabilidad"),(AA11-(+AA11*U13)),IF(R13="Impacto",AA12,""))),"") | Z13: =IFERROR(IF(Y13="","",IF(Y13<=0.2,"Rara vez",IF(Y13<=0.4,"Improbable",IF(Y13<=0.6,"Posible",IF(Y13<=0.8,"Probable","Casi Seguro"))))),"") | AA13: =+Y13 | AB13: =IFERROR(IF(AC13="","",IF(AC13<=0.6,"Moderado",IF(AC13<=0.8,"Mayor","Catastrófico"))),"") | AC13: =IFERROR(IF(AND(R12="Impacto",R13="Impacto"),(AC12-(+AC12*U13)),IF(AND(R12="Probabilidad",R13="Impacto"),(AC11-(+AC11*U13)),IF(R13="Probabilidad",AC12,""))),"") | AD13: =IFERROR(IF(OR(AND(Z13="Muy Baja",AB13="Leve"),AND(Z13="Muy Baja",AB13="Menor"),AND(Z13="Baja",AB13="Leve")),"Bajo",IF(OR(AND(Z13="Muy baja",AB13="Moderado"),AND(Z13="Baja",AB13="Menor"),AND(Z13="Baja",AB13="Moderado"),AND(Z13="Media",AB13="Leve"),AND(Z13="Media",AB13="Menor"),AND(Z13="Media",AB13="Moderado"),AND(Z13="Alta",AB13="Leve"),AND(Z13="Alta",AB13="Menor")),"Moderado",IF(OR(AND(Z13="Muy Baja",AB13="Mayor"),AND(Z13="Baja",AB13="Mayor"),AND(Z13="Media",AB13="Mayor"),AND(Z13="Alta",AB13="Moderado"),AND(Z13="Alta",AB13="Mayor"),AND(Z13="Muy Alta",AB13="Leve"),AND(Z13="Muy Alta",AB13="Menor"),AND(Z13="Muy Alta",AB13="Moderado"),AND(Z13="Muy Alta",AB13="Mayor")),"Alto",IF(OR(AND(Z13="Muy Baja",AB13="Catastrófico"),AND(Z13="Baja",AB13="Catastrófico"),AND(Z13="Media",AB13="Catastrófico"),AND(Z13="Alta",AB13="Catastrófico"),AND(Z13="Muy Alta",AB13="Catastrófico")),"Extremo","")))),"")
B14: RC-RR-1 | C14: Recepción y Registro | D14: Posibilidad de recibir o solicitar cualquier dádiva o beneficio a nombre propio o de terceros, con el fin de alterar o manipular ilegalmente la información de los activos recibidos que puedan afectar su potencial de productividad | E14: Riesgo de Corrupción | F14: No verificar los datos del activo recibido con los registros fotográficos y/o soportes brindados por los entes judiciales en diligencia de recepción. No validar al momento del registro del activo en el sistema de información los datos generados en la diligencia de recepción y/o soportes brindados por los entes judiciales. Delegación de diligencias de recepción de activos en pocos o los mismos colaboradores | G14: 1) Pérdida de imagen reputacional y credibilidad institucional 2) Implicaciones a nivel penal, disciplinario, fiscal o sancionatorio 3) Disminución en posibles ganancias por productividad del activo 4) Administración inadecuada de los activos recibidos | H14: No se ha presentado en los últimos 5 años | I14: =IF(H14<=0,"",IF(H14="No se ha presentado en los últimos 5 años","Rara vez",IF(H14="Al menos 1 vez en los últimos 5 años","Improbable",IF(H14="Al menos 1 vez en los últimos 2 años","Posible",IF(H14="Al menos 1 vez en el último año","Probable",IF(H14="Más de 1 vez al año","Casi Seguro")))))) -> Rara vez | J14: =IF(I14="","",IF(I14="Rara vez",0.2,IF(I14="Improbable",0.4,IF(I14="Posible",0.6,IF(I14="Probable",0.8,IF(I14="Casi Seguro",1,)))))) -> 0.2 | K14: Responder afirmativamente de DOCE a DIECINUEVE | L14: =IF(NOT(ISERROR(MATCH(K14,'[2]Tabla Impacto'!$B$220:$B$222,0))),'[2]Tabla Impacto'!$F$222&"Por favor no seleccionar los criterios de impacto(Criterios para calificar el impacto)",K14) -> Responder afirmativamente de DOCE a DIECINUEVE | M14: =IF(OR(L14='[2]Tabla Impacto'!$C$5),"Moderado",IF(OR(L14='[2]Tabla Impacto'!$C$6),"Mayor",IF(OR(L14='[2]Tabla Impacto'!$C$7),"Catastrófico",""))) -> Catastrófico | N14: =IF(M14="","",IF(M14="Leve",0.2,IF(M14="Menor",0.4,IF(M14="Moderado",0.6,IF(M14="Mayor",0.8,IF(M14="Catastrófico",1,)))))) -> 1 | O14: =IF(OR(AND(I14="Rara vez",M14="Leve"),AND(I14="Rara vez",M14="Menor"),AND(I14="Improbable",M14="Leve")),"Bajo",IF(OR(AND(I14="Rara vez",M14="Moderado"),AND(I14="Improbable",M14="Menor"),AND(I14="Improbable",M14="Moderado"),AND(I14="Posible",M14="Leve"),AND(I14="Posible",M14="Menor"),AND(I14="Posible",M14="Moderado"),AND(I14="Probable",M14="Leve"),AND(I14="Probable",M14="Menor")),"Moderado",IF(OR(AND(I14="Rara vez",M14="Mayor"),AND(I14="Improbable",M14="Mayor"),AND(I14="Posible",M14="Mayor"),AND(I14="Probable",M14="Moderado"),AND(I14="Probable",M14="Mayor"),AND(I14="Casi Seguro",M14="Leve"),AND(I14="Casi Seguro",M14="Menor"),AND(I14="Casi Seguro",M14="Moderado"),AND(I14="Casi Seguro",M14="Mayor")),"Alto",IF(OR(AND(I14="Rara vez",M14="Catastrófico"),AND(I14="Improbable",M14="Catastrófico"),AND(I14="Posible",M14="Catastrófico"),AND(I14="Probable",M14="Catastrófico"),AND(I14="Casi Seguro",M14="Catastrófico")),"Extremo","")))) -> Extremo | P14: 1 | Q14: El funcionario delegado del Dirección de Control del inventario, cada vez que se reciba un activo, validará las condiciones del bien registrándolas en el "Acta de Recepción y/o entrega en sitio" lo cual debe ser concordante con el registro fotográfico de los activos, adicionalmente verificará que la información a registrar en el aplicativo SIGMA SAE coincida con los soportes físicos entregados por parte de la FGN y/o descritos en la recepción del bien, garantizando el cumplimiento de todos soportes obligatorios. En caso de presentarse inconsistencias se solicita al responsable de la recepción subsanar las mismas para completar el registro. Como evidencia del control queda la base de subsanaciones. | R14: =IF(OR(S14="Preventivo",S14="Detectivo"),"Probabilidad",IF(S14="Correctivo","Impacto","")) -> Probabilidad | S14: Preventivo | T14: Manual | U14: =IF(AND(S14="Preventivo",T14="Automático"),"50%",IF(AND(S14="Preventivo",T14="Manual"),"40%",IF(AND(S14="Detectivo",T14="Automático"),"40%",IF(AND(S14="Detectivo",T14="Manual"),"30%",IF(AND(S14="Correctivo",T14="Automático"),"35%",IF(AND(S14="Correctivo",T14="Manual"),"25%","")))))) -> 40% | V14: Documentado | W14: Continua | X14: Con Registro | Y14: =IFERROR(IF(R14="Probabilidad",(J14-(+J14*U14)),IF(R14="Impacto",J14,"")),"") -> 0.12 | Z14: =IFERROR(IF(Y14="","",IF(Y14<=0.2,"Rara vez",IF(Y14<=0.4,"Improbable",IF(Y14<=0.6,"Posible",IF(Y14<=0.8,"Probable","Casi Seguro"))))),"") -> Rara vez | AA14: =+Y14 -> 0.12 | AB14: =IFERROR(IF(AC14="","",IF(AC14<=0.6,"Moderado",IF(AC14<=0.8,"Mayor","Catastrófico"))),"") -> Catastrófico | AC14: =IFERROR(IF(R14="Impacto",(N14-(+N14*U14)),IF(R14="Probabilidad",N14,"")),"") -> 1 | AD14: =IFERROR(IF(OR(AND(Z14="Rara vez",AB14="Leve"),AND(Z14="Rara vez",AB14="Menor"),AND(Z14="Improbable",AB14="Leve")),"Bajo",IF(OR(AND(Z14="Rara vez",AB14="Moderado"),AND(Z14="Improbable",AB14="Menor"),AND(Z14="Improbable",AB14="Moderado"),AND(Z14="Posible",AB14="Leve"),AND(Z14="Posible",AB14="Menor"),AND(Z14="Posible",AB14="Moderado"),AND(Z14="Probable",AB14="Leve"),AND(Z14="Probable",AB14="Menor")),"Moderado",IF(OR(AND(Z14="Rara vez",AB14="Mayor"),AND(Z14="Improbable",AB14="Mayor"),AND(Z14="Posible",AB14="Mayor"),AND(Z14="Probable",AB14="Moderado"),AND(Z14="Probable",AB14="Mayor"),AND(Z14="Casi Seguro",AB14="Leve"),AND(Z14="Casi Seguro",AB14="Menor"),AND(Z14="Casi Seguro",AB14="Moderado"),AND(Z14="Casi Seguro",AB14="Mayor")),"Alto",IF(OR(AND(Z14="Rara vez",AB14="Catastrófico"),AND(Z14="Improbable",AB14="Catastrófico"),AND(Z14="Posible",AB14="Catastrófico"),AND(Z14="Probable",AB14="Catastrófico"),AND(Z14="Casi Seguro",AB14="Catastrófico")),"Extremo","")))),"") -> Extremo | AL14: 44917 | AM14: Monitoreado | AN14: =+O14 -> Extremo | AO14: =+AD16 -> Alto
L15: =IF(NOT(ISERROR(MATCH(K15,_xlfn.ANCHORARRAY(G26),0))),J28&"Por favor no seleccionar los criterios de impacto",K15) -> 0 | P15: 2 | Q15: El enlace operativo de la Dirección de control del inventario validará, cada vez que sea necesario, el recurso humano idóneo a asignar para las diligencias de recepción de activos según las cantidades registradas e informadas, siguiendo los criterios de la política frente a asignación de recurso humano, y dejando registro de la información de los delegados para la recepción del activo en el aplicativo y en correo informando a la Dirección de Nivel Central. Como evidencia queda la información registrada en el informe consolidado de diligencias de secuestro. | R15: =IF(OR(S15="Preventivo",S15="Detectivo"),"Probabilidad",IF(S15="Correctivo","Impacto","")) -> Probabilidad | S15: Preventivo | T15: Manual | U15: =IF(AND(S15="Preventivo",T15="Automático"),"50%",IF(AND(S15="Preventivo",T15="Manual"),"40%",IF(AND(S15="Detectivo",T15="Automático"),"40%",IF(AND(S15="Detectivo",T15="Manual"),"30%",IF(AND(S15="Correctivo",T15="Automático"),"35%",IF(AND(S15="Correctivo",T15="Manual"),"25%","")))))) -> 40% | V15: Documentado | W15: Continua | X15: Con Registro | Y15: =IFERROR(IF(AND(R14="Probabilidad",R15="Probabilidad"),(AA14-(+AA14*U15)),IF(R15="Probabilidad",(J14-(+J14*U15)),IF(R15="Impacto",AA14,""))),"") -> 0.072 | Z15: =IFERROR(IF(Y15="","",IF(Y15<=0.2,"Rara vez",IF(Y15<=0.4,"Improbable",IF(Y15<=0.6,"Posible",IF(Y15<=0.8,"Probable","Casi Seguro"))))),"") -> Rara vez | AA15: =+Y15 -> 0.072 | AB15: =IFERROR(IF(AC15="","",IF(AC15<=0.6,"Moderado",IF(AC15<=0.8,"Mayor","Catastrófico"))),"") -> Catastrófico | AC15: =IFERROR(IF(AND(R14="Impacto",R15="Impacto"),(AC14-(+AC14*U15)),IF(R15="Impacto",(N14-(+N14*U15)),IF(R15="Probabilidad",AC14,""))),"") -> 1 | AD15: =IFERROR(IF(OR(AND(Z15="Rara vez",AB15="Leve"),AND(Z15="Rara vez",AB15="Menor"),AND(Z15="Improbable",AB15="Leve")),"Bajo",IF(OR(AND(Z15="Rara vez",AB15="Moderado"),AND(Z15="Improbable",AB15="Menor"),AND(Z15="Improbable",AB15="Moderado"),AND(Z15="Posible",AB15="Leve"),AND(Z15="Posible",AB15="Menor"),AND(Z15="Posible",AB15="Moderado"),AND(Z15="Probable",AB15="Leve"),AND(Z15="Probable",AB15="Menor")),"Moderado",IF(OR(AND(Z15="Rara vez",AB15="Mayor"),AND(Z15="Improbable",AB15="Mayor"),AND(Z15="Posible",AB15="Mayor"),AND(Z15="Probable",AB15="Moderado"),AND(Z15="Probable",AB15="Mayor"),AND(Z15="Casi Seguro",AB15="Leve"),AND(Z15="Casi Seguro",AB15="Menor"),AND(Z15="Casi Seguro",AB15="Moderado"),AND(Z15="Casi Seguro",AB15="Mayor")),"Alto",IF(OR(AND(Z15="Rara vez",AB15="Catastrófico"),AND(Z15="Improbable",AB15="Catastrófico"),AND(Z15="Posible",AB15="Catastrófico"),AND(Z15="Probable",AB15="Catastrófico"),AND(Z15="Casi Seguro",AB15="Catastrófico")),"Extremo","")))),"") -> Extremo
L16: =IF(NOT(ISERROR(MATCH(K16,_xlfn.ANCHORARRAY(G27),0))),J29&"Por favor no seleccionar los criterios de impacto",K16) -> 0 | P16: 3 | Q16: La Dirección de control del inventario, en caso presentarse una alteración o manipulación inadecuada de la información de los activos recibidos, notificará a la Dirección de Talento Humano y a las demás áreas pertinentes, con el fin de iniciar los procesos disciplinarios a los que haya lugar. Como Evidencia quedará el correo de comunicación. | R16: =IF(OR(S16="Preventivo",S16="Detectivo"),"Probabilidad",IF(S16="Correctivo","Impacto","")) -> Impacto | S16: Correctivo | T16: Manual | U16: =IF(AND(S16="Preventivo",T16="Automático"),"50%",IF(AND(S16="Preventivo",T16="Manual"),"40%",IF(AND(S16="Detectivo",T16="Automático"),"40%",IF(AND(S16="Detectivo",T16="Manual"),"30%",IF(AND(S16="Correctivo",T16="Automático"),"35%",IF(AND(S16="Correctivo",T16="Manual"),"25%","")))))) -> 25% | V16: Documentado | W16: Continua | X16: Con Registro | Y16: =IFERROR(IF(AND(R15="Probabilidad",R16="Probabilidad"),(AA15-(+AA15*U16)),IF(AND(R15="Impacto",R16="Probabilidad"),(AA14-(+AA14*U16)),IF(R16="Impacto",AA15,""))),"") -> 0.072 | Z16: =IFERROR(IF(Y16="","",IF(Y16<=0.2,"Rara vez",IF(Y16<=0.4,"Improbable",IF(Y16<=0.6,"Posible",IF(Y16<=0.8,"Probable","Casi Seguro"))))),"") -> Rara vez | AA16: =+Y16 -> 0.072 | AB16: =IFERROR(IF(AC16="","",IF(AC16<=0.6,"Moderado",IF(AC16<=0.8,"Mayor","Catastrófico"))),"") -> Mayor | AC16: =IFERROR(IF(AND(R15="Impacto",R16="Impacto"),(AC15-(+AC15*U16)),IF(AND(R15="Probabilidad",R16="Impacto"),(AC14-(+AC14*U16)),IF(R16="Probabilidad",AC15,""))),"") -> 0.75 | AD16: =IFERROR(IF(OR(AND(Z16="Rara vez",AB16="Leve"),AND(Z16="Rara vez",AB16="Menor"),AND(Z16="Improbable",AB16="Leve")),"Bajo",IF(OR(AND(Z16="Rara vez",AB16="Moderado"),AND(Z16="Improbable",AB16="Menor"),AND(Z16="Improbable",AB16="Moderado"),AND(Z16="Posible",AB16="Leve"),AND(Z16="Posible",AB16="Menor"),AND(Z16="Posible",AB16="Moderado"),AND(Z16="Probable",AB16="Leve"),AND(Z16="Probable",AB16="Menor")),"Moderado",IF(OR(AND(Z16="Rara vez",AB16="Mayor"),AND(Z16="Improbable",AB16="Mayor"),AND(Z16="Posible",AB16="Mayor"),AND(Z16="Probable",AB16="Moderado"),AND(Z16="Probable",AB16="Mayor"),AND(Z16="Casi Seguro",AB16="Leve"),AND(Z16="Casi Seguro",AB16="Menor"),AND(Z16="Casi Seguro",AB16="Moderado"),AND(Z16="Casi Seguro",AB16="Mayor")),"Alto",IF(OR(AND(Z16="Rara vez",AB16="Catastrófico"),AND(Z16="Improbable",AB16="Catastrófico"),AND(Z16="Posible",AB16="Catastrófico"),AND(Z16="Probable",AB16="Catastrófico"),AND(Z16="Casi Seguro",AB16="Catastrófico")),"Extremo","")))),"") -> Alto | AE16: Reducir (mitigar) | AF16: Realizar actualización de los procedimientos de la dirección con el fin de incluir los controles contemplados para el riesgo. | AG16: Dirección de control del Inventario. | AH16: 45657 | AI16: 45688 | AK16: En curso
L17: =IF(NOT(ISERROR(MATCH(K17,_xlfn.ANCHORARRAY(G28),0))),J30&"Por favor no seleccionar los criterios de impacto",K17) -> 0 | P17: 4 | R17: =IF(OR(S17="Preventivo",S17="Detectivo"),"Probabilidad",IF(S17="Correctivo","Impacto","")) | U17: =IF(AND(S17="Preventivo",T17="Automático"),"50%",IF(AND(S17="Preventivo",T17="Manual"),"40%",IF(AND(S17="Detectivo",T17="Automático"),"40%",IF(AND(S17="Detectivo",T17="Manual"),"30%",IF(AND(S17="Correctivo",T17="Automático"),"35%",IF(AND(S17="Correctivo",T17="Manual"),"25%","")))))) | Y17: =IFERROR(IF(AND(R16="Probabilidad",R17="Probabilidad"),(AA16-(+AA16*U17)),IF(AND(R16="Impacto",R17="Probabilidad"),(AA15-(+AA15*U17)),IF(R17="Impacto",AA16,""))),"") | Z17: =IFERROR(IF(Y17="","",IF(Y17<=0.2,"Rara vez",IF(Y17<=0.4,"Improbable",IF(Y17<=0.6,"Posible",IF(Y17<=0.8,"Probable","Casi Seguro"))))),"") | AA17: =+Y17 | AB17: =IFERROR(IF(AC17="","",IF(AC17<=0.6,"Moderado",IF(AC17<=0.8,"Mayor","Catastrófico"))),"") | AC17: =IFERROR(IF(AND(R16="Impacto",R17="Impacto"),(AC16-(+AC16*U17)),IF(AND(R16="Probabilidad",R17="Impacto"),(AC15-(+AC15*U17)),IF(R17="Probabilidad",AC16,""))),"") | AD17: =IFERROR(IF(OR(AND(Z17="Rara vez",AB17="Leve"),AND(Z17="Rara vez",AB17="Menor"),AND(Z17="Improbable",AB17="Leve")),"Bajo",IF(OR(AND(Z17="Rara vez",AB17="Moderado"),AND(Z17="Improbable",AB17="Menor"),AND(Z17="Improbable",AB17="Moderado"),AND(Z17="Posible",AB17="Leve"),AND(Z17="Posible",AB17="Menor"),AND(Z17="Posible",AB17="Moderado"),AND(Z17="Probable",AB17="Leve"),AND(Z17="Probable",AB17="Menor")),"Moderado",IF(OR(AND(Z17="Rara vez",AB17="Mayor"),AND(Z17="Improbable",AB17="Mayor"),AND(Z17="Posible",AB17="Mayor"),AND(Z17="Probable",AB17="Moderado"),AND(Z17="Probable",AB17="Mayor"),AND(Z17="Casi Seguro",AB17="Leve"),AND(Z17="Casi Seguro",AB17="Menor"),AND(Z17="Casi Seguro",AB17="Moderado"),AND(Z17="Casi Seguro",AB17="Mayor")),"Alto",IF(OR(AND(Z17="Rara vez",AB17="Catastrófico"),AND(Z17="Improbable",AB17="Catastrófico"),AND(Z17="Posible",AB17="Catastrófico"),AND(Z17="Probable",AB17="Catastrófico"),AND(Z17="Casi Seguro",AB17="Catastrófico")),"Extremo","")))),"")
L18: =IF(NOT(ISERROR(MATCH(K18,_xlfn.ANCHORARRAY(G29),0))),J31&"Por favor no seleccionar los criterios de impacto",K18) -> 0 | P18: 5 | R18: =IF(OR(S18="Preventivo",S18="Detectivo"),"Probabilidad",IF(S18="Correctivo","Impacto","")) | U18: =IF(AND(S18="Preventivo",T18="Automático"),"50%",IF(AND(S18="Preventivo",T18="Manual"),"40%",IF(AND(S18="Detectivo",T18="Automático"),"40%",IF(AND(S18="Detectivo",T18="Manual"),"30%",IF(AND(S18="Correctivo",T18="Automático"),"35%",IF(AND(S18="Correctivo",T18="Manual"),"25%","")))))) | Y18: =IFERROR(IF(AND(R17="Probabilidad",R18="Probabilidad"),(AA17-(+AA17*U18)),IF(AND(R17="Impacto",R18="Probabilidad"),(AA16-(+AA16*U18)),IF(R18="Impacto",AA17,""))),"") | Z18: =IFERROR(IF(Y18="","",IF(Y18<=0.2,"Rara vez",IF(Y18<=0.4,"Improbable",IF(Y18<=0.6,"Posible",IF(Y18<=0.8,"Probable","Casi Seguro"))))),"") | AA18: =+Y18 | AB18: =IFERROR(IF(AC18="","",IF(AC18<=0.6,"Moderado",IF(AC18<=0.8,"Mayor","Catastrófico"))),"") | AC18: =IFERROR(IF(AND(R17="Impacto",R18="Impacto"),(AC17-(+AC17*U18)),IF(AND(R17="Probabilidad",R18="Impacto"),(AC16-(+AC16*U18)),IF(R18="Probabilidad",AC17,""))),"") | AD18: =IFERROR(IF(OR(AND(Z18="Rara vez",AB18="Leve"),AND(Z18="Rara vez",AB18="Menor"),AND(Z18="Improbable",AB18="Leve")),"Bajo",IF(OR(AND(Z18="Rara vez",AB18="Moderado"),AND(Z18="Improbable",AB18="Menor"),AND(Z18="Improbable",AB18="Moderado"),AND(Z18="Posible",AB18="Leve"),AND(Z18="Posible",AB18="Menor"),AND(Z18="Posible",AB18="Moderado"),AND(Z18="Probable",AB18="Leve"),AND(Z18="Probable",AB18="Menor")),"Moderado",IF(OR(AND(Z18="Rara vez",AB18="Mayor"),AND(Z18="Improbable",AB18="Mayor"),AND(Z18="Posible",AB18="Mayor"),AND(Z18="Probable",AB18="Moderado"),AND(Z18="Probable",AB18="Mayor"),AND(Z18="Casi Seguro",AB18="Leve"),AND(Z18="Casi Seguro",AB18="Menor"),AND(Z18="Casi Seguro",AB18="Moderado"),AND(Z18="Casi Seguro",AB18="Mayor")),"Alto",IF(OR(AND(Z18="Rara vez",AB18="Catastrófico"),AND(Z18="Improbable",AB18="Catastrófico"),AND(Z18="Posible",AB18="Catastrófico"),AND(Z18="Probable",AB18="Catastrófico"),AND(Z18="Casi Seguro",AB18="Catastrófico")),"Extremo","")))),"")
L19: =IF(NOT(ISERROR(MATCH(K19,_xlfn.ANCHORARRAY(G30),0))),J32&"Por favor no seleccionar los criterios de impacto",K19) -> 0 | P19: 6 | R19: =IF(OR(S19="Preventivo",S19="Detectivo"),"Probabilidad",IF(S19="Correctivo","Impacto","")) | U19: =IF(AND(S19="Preventivo",T19="Automático"),"50%",IF(AND(S19="Preventivo",T19="Manual"),"40%",IF(AND(S19="Detectivo",T19="Automático"),"40%",IF(AND(S19="Detectivo",T19="Manual"),"30%",IF(AND(S19="Correctivo",T19="Automático"),"35%",IF(AND(S19="Correctivo",T19="Manual"),"25%","")))))) | Y19: =IFERROR(IF(AND(R18="Probabilidad",R19="Probabilidad"),(AA18-(+AA18*U19)),IF(AND(R18="Impacto",R19="Probabilidad"),(AA17-(+AA17*U19)),IF(R19="Impacto",AA18,""))),"") | Z19: =IFERROR(IF(Y19="","",IF(Y19<=0.2,"Rara vez",IF(Y19<=0.4,"Improbable",IF(Y19<=0.6,"Posible",IF(Y19<=0.8,"Probable","Casi Seguro"))))),"") | AA19: =+Y19 | AB19: =IFERROR(IF(AC19="","",IF(AC19<=0.6,"Moderado",IF(AC19<=0.8,"Mayor","Catastrófico"))),"") | AC19: =IFERROR(IF(AND(R18="Impacto",R19="Impacto"),(AC18-(+AC18*U19)),IF(AND(R18="Probabilidad",R19="Impacto"),(AC17-(+AC17*U19)),IF(R19="Probabilidad",AC18,""))),"") | AD19: =IFERROR(IF(OR(AND(Z19="Rara vez",AB19="Leve"),AND(Z19="Rara vez",AB19="Menor"),AND(Z19="Improbable",AB19="Leve")),"Bajo",IF(OR(AND(Z19="Rara vez",AB19="Moderado"),AND(Z19="Improbable",AB19="Menor"),AND(Z19="Improbable",AB19="Moderado"),AND(Z19="Posible",AB19="Leve"),AND(Z19="Posible",AB19="Menor"),AND(Z19="Posible",AB19="Moderado"),AND(Z19="Probable",AB19="Leve"),AND(Z19="Probable",AB19="Menor")),"Moderado",IF(OR(AND(Z19="Rara vez",AB19="Mayor"),AND(Z19="Improbable",AB19="Mayor"),AND(Z19="Posible",AB19="Mayor"),AND(Z19="Probable",AB19="Moderado"),AND(Z19="Probable",AB19="Mayor"),AND(Z19="Casi Seguro",AB19="Leve"),AND(Z19="Casi Seguro",AB19="Menor"),AND(Z19="Casi Seguro",AB19="Moderado"),AND(Z19="Casi Seguro",AB19="Mayor")),"Alto",IF(OR(AND(Z19="Rara vez",AB19="Catastrófico"),AND(Z19="Improbable",AB19="Catastrófico"),AND(Z19="Posible",AB19="Catastrófico"),AND(Z19="Probable",AB19="Catastrófico"),AND(Z19="Casi Seguro",AB19="Catastrófico")),"Extremo","")))),"")
B20: RC-GA-1 | C20: Gestión Administrativa | D20: Posibilidad de recibir dádivas o beneficios a nombre propio o de terceros por la sustracción de bienes devolutivos de la Entidad. | E20: Riesgo de Corrupción | F20: Conducta no ética de funcionario o contratista por la sustracción de bienes muebles para beneficio propio o de un tercero | G20: Afectación de la Imagen Institucional Afectación de la ejecución presupuestal Investigaciones penales, fiscales o disciplinarias Requerimientos o sanciones por parte de un Ente de control | H20: No se ha presentado en los últimos 5 años | I20: =IF(H20<=0,"",IF(H20="No se ha presentado en los últimos 5 años","Rara vez",IF(H20="Al menos 1 vez en los últimos 5 años","Improbable",IF(H20="Al menos 1 vez en los últimos 2 años","Posible",IF(H20="Al menos 1 vez en el último año","Probable",IF(H20="Más de 1 vez al año","Casi Seguro")))))) -> Rara vez | J20: =IF(I20="","",IF(I20="Rara vez",0.2,IF(I20="Improbable",0.4,IF(I20="Posible",0.6,IF(I20="Probable",0.8,IF(I20="Casi Seguro",1,)))))) -> 0.2 | K20: Responder afirmativamente de SEIS a ONCE | L20: =IF(NOT(ISERROR(MATCH(K20,'[3]Tabla Impacto'!$B$220:$B$222,0))),'[3]Tabla Impacto'!$F$222&"Por favor no seleccionar los criterios de impacto(Criterios para calificar el impacto)",K20) -> Responder afirmativamente de SEIS a ONCE | M20: =IF(OR(L20='[3]Tabla Impacto'!$C$5),"Moderado",IF(OR(L20='[3]Tabla Impacto'!$C$6),"Mayor",IF(OR(L20='[3]Tabla Impacto'!$C$7),"Catastrófico",""))) -> Mayor | N20: =IF(M20="","",IF(M20="Leve",0.2,IF(M20="Menor",0.4,IF(M20="Moderado",0.6,IF(M20="Mayor",0.8,IF(M20="Catastrófico",1,)))))) -> 0.8 | O20: =IF(OR(AND(I20="Rara vez",M20="Leve"),AND(I20="Rara vez",M20="Menor"),AND(I20="Improbable",M20="Leve")),"Bajo",IF(OR(AND(I20="Rara vez",M20="Moderado"),AND(I20="Improbable",M20="Menor"),AND(I20="Improbable",M20="Moderado"),AND(I20="Posible",M20="Leve"),AND(I20="Posible",M20="Menor"),AND(I20="Posible",M20="Moderado"),AND(I20="Probable",M20="Leve"),AND(I20="Probable",M20="Menor")),"Moderado",IF(OR(AND(I20="Rara vez",M20="Mayor"),AND(I20="Improbable",M20="Mayor"),AND(I20="Posible",M20="Mayor"),AND(I20="Probable",M20="Moderado"),AND(I20="Probable",M20="Mayor"),AND(I20="Casi Seguro",M20="Leve"),AND(I20="Casi Seguro",M20="Menor"),AND(I20="Casi Seguro",M20="Moderado"),AND(I20="Casi Seguro",M20="Mayor")),"Alto",IF(OR(AND(I20="Rara vez",M20="Catastrófico"),AND(I20="Improbable",M20="Catastrófico"),AND(I20="Posible",M20="Catastrófico"),AND(I20="Probable",M20="Catastrófico"),AND(I20="Casi Seguro",M20="Catastrófico")),"Extremo","")))) -> Alto | P20: 1 | Q20: El Técnico de la Dirección Administrativa que realiza que realiza el seguimiento al inventario de bienes devolutivos con una periodicidad semestral, dejando como evidencia el formato de inventario físico, con el fin de detectar el faltante en bienes devolutivos. | R20: =IF(OR(S20="Preventivo",S20="Detectivo"),"Probabilidad",IF(S20="Correctivo","Impacto","")) -> Probabilidad | S20: Preventivo | T20: Manual | U20: =IF(AND(S20="Preventivo",T20="Automático"),"50%",IF(AND(S20="Preventivo",T20="Manual"),"40%",IF(AND(S20="Detectivo",T20="Automático"),"40%",IF(AND(S20="Detectivo",T20="Manual"),"30%",IF(AND(S20="Correctivo",T20="Automático"),"35%",IF(AND(S20="Correctivo",T20="Manual"),"25%","")))))) -> 40% | V20: Documentado | W20: Continua | X20: Con Registro | Y20: =IFERROR(IF(R20="Probabilidad",(J20-(+J20*U20)),IF(R20="Impacto",J20,"")),"") -> 0.12 | Z20: =IFERROR(IF(Y20="","",IF(Y20<=0.2,"Rara vez",IF(Y20<=0.4,"Improbable",IF(Y20<=0.6,"Posible",IF(Y20<=0.8,"Probable","Casi Seguro"))))),"") -> Rara vez | AA20: =+Y20 -> 0.12 | AB20: =IFERROR(IF(AC20="","",IF(AC20<=0.6,"Moderado",IF(AC20<=0.8,"Mayor","Catastrófico"))),"") -> Mayor | AC20: =IFERROR(IF(R20="Impacto",(N20-(+N20*U20)),IF(R20="Probabilidad",N20,"")),"") -> 0.8 | AD20: =IFERROR(IF(OR(AND(Z20="Rara vez",AB20="Leve"),AND(Z20="Rara vez",AB20="Menor"),AND(Z20="Improbable",AB20="Leve")),"Bajo",IF(OR(AND(Z20="Rara vez",AB20="Moderado"),AND(Z20="Improbable",AB20="Menor"),AND(Z20="Improbable",AB20="Moderado"),AND(Z20="Posible",AB20="Leve"),AND(Z20="Posible",AB20="Menor"),AND(Z20="Posible",AB20="Moderado"),AND(Z20="Probable",AB20="Leve"),AND(Z20="Probable",AB20="Menor")),"Moderado",IF(OR(AND(Z20="Rara vez",AB20="Mayor"),AND(Z20="Improbable",AB20="Mayor"),AND(Z20="Posible",AB20="Mayor"),AND(Z20="Probable",AB20="Moderado"),AND(Z20="Probable",AB20="Mayor"),AND(Z20="Casi Seguro",AB20="Leve"),AND(Z20="Casi Seguro",AB20="Menor"),AND(Z20="Casi Seguro",AB20="Moderado"),AND(Z20="Casi Seguro",AB20="Mayor")),"Alto",IF(OR(AND(Z20="Rara vez",AB20="Catastrófico"),AND(Z20="Improbable",AB20="Catastrófico"),AND(Z20="Posible",AB20="Catastrófico"),AND(Z20="Probable",AB20="Catastrófico"),AND(Z20="Casi Seguro",AB20="Catastrófico")),"Extremo","")))),"") -> Alto | AL20: 45428 | AM20: Monitoreado | AN20: =+O20 -> Alto | AO20: =AD23 -> Moderado
L21: =IF(NOT(ISERROR(MATCH(K21,_xlfn.ANCHORARRAY(G32),0))),J34&"Por favor no seleccionar los criterios de impacto",K21) -> 0 | P21: 2 | Q21: en el caso que se requiera ingreso y salida de muebles y equipos de la Sea, la empresa de seguridad requiriera los formatos que evidencien la autorización pertinente dejando como evidencia la minuta respectiva, En caso de que existan desviaciones se solicitará a la empresa de seguridad las grabaciones correspondientes para verificar el responsable de la pérdida o hurto. | R21: =IF(OR(S21="Preventivo",S21="Detectivo"),"Probabilidad",IF(S21="Correctivo","Impacto","")) -> Probabilidad | S21: Detectivo | T21: Manual | U21: =IF(AND(S21="Preventivo",T21="Automático"),"50%",IF(AND(S21="Preventivo",T21="Manual"),"40%",IF(AND(S21="Detectivo",T21="Automático"),"40%",IF(AND(S21="Detectivo",T21="Manual"),"30%",IF(AND(S21="Correctivo",T21="Automático"),"35%",IF(AND(S21="Correctivo",T21="Manual"),"25%","")))))) -> 30% | V21: Sin Documentar | W21: Continua | X21: Con Registro | Y21: =IFERROR(IF(AND(R20="Probabilidad",R21="Probabilidad"),(AA20-(+AA20*U21)),IF(R21="Probabilidad",(J20-(+J20*U21)),IF(R21="Impacto",AA20,""))),"") -> 0.084 | Z21: =IFERROR(IF(Y21="","",IF(Y21<=0.2,"Rara vez",IF(Y21<=0.4,"Improbable",IF(Y21<=0.6,"Posible",IF(Y21<=0.8,"Probable","Casi Seguro"))))),"") -> Rara vez | AA21: =+Y21 -> 0.084 | AB21: =IFERROR(IF(AC21="","",IF(AC21<=0.6,"Moderado",IF(AC21<=0.8,"Mayor","Catastrófico"))),"") -> Mayor | AC21: =IFERROR(IF(AND(R20="Impacto",R21="Impacto"),(AC20-(+AC20*U21)),IF(R21="Impacto",(N20-(+N20*U21)),IF(R21="Probabilidad",AC20,""))),"") -> 0.8 | AD21: =IFERROR(IF(OR(AND(Z21="Rara vez",AB21="Leve"),AND(Z21="Rara vez",AB21="Menor"),AND(Z21="Improbable",AB21="Leve")),"Bajo",IF(OR(AND(Z21="Rara vez",AB21="Moderado"),AND(Z21="Improbable",AB21="Menor"),AND(Z21="Improbable",AB21="Moderado"),AND(Z21="Posible",AB21="Leve"),AND(Z21="Posible",AB21="Menor"),AND(Z21="Posible",AB21="Moderado"),AND(Z21="Probable",AB21="Leve"),AND(Z21="Probable",AB21="Menor")),"Moderado",IF(OR(AND(Z21="Rara vez",AB21="Mayor"),AND(Z21="Improbable",AB21="Mayor"),AND(Z21="Posible",AB21="Mayor"),AND(Z21="Probable",AB21="Moderado"),AND(Z21="Probable",AB21="Mayor"),AND(Z21="Casi Seguro",AB21="Leve"),AND(Z21="Casi Seguro",AB21="Menor"),AND(Z21="Casi Seguro",AB21="Moderado"),AND(Z21="Casi Seguro",AB21="Mayor")),"Alto",IF(OR(AND(Z21="Rara vez",AB21="Catastrófico"),AND(Z21="Improbable",AB21="Catastrófico"),AND(Z21="Posible",AB21="Catastrófico"),AND(Z21="Probable",AB21="Catastrófico"),AND(Z21="Casi Seguro",AB21="Catastrófico")),"Extremo","")))),"") -> Alto
L22: =IF(NOT(ISERROR(MATCH(K22,_xlfn.ANCHORARRAY(G33),0))),J35&"Por favor no seleccionar los criterios de impacto",K22) -> 0 | P22: 3 | Q22: El técnico responsable de la Dirección Administrativa de manera trimestral o cuando lo considere pertinente reportara los bienes de propiedad planta y equipo que deben ser asegurados en la póliza de Todo Riesgo Daño Material dejando como evidencia la póliza de seguros vigente con el fin de amparar estos bienes y actualizar la información conforme a las entradas y salida de inventario. Como evidencia queda el reporte y/o la póliza. | R22: =IF(OR(S22="Preventivo",S22="Detectivo"),"Probabilidad",IF(S22="Correctivo","Impacto","")) -> Probabilidad | S22: Preventivo | T22: Manual | U22: =IF(AND(S22="Preventivo",T22="Automático"),"50%",IF(AND(S22="Preventivo",T22="Manual"),"40%",IF(AND(S22="Detectivo",T22="Automático"),"40%",IF(AND(S22="Detectivo",T22="Manual"),"30%",IF(AND(S22="Correctivo",T22="Automático"),"35%",IF(AND(S22="Correctivo",T22="Manual"),"25%","")))))) -> 40% | V22: Documentado | W22: Continua | X22: Con Registro | Y22: =IFERROR(IF(AND(R21="Probabilidad",R22="Probabilidad"),(AA21-(+AA21*U22)),IF(AND(R21="Impacto",R22="Probabilidad"),(AA20-(+AA20*U22)),IF(R22="Impacto",AA21,""))),"") -> 0.0504 | Z22: =IFERROR(IF(Y22="","",IF(Y22<=0.2,"Rara vez",IF(Y22<=0.4,"Improbable",IF(Y22<=0.6,"Posible",IF(Y22<=0.8,"Probable","Casi Seguro"))))),"") -> Rara vez | AA22: =+Y22 -> 0.0504 | AB22: =IFERROR(IF(AC22="","",IF(AC22<=0.6,"Moderado",IF(AC22<=0.8,"Mayor","Catastrófico"))),"") -> Mayor | AC22: =IFERROR(IF(AND(R21="Impacto",R22="Impacto"),(AC21-(+AC21*U22)),IF(AND(R21="Probabilidad",R22="Impacto"),(AC20-(+AC20*U22)),IF(R22="Probabilidad",AC21,""))),"") -> 0.8 | AD22: =IFERROR(IF(OR(AND(Z22="Rara vez",AB22="Leve"),AND(Z22="Rara vez",AB22="Menor"),AND(Z22="Improbable",AB22="Leve")),"Bajo",IF(OR(AND(Z22="Rara vez",AB22="Moderado"),AND(Z22="Improbable",AB22="Menor"),AND(Z22="Improbable",AB22="Moderado"),AND(Z22="Posible",AB22="Leve"),AND(Z22="Posible",AB22="Menor"),AND(Z22="Posible",AB22="Moderado"),AND(Z22="Probable",AB22="Leve"),AND(Z22="Probable",AB22="Menor")),"Moderado",IF(OR(AND(Z22="Rara vez",AB22="Mayor"),AND(Z22="Improbable",AB22="Mayor"),AND(Z22="Posible",AB22="Mayor"),AND(Z22="Probable",AB22="Moderado"),AND(Z22="Probable",AB22="Mayor"),AND(Z22="Casi Seguro",AB22="Leve"),AND(Z22="Casi Seguro",AB22="Menor"),AND(Z22="Casi Seguro",AB22="Moderado"),AND(Z22="Casi Seguro",AB22="Mayor")),"Alto",IF(OR(AND(Z22="Rara vez",AB22="Catastrófico"),AND(Z22="Improbable",AB22="Catastrófico"),AND(Z22="Posible",AB22="Catastrófico"),AND(Z22="Probable",AB22="Catastrófico"),AND(Z22="Casi Seguro",AB22="Catastrófico")),"Extremo","")))),"") -> Alto
L23: =IF(NOT(ISERROR(MATCH(K23,_xlfn.ANCHORARRAY(G34),0))),J36&"Por favor no seleccionar los criterios de impacto",K23) -> 0 | P23: 4 | Q23: El profesional de la Dirección Administrativa una vez detecte la perdida del bien devolutivo hará efectiva los amparos de la póliza todo riesgo y tramitara la indemnización del siniestro para la reposición del bien. Como evidencia presentación del reclamo. | R23: =IF(OR(S23="Preventivo",S23="Detectivo"),"Probabilidad",IF(S23="Correctivo","Impacto","")) -> Impacto | S23: Correctivo | T23: Manual | U23: =IF(AND(S23="Preventivo",T23="Automático"),"50%",IF(AND(S23="Preventivo",T23="Manual"),"40%",IF(AND(S23="Detectivo",T23="Automático"),"40%",IF(AND(S23="Detectivo",T23="Manual"),"30%",IF(AND(S23="Correctivo",T23="Automático"),"35%",IF(AND(S23="Correctivo",T23="Manual"),"25%","")))))) -> 25% | V23: Documentado | W23: Continua | X23: Con Registro | Y23: =IFERROR(IF(AND(R22="Probabilidad",R23="Probabilidad"),(AA22-(+AA22*U23)),IF(AND(R22="Impacto",R23="Probabilidad"),(AA21-(+AA21*U23)),IF(R23="Impacto",AA22,""))),"") -> 0.0504 | Z23: =IFERROR(IF(Y23="","",IF(Y23<=0.2,"Rara vez",IF(Y23<=0.4,"Improbable",IF(Y23<=0.6,"Posible",IF(Y23<=0.8,"Probable","Casi Seguro"))))),"") -> Rara vez | AA23: =+Y23 -> 0.0504 | AB23: =IFERROR(IF(AC23="","",IF(AC23<=0.6,"Moderado",IF(AC23<=0.8,"Mayor","Catastrófico"))),"") -> Moderado | AC23: =IFERROR(IF(AND(R22="Impacto",R23="Impacto"),(AC22-(+AC22*U23)),IF(AND(R22="Probabilidad",R23="Impacto"),(AC21-(+AC21*U23)),IF(R23="Probabilidad",AC22,""))),"") -> 0.6 | AD23: =IFERROR(IF(OR(AND(Z23="Rara vez",AB23="Leve"),AND(Z23="Rara vez",AB23="Menor"),AND(Z23="Improbable",AB23="Leve")),"Bajo",IF(OR(AND(Z23="Rara vez",AB23="Moderado"),AND(Z23="Improbable",AB23="Menor"),AND(Z23="Improbable",AB23="Moderado"),AND(Z23="Posible",AB23="Leve"),AND(Z23="Posible",AB23="Menor"),AND(Z23="Posible",AB23="Moderado"),AND(Z23="Probable",AB23="Leve"),AND(Z23="Probable",AB23="Menor")),"Moderado",IF(OR(AND(Z23="Rara vez",AB23="Mayor"),AND(Z23="Improbable",AB23="Mayor"),AND(Z23="Posible",AB23="Mayor"),AND(Z23="Probable",AB23="Moderado"),AND(Z23="Probable",AB23="Mayor"),AND(Z23="Casi Seguro",AB23="Leve"),AND(Z23="Casi Seguro",AB23="Menor"),AND(Z23="Casi Seguro",AB23="Moderado"),AND(Z23="Casi Seguro",AB23="Mayor")),"Alto",IF(OR(AND(Z23="Rara vez",AB23="Catastrófico"),AND(Z23="Improbable",AB23="Catastrófico"),AND(Z23="Posible",AB23="Catastrófico"),AND(Z23="Probable",AB23="Catastrófico"),AND(Z23="Casi Seguro",AB23="Catastrófico")),"Extremo","")))),"") -> Moderado | AE23: Reducir (mitigar) | AF23: Revisar y actualizar el procedimiento de bienes Devolutivos | AG23: Director Administrativo | AH23: 45657 | AI23: 45322 | AK23: En curso
L24: =IF(NOT(ISERROR(MATCH(K24,_xlfn.ANCHORARRAY(G35),0))),J37&"Por favor no seleccionar los criterios de impacto",K24) -> 0 | P24: 5 | R24: =IF(OR(S24="Preventivo",S24="Detectivo"),"Probabilidad",IF(S24="Correctivo","Impacto","")) | U24: =IF(AND(S24="Preventivo",T24="Automático"),"50%",IF(AND(S24="Preventivo",T24="Manual"),"40%",IF(AND(S24="Detectivo",T24="Automático"),"40%",IF(AND(S24="Detectivo",T24="Manual"),"30%",IF(AND(S24="Correctivo",T24="Automático"),"35%",IF(AND(S24="Correctivo",T24="Manual"),"25%","")))))) | Y24: =IFERROR(IF(AND(R23="Probabilidad",R24="Probabilidad"),(AA23-(+AA23*U24)),IF(AND(R23="Impacto",R24="Probabilidad"),(AA22-(+AA22*U24)),IF(R24="Impacto",AA23,""))),"") | Z24: =IFERROR(IF(Y24="","",IF(Y24<=0.2,"Rara vez",IF(Y24<=0.4,"Improbable",IF(Y24<=0.6,"Posible",IF(Y24<=0.8,"Probable","Casi Seguro"))))),"") | AA24: =+Y24 | AB24: =IFERROR(IF(AC24="","",IF(AC24<=0.6,"Moderado",IF(AC24<=0.8,"Mayor","Catastrófico"))),"") | AC24: =IFERROR(IF(AND(R23="Impacto",R24="Impacto"),(AC23-(+AC23*U24)),IF(AND(R23="Probabilidad",R24="Impacto"),(AC22-(+AC22*U24)),IF(R24="Probabilidad",AC23,""))),"") | AD24: =IFERROR(IF(OR(AND(Z24="Muy Baja",AB24="Leve"),AND(Z24="Muy Baja",AB24="Menor"),AND(Z24="Baja",AB24="Leve")),"Bajo",IF(OR(AND(Z24="Muy baja",AB24="Moderado"),AND(Z24="Baja",AB24="Menor"),AND(Z24="Baja",AB24="Moderado"),AND(Z24="Media",AB24="Leve"),AND(Z24="Media",AB24="Menor"),AND(Z24="Media",AB24="Moderado"),AND(Z24="Alta",AB24="Leve"),AND(Z24="Alta",AB24="Menor")),"Moderado",IF(OR(AND(Z24="Muy Baja",AB24="Mayor"),AND(Z24="Baja",AB24="Mayor"),AND(Z24="Media",AB24="Mayor"),AND(Z24="Alta",AB24="Moderado"),AND(Z24="Alta",AB24="Mayor"),AND(Z24="Muy Alta",AB24="Leve"),AND(Z24="Muy Alta",AB24="Menor"),AND(Z24="Muy Alta",AB24="Moderado"),AND(Z24="Muy Alta",AB24="Mayor")),"Alto",IF(OR(AND(Z24="Muy Baja",AB24="Catastrófico"),AND(Z24="Baja",AB24="Catastrófico"),AND(Z24="Media",AB24="Catastrófico"),AND(Z24="Alta",AB24="Catastrófico"),AND(Z24="Muy Alta",AB24="Catastrófico")),"Extremo","")))),"")
L25: =IF(NOT(ISERROR(MATCH(K25,_xlfn.ANCHORARRAY(G36),0))),J38&"Por favor no seleccionar los criterios de impacto",K25) -> 0 | P25: 6 | R25: =IF(OR(S25="Preventivo",S25="Detectivo"),"Probabilidad",IF(S25="Correctivo","Impacto","")) | U25: =IF(AND(S25="Preventivo",T25="Automático"),"50%",IF(AND(S25="Preventivo",T25="Manual"),"40%",IF(AND(S25="Detectivo",T25="Automático"),"40%",IF(AND(S25="Detectivo",T25="Manual"),"30%",IF(AND(S25="Correctivo",T25="Automático"),"35%",IF(AND(S25="Correctivo",T25="Manual"),"25%","")))))) | Y25: =IFERROR(IF(AND(R24="Probabilidad",R25="Probabilidad"),(AA24-(+AA24*U25)),IF(AND(R24="Impacto",R25="Probabilidad"),(AA23-(+AA23*U25)),IF(R25="Impacto",AA24,""))),"") | Z25: =IFERROR(IF(Y25="","",IF(Y25<=0.2,"Rara vez",IF(Y25<=0.4,"Improbable",IF(Y25<=0.6,"Posible",IF(Y25<=0.8,"Probable","Casi Seguro"))))),"") | AA25: =+Y25 | AB25: =IFERROR(IF(AC25="","",IF(AC25<=0.6,"Moderado",IF(AC25<=0.8,"Mayor","Catastrófico"))),"") | AC25: =IFERROR(IF(AND(R24="Impacto",R25="Impacto"),(AC24-(+AC24*U25)),IF(AND(R24="Probabilidad",R25="Impacto"),(AC23-(+AC23*U25)),IF(R25="Probabilidad",AC24,""))),"") | AD25: =IFERROR(IF(OR(AND(Z25="Muy Baja",AB25="Leve"),AND(Z25="Muy Baja",AB25="Menor"),AND(Z25="Baja",AB25="Leve")),"Bajo",IF(OR(AND(Z25="Muy baja",AB25="Moderado"),AND(Z25="Baja",AB25="Menor"),AND(Z25="Baja",AB25="Moderado"),AND(Z25="Media",AB25="Leve"),AND(Z25="Media",AB25="Menor"),AND(Z25="Media",AB25="Moderado"),AND(Z25="Alta",AB25="Leve"),AND(Z25="Alta",AB25="Menor")),"Moderado",IF(OR(AND(Z25="Muy Baja",AB25="Mayor"),AND(Z25="Baja",AB25="Mayor"),AND(Z25="Media",AB25="Mayor"),AND(Z25="Alta",AB25="Moderado"),AND(Z25="Alta",AB25="Mayor"),AND(Z25="Muy Alta",AB25="Leve"),AND(Z25="Muy Alta",AB25="Menor"),AND(Z25="Muy Alta",AB25="Moderado"),AND(Z25="Muy Alta",AB25="Mayor")),"Alto",IF(OR(AND(Z25="Muy Baja",AB25="Catastrófico"),AND(Z25="Baja",AB25="Catastrófico"),AND(Z25="Media",AB25="Catastrófico"),AND(Z25="Alta",AB25="Catastrófico"),AND(Z25="Muy Alta",AB25="Catastrófico")),"Extremo","")))),"")
B26: RC-GD-1 | C26: Gestión Documental | D26: Hurto o uso indebido de información critica y sensible de los procesos para beneficio de terceros | E26: Riesgo de Corrupción | F26: Falta de seguridad en los depósitos de los archivos por la no aplicación de los lineamientos establecidos | G26: 1. Sanciones de entes de Control. 2. Investigaciones disciplinarias, penales y fiscales 3. Mala imagen institucional 4. Perdida de la memoria institucional | H26: Al menos 1 vez en los últimos 2 años | I26: =IF(H26<=0,"",IF(H26="No se ha presentado en los últimos 5 años","Rara vez",IF(H26="Al menos 1 vez en los últimos 5 años","Improbable",IF(H26="Al menos 1 vez en los últimos 2 años","Posible",IF(H26="Al menos 1 vez en el último año","Probable",IF(H26="Más de 1 vez al año","Casi Seguro")))))) -> Posible | J26: =IF(I26="","",IF(I26="Rara vez",0.2,IF(I26="Improbable",0.4,IF(I26="Posible",0.6,IF(I26="Probable",0.8,IF(I26="Casi Seguro",1,)))))) -> 0.6 | K26: Responder afirmativamente de SEIS a ONCE | L26: =IF(NOT(ISERROR(MATCH(K26,'[4]Tabla Impacto'!$B$220:$B$222,0))),'[4]Tabla Impacto'!$F$222&"Por favor no seleccionar los criterios de impacto(Criterios para calificar el impacto)",K26) -> Responder afirmativamente de SEIS a ONCE | M26: =IF(OR(L26='[4]Tabla Impacto'!$C$5),"Moderado",IF(OR(L26='[4]Tabla Impacto'!$C$6),"Mayor",IF(OR(L26='[4]Tabla Impacto'!$C$7),"Catastrófico",""))) -> Mayor | N26: =IF(M26="","",IF(M26="Leve",0.2,IF(M26="Menor",0.4,IF(M26="Moderado",0.6,IF(M26="Mayor",0.8,IF(M26="Catastrófico",1,)))))) -> 0.8 | O26: =IF(OR(AND(I26="Rara vez",M26="Leve"),AND(I26="Rara vez",M26="Menor"),AND(I26="Improbable",M26="Leve")),"Bajo",IF(OR(AND(I26="Rara vez",M26="Moderado"),AND(I26="Improbable",M26="Menor"),AND(I26="Improbable",M26="Moderado"),AND(I26="Posible",M26="Leve"),AND(I26="Posible",M26="Menor"),AND(I26="Posible",M26="Moderado"),AND(I26="Probable",M26="Leve"),AND(I26="Probable",M26="Menor")),"Moderado",IF(OR(AND(I26="Rara vez",M26="Mayor"),AND(I26="Improbable",M26="Mayor"),AND(I26="Posible",M26="Mayor"),AND(I26="Probable",M26="Moderado"),AND(I26="Probable",M26="Mayor"),AND(I26="Casi Seguro",M26="Leve"),AND(I26="Casi Seguro",M26="Menor"),AND(I26="Casi Seguro",M26="Moderado"),AND(I26="Casi Seguro",M26="Mayor")),"Alto",IF(OR(AND(I26="Rara vez",M26="Catastrófico"),AND(I26="Improbable",M26="Catastrófico"),AND(I26="Posible",M26="Catastrófico"),AND(I26="Probable",M26="Catastrófico"),AND(I26="Casi Seguro",M26="Catastrófico")),"Extremo","")))) -> Alto | P26: 1 | Q26: El guarda seguridad revisa cada vez que se ingresa a las instalaciones las pertenencias personales verificando que no ingresen USB, maletas, etc., verificando ingresos por cámaras de vigilancia. Como evidencia queda supervisión de este contrato. | R26: =IF(OR(S26="Preventivo",S26="Detectivo"),"Probabilidad",IF(S26="Correctivo","Impacto","")) -> Probabilidad | S26: Preventivo | T26: Manual | U26: =IF(AND(S26="Preventivo",T26="Automático"),"50%",IF(AND(S26="Preventivo",T26="Manual"),"40%",IF(AND(S26="Detectivo",T26="Automático"),"40%",IF(AND(S26="Detectivo",T26="Manual"),"30%",IF(AND(S26="Correctivo",T26="Automático"),"35%",IF(AND(S26="Correctivo",T26="Manual"),"25%","")))))) -> 40% | V26: Documentado | W26: Continua | X26: Con Registro | Y26: =IFERROR(IF(R26="Probabilidad",(J26-(+J26*U26)),IF(R26="Impacto",J26,"")),"") -> 0.36 | Z26: =IFERROR(IF(Y26="","",IF(Y26<=0.2,"Rara vez",IF(Y26<=0.4,"Improbable",IF(Y26<=0.6,"Posible",IF(Y26<=0.8,"Probable","Casi Seguro"))))),"") -> Improbable | AA26: =+Y26 -> 0.36 | AB26: =IFERROR(IF(AC26="","",IF(AC26<=0.6,"Moderado",IF(AC26<=0.8,"Mayor","Catastrófico"))),"") -> Mayor | AC26: =IFERROR(IF(R26="Impacto",(N26-(+N26*U26)),IF(R26="Probabilidad",N26,"")),"") -> 0.8 | AD26: =IFERROR(IF(OR(AND(Z26="Rara vez",AB26="Leve"),AND(Z26="Rara vez",AB26="Menor"),AND(Z26="Improbable",AB26="Leve")),"Bajo",IF(OR(AND(Z26="Rara vez",AB26="Moderado"),AND(Z26="Improbable",AB26="Menor"),AND(Z26="Improbable",AB26="Moderado"),AND(Z26="Posible",AB26="Leve"),AND(Z26="Posible",AB26="Menor"),AND(Z26="Posible",AB26="Moderado"),AND(Z26="Probable",AB26="Leve"),AND(Z26="Probable",AB26="Menor")),"Moderado",IF(OR(AND(Z26="Rara vez",AB26="Mayor"),AND(Z26="Improbable",AB26="Mayor"),AND(Z26="Posible",AB26="Mayor"),AND(Z26="Probable",AB26="Moderado"),AND(Z26="Probable",AB26="Mayor"),AND(Z26="Casi Seguro",AB26="Leve"),AND(Z26="Casi Seguro",AB26="Menor"),AND(Z26="Casi Seguro",AB26="Moderado"),AND(Z26="Casi Seguro",AB26="Mayor")),"Alto",IF(OR(AND(Z26="Rara vez",AB26="Catastrófico"),AND(Z26="Improbable",AB26="Catastrófico"),AND(Z26="Posible",AB26="Catastrófico"),AND(Z26="Probable",AB26="Catastrófico"),AND(Z26="Casi Seguro",AB26="Catastrófico")),"Extremo","")))),"") -> Alto | AL26: 45428 | AM26: Monitoreado | AN26: =+O26 -> Alto | AO26: =AD29 -> Moderado
L27: =IF(NOT(ISERROR(MATCH(K27,_xlfn.ANCHORARRAY(G38),0))),J40&"Por favor no seleccionar los criterios de impacto",K27) -> 0 | P27: 2 | Q27: El líder del proceso de Archivo y correspondencia asigna lokers cada vez que ingresa un funcionario a la entidad, con el objetivo de que sus pertenencias se han guardadas y así evitar que ingresen bolsos, USB, que permitan perdida de información. | R27: =IF(OR(S27="Preventivo",S27="Detectivo"),"Probabilidad",IF(S27="Correctivo","Impacto","")) -> Probabilidad | S27: Detectivo | T27: Manual | U27: =IF(AND(S27="Preventivo",T27="Automático"),"50%",IF(AND(S27="Preventivo",T27="Manual"),"40%",IF(AND(S27="Detectivo",T27="Automático"),"40%",IF(AND(S27="Detectivo",T27="Manual"),"30%",IF(AND(S27="Correctivo",T27="Automático"),"35%",IF(AND(S27="Correctivo",T27="Manual"),"25%","")))))) -> 30% | V27: Sin Documentar | W27: Continua | X27: Sin Registro | Y27: =IFERROR(IF(AND(R26="Probabilidad",R27="Probabilidad"),(AA26-(+AA26*U27)),IF(R27="Probabilidad",(J26-(+J26*U27)),IF(R27="Impacto",AA26,""))),"") -> 0.252 | Z27: =IFERROR(IF(Y27="","",IF(Y27<=0.2,"Rara vez",IF(Y27<=0.4,"Improbable",IF(Y27<=0.6,"Posible",IF(Y27<=0.8,"Probable","Casi Seguro"))))),"") -> Improbable | AA27: =+Y27 -> 0.252 | AB27: =IFERROR(IF(AC27="","",IF(AC27<=0.6,"Moderado",IF(AC27<=0.8,"Mayor","Catastrófico"))),"") -> Mayor | AC27: =IFERROR(IF(AND(R26="Impacto",R27="Impacto"),(AC26-(+AC26*U27)),IF(R27="Impacto",(N26-(+N26*U27)),IF(R27="Probabilidad",AC26,""))),"") -> 0.8 | AD27: =IFERROR(IF(OR(AND(Z27="Rara vez",AB27="Leve"),AND(Z27="Rara vez",AB27="Menor"),AND(Z27="Improbable",AB27="Leve")),"Bajo",IF(OR(AND(Z27="Rara vez",AB27="Moderado"),AND(Z27="Improbable",AB27="Menor"),AND(Z27="Improbable",AB27="Moderado"),AND(Z27="Posible",AB27="Leve"),AND(Z27="Posible",AB27="Menor"),AND(Z27="Posible",AB27="Moderado"),AND(Z27="Probable",AB27="Leve"),AND(Z27="Probable",AB27="Menor")),"Moderado",IF(OR(AND(Z27="Rara vez",AB27="Mayor"),AND(Z27="Improbable",AB27="Mayor"),AND(Z27="Posible",AB27="Mayor"),AND(Z27="Probable",AB27="Moderado"),AND(Z27="Probable",AB27="Mayor"),AND(Z27="Casi Seguro",AB27="Leve"),AND(Z27="Casi Seguro",AB27="Menor"),AND(Z27="Casi Seguro",AB27="Moderado"),AND(Z27="Casi Seguro",AB27="Mayor")),"Alto",IF(OR(AND(Z27="Rara vez",AB27="Catastrófico"),AND(Z27="Improbable",AB27="Catastrófico"),AND(Z27="Posible",AB27="Catastrófico"),AND(Z27="Probable",AB27="Catastrófico"),AND(Z27="Casi Seguro",AB27="Catastrófico")),"Extremo","")))),"") -> Alto
L28: =IF(NOT(ISERROR(MATCH(K28,_xlfn.ANCHORARRAY(G39),0))),J41&"Por favor no seleccionar los criterios de impacto",K28) -> 0 | P28: 3 | Q28: El líder del proceso de Archivo y correspondencia autoriza cada vez que se requiera el ingreso de un funcionario con o sin equipos de computo . | R28: =IF(OR(S28="Preventivo",S28="Detectivo"),"Probabilidad",IF(S28="Correctivo","Impacto","")) -> Probabilidad | S28: Preventivo | T28: Manual | U28: =IF(AND(S28="Preventivo",T28="Automático"),"50%",IF(AND(S28="Preventivo",T28="Manual"),"40%",IF(AND(S28="Detectivo",T28="Automático"),"40%",IF(AND(S28="Detectivo",T28="Manual"),"30%",IF(AND(S28="Correctivo",T28="Automático"),"35%",IF(AND(S28="Correctivo",T28="Manual"),"25%","")))))) -> 40% | V28: Sin Documentar | W28: Continua | X28: Sin Registro | Y28: =IFERROR(IF(AND(R27="Probabilidad",R28="Probabilidad"),(AA27-(+AA27*U28)),IF(AND(R27="Impacto",R28="Probabilidad"),(AA26-(+AA26*U28)),IF(R28="Impacto",AA27,""))),"") -> 0.1512 | Z28: =IFERROR(IF(Y28="","",IF(Y28<=0.2,"Rara vez",IF(Y28<=0.4,"Improbable",IF(Y28<=0.6,"Posible",IF(Y28<=0.8,"Probable","Casi Seguro"))))),"") -> Rara vez | AA28: =+Y28 -> 0.1512 | AB28: =IFERROR(IF(AC28="","",IF(AC28<=0.6,"Moderado",IF(AC28<=0.8,"Mayor","Catastrófico"))),"") -> Mayor | AC28: =IFERROR(IF(AND(R27="Impacto",R28="Impacto"),(AC27-(+AC27*U28)),IF(AND(R27="Probabilidad",R28="Impacto"),(AC26-(+AC26*U28)),IF(R28="Probabilidad",AC27,""))),"") -> 0.8 | AD28: =IFERROR(IF(OR(AND(Z28="Rara vez",AB28="Leve"),AND(Z28="Rara vez",AB28="Menor"),AND(Z28="Improbable",AB28="Leve")),"Bajo",IF(OR(AND(Z28="Rara vez",AB28="Moderado"),AND(Z28="Improbable",AB28="Menor"),AND(Z28="Improbable",AB28="Moderado"),AND(Z28="Posible",AB28="Leve"),AND(Z28="Posible",AB28="Menor"),AND(Z28="Posible",AB28="Moderado"),AND(Z28="Probable",AB28="Leve"),AND(Z28="Probable",AB28="Menor")),"Moderado",IF(OR(AND(Z28="Rara vez",AB28="Mayor"),AND(Z28="Improbable",AB28="Mayor"),AND(Z28="Posible",AB28="Mayor"),AND(Z28="Probable",AB28="Moderado"),AND(Z28="Probable",AB28="Mayor"),AND(Z28="Casi Seguro",AB28="Leve"),AND(Z28="Casi Seguro",AB28="Menor"),AND(Z28="Casi Seguro",AB28="Moderado"),AND(Z28="Casi Seguro",AB28="Mayor")),"Alto",IF(OR(AND(Z28="Rara vez",AB28="Catastrófico"),AND(Z28="Improbable",AB28="Catastrófico"),AND(Z28="Posible",AB28="Catastrófico"),AND(Z28="Probable",AB28="Catastrófico"),AND(Z28="Casi Seguro",AB28="Catastrófico")),"Extremo","")))),"") -> Alto
L29: =IF(NOT(ISERROR(MATCH(K29,_xlfn.ANCHORARRAY(G40),0))),J42&"Por favor no seleccionar los criterios de impacto",K29) -> 0 | P29: 4 | Q29: En caso de Hurto o uso indebido de información critica y sensible de los proceso, El líder del proceso de proceso de Archivo y correspondencia notificara al Director Administrativo y talento humano. Como evidencia queda el comunicado | R29: =IF(OR(S29="Preventivo",S29="Detectivo"),"Probabilidad",IF(S29="Correctivo","Impacto","")) -> Impacto | S29: Correctivo | T29: Manual | U29: =IF(AND(S29="Preventivo",T29="Automático"),"50%",IF(AND(S29="Preventivo",T29="Manual"),"40%",IF(AND(S29="Detectivo",T29="Automático"),"40%",IF(AND(S29="Detectivo",T29="Manual"),"30%",IF(AND(S29="Correctivo",T29="Automático"),"35%",IF(AND(S29="Correctivo",T29="Manual"),"25%","")))))) -> 25% | V29: Sin Documentar | W29: Continua | X29: Con Registro | Y29: =IFERROR(IF(AND(R28="Probabilidad",R29="Probabilidad"),(AA28-(+AA28*U29)),IF(AND(R28="Impacto",R29="Probabilidad"),(AA27-(+AA27*U29)),IF(R29="Impacto",AA28,""))),"") -> 0.1512 | Z29: =IFERROR(IF(Y29="","",IF(Y29<=0.2,"Rara vez",IF(Y29<=0.4,"Improbable",IF(Y29<=0.6,"Posible",IF(Y29<=0.8,"Probable","Casi Seguro"))))),"") -> Rara vez | AA29: =+Y29 -> 0.1512 | AB29: =IFERROR(IF(AC29="","",IF(AC29<=0.6,"Moderado",IF(AC29<=0.8,"Mayor","Catastrófico"))),"") -> Moderado | AC29: =IFERROR(IF(AND(R28="Impacto",R29="Impacto"),(AC28-(+AC28*U29)),IF(AND(R28="Probabilidad",R29="Impacto"),(AC27-(+AC27*U29)),IF(R29="Probabilidad",AC28,""))),"") -> 0.6 | AD29: =IFERROR(IF(OR(AND(Z29="Rara vez",AB29="Leve"),AND(Z29="Rara vez",AB29="Menor"),AND(Z29="Improbable",AB29="Leve")),"Bajo",IF(OR(AND(Z29="Rara vez",AB29="Moderado"),AND(Z29="Improbable",AB29="Menor"),AND(Z29="Improbable",AB29="Moderado"),AND(Z29="Posible",AB29="Leve"),AND(Z29="Posible",AB29="Menor"),AND(Z29="Posible",AB29="Moderado"),AND(Z29="Probable",AB29="Leve"),AND(Z29="Probable",AB29="Menor")),"Moderado",IF(OR(AND(Z29="Rara vez",AB29="Mayor"),AND(Z29="Improbable",AB29="Mayor"),AND(Z29="Posible",AB29="Mayor"),AND(Z29="Probable",AB29="Moderado"),AND(Z29="Probable",AB29="Mayor"),AND(Z29="Casi Seguro",AB29="Leve"),AND(Z29="Casi Seguro",AB29="Menor"),AND(Z29="Casi Seguro",AB29="Moderado"),AND(Z29="Casi Seguro",AB29="Mayor")),"Alto",IF(OR(AND(Z29="Rara vez",AB29="Catastrófico"),AND(Z29="Improbable",AB29="Catastrófico"),AND(Z29="Posible",AB29="Catastrófico"),AND(Z29="Probable",AB29="Catastrófico"),AND(Z29="Casi Seguro",AB29="Catastrófico")),"Extremo","")))),"") -> Moderado | AE29: Reducir (mitigar) | AF29: Boletín informativo todo funcionario que vaya a archivo central debe enviar correo para su respectiva autorización antes del ingreso | AG29: Paola Tarazona | AH29: 45534 | AI29: 45596 | AK29: En curso
L30: =IF(NOT(ISERROR(MATCH(K30,_xlfn.ANCHORARRAY(G41),0))),J43&"Por favor no seleccionar los criterios de impacto",K30) -> 0 | P30: 5 | R30: =IF(OR(S30="Preventivo",S30="Detectivo"),"Probabilidad",IF(S30="Correctivo","Impacto","")) | U30: =IF(AND(S30="Preventivo",T30="Automático"),"50%",IF(AND(S30="Preventivo",T30="Manual"),"40%",IF(AND(S30="Detectivo",T30="Automático"),"40%",IF(AND(S30="Detectivo",T30="Manual"),"30%",IF(AND(S30="Correctivo",T30="Automático"),"35%",IF(AND(S30="Correctivo",T30="Manual"),"25%","")))))) | Y30: =IFERROR(IF(AND(R29="Probabilidad",R30="Probabilidad"),(AA29-(+AA29*U30)),IF(AND(R29="Impacto",R30="Probabilidad"),(AA28-(+AA28*U30)),IF(R30="Impacto",AA29,""))),"") | Z30: =IFERROR(IF(Y30="","",IF(Y30<=0.2,"Rara vez",IF(Y30<=0.4,"Improbable",IF(Y30<=0.6,"Posible",IF(Y30<=0.8,"Probable","Casi Seguro"))))),"") | AA30: =+Y30 | AB30: =IFERROR(IF(AC30="","",IF(AC30<=0.6,"Moderado",IF(AC30<=0.8,"Mayor","Catastrófico"))),"") | AC30: =IFERROR(IF(AND(R29="Impacto",R30="Impacto"),(AC29-(+AC29*U30)),IF(AND(R29="Probabilidad",R30="Impacto"),(AC28-(+AC28*U30)),IF(R30="Probabilidad",AC29,""))),"") | AD30: =IFERROR(IF(OR(AND(Z30="Muy Baja",AB30="Leve"),AND(Z30="Muy Baja",AB30="Menor"),AND(Z30="Baja",AB30="Leve")),"Bajo",IF(OR(AND(Z30="Muy baja",AB30="Moderado"),AND(Z30="Baja",AB30="Menor"),AND(Z30="Baja",AB30="Moderado"),AND(Z30="Media",AB30="Leve"),AND(Z30="Media",AB30="Menor"),AND(Z30="Media",AB30="Moderado"),AND(Z30="Alta",AB30="Leve"),AND(Z30="Alta",AB30="Menor")),"Moderado",IF(OR(AND(Z30="Muy Baja",AB30="Mayor"),AND(Z30="Baja",AB30="Mayor"),AND(Z30="Media",AB30="Mayor"),AND(Z30="Alta",AB30="Moderado"),AND(Z30="Alta",AB30="Mayor"),AND(Z30="Muy Alta",AB30="Leve"),AND(Z30="Muy Alta",AB30="Menor"),AND(Z30="Muy Alta",AB30="Moderado"),AND(Z30="Muy Alta",AB30="Mayor")),"Alto",IF(OR(AND(Z30="Muy Baja",AB30="Catastrófico"),AND(Z30="Baja",AB30="Catastrófico"),AND(Z30="Media",AB30="Catastrófico"),AND(Z30="Alta",AB30="Catastrófico"),AND(Z30="Muy Alta",AB30="Catastrófico")),"Extremo","")))),"")
L31: =IF(NOT(ISERROR(MATCH(K31,_xlfn.ANCHORARRAY(G42),0))),J44&"Por favor no seleccionar los criterios de impacto",K31) -> 0 | P31: 6 | R31: =IF(OR(S31="Preventivo",S31="Detectivo"),"Probabilidad",IF(S31="Correctivo","Impacto","")) | U31: =IF(AND(S31="Preventivo",T31="Automático"),"50%",IF(AND(S31="Preventivo",T31="Manual"),"40%",IF(AND(S31="Detectivo",T31="Automático"),"40%",IF(AND(S31="Detectivo",T31="Manual"),"30%",IF(AND(S31="Correctivo",T31="Automático"),"35%",IF(AND(S31="Correctivo",T31="Manual"),"25%","")))))) | Y31: =IFERROR(IF(AND(R30="Probabilidad",R31="Probabilidad"),(AA30-(+AA30*U31)),IF(AND(R30="Impacto",R31="Probabilidad"),(AA29-(+AA29*U31)),IF(R31="Impacto",AA30,""))),"") | Z31: =IFERROR(IF(Y31="","",IF(Y31<=0.2,"Rara vez",IF(Y31<=0.4,"Improbable",IF(Y31<=0.6,"Posible",IF(Y31<=0.8,"Probable","Casi Seguro"))))),"") | AA31: =+Y31 | AB31: =IFERROR(IF(AC31="","",IF(AC31<=0.6,"Moderado",IF(AC31<=0.8,"Mayor","Catastrófico"))),"") | AC31: =IFERROR(IF(AND(R30="Impacto",R31="Impacto"),(AC30-(+AC30*U31)),IF(AND(R30="Probabilidad",R31="Impacto"),(AC29-(+AC29*U31)),IF(R31="Probabilidad",AC30,""))),"") | AD31: =IFERROR(IF(OR(AND(Z31="Muy Baja",AB31="Leve"),AND(Z31="Muy Baja",AB31="Menor"),AND(Z31="Baja",AB31="Leve")),"Bajo",IF(OR(AND(Z31="Muy baja",AB31="Moderado"),AND(Z31="Baja",AB31="Menor"),AND(Z31="Baja",AB31="Moderado"),AND(Z31="Media",AB31="Leve"),AND(Z31="Media",AB31="Menor"),AND(Z31="Media",AB31="Moderado"),AND(Z31="Alta",AB31="Leve"),AND(Z31="Alta",AB31="Menor")),"Moderado",IF(OR(AND(Z31="Muy Baja",AB31="Mayor"),AND(Z31="Baja",AB31="Mayor"),AND(Z31="Media",AB31="Mayor"),AND(Z31="Alta",AB31="Moderado"),AND(Z31="Alta",AB31="Mayor"),AND(Z31="Muy Alta",AB31="Leve"),AND(Z31="Muy Alta",AB31="Menor"),AND(Z31="Muy Alta",AB31="Moderado"),AND(Z31="Muy Alta",AB31="Mayor")),"Alto",IF(OR(AND(Z31="Muy Baja",AB31="Catastrófico"),AND(Z31="Baja",AB31="Catastrófico"),AND(Z31="Media",AB31="Catastrófico"),AND(Z31="Alta",AB31="Catastrófico"),AND(Z31="Muy Alta",AB31="Catastrófico")),"Extremo","")))),"")
B32: RC-GP-1 | C32: Gestión del Cumplimiento | D32: Posibilidad de no reportar la materialización de un riesgo de corrupción, fiscal o SARLAFT a las áreas competentes con el propósito de beneficiar a un tercero | E32: Riesgo Corrupción | F32: Falta de ética profesional Falta de control del proceso | G32: Investigaciones penales o disciplinarias Pérdida de imagen reputacional y credibilidad institucional | H32: No se ha presentado en los últimos 5 años | I32: =IF(H32<=0,"",IF(H32="No se ha presentado en los últimos 5 años","Rara vez",IF(H32="Al menos 1 vez en los últimos 5 años","Improbable",IF(H32="Al menos 1 vez en los últimos 2 años","Posible",IF(H32="Al menos 1 vez en el último año","Probable",IF(H32="Más de 1 vez al año","Casi Seguro")))))) -> Rara vez | J32: =IF(I32="","",IF(I32="Rara vez",0.2,IF(I32="Improbable",0.4,IF(I32="Posible",0.6,IF(I32="Probable",0.8,IF(I32="Casi Seguro",1,)))))) -> 0.2 | K32: Responder afirmativamente de SEIS a ONCE | L32: =IF(NOT(ISERROR(MATCH(K32,'[5]Tabla Impacto'!$B$220:$B$222,0))),'[5]Tabla Impacto'!$F$222&"Por favor no seleccionar los criterios de impacto(Criterios para calificar el impacto)",K32) -> Responder afirmativamente de SEIS a ONCE | M32: =IF(OR(L32='[5]Tabla Impacto'!$C$5),"Moderado",IF(OR(L32='[5]Tabla Impacto'!$C$6),"Mayor",IF(OR(L32='[5]Tabla Impacto'!$C$7),"Catastrófico",""))) -> Mayor | N32: =IF(M32="","",IF(M32="Leve",0.2,IF(M32="Menor",0.4,IF(M32="Moderado",0.6,IF(M32="Mayor",0.8,IF(M32="Catastrófico",1,)))))) -> 0.8 | O32: =IF(OR(AND(I32="Rara vez",M32="Leve"),AND(I32="Rara vez",M32="Menor"),AND(I32="Improbable",M32="Leve")),"Bajo",IF(OR(AND(I32="Rara vez",M32="Moderado"),AND(I32="Improbable",M32="Menor"),AND(I32="Improbable",M32="Moderado"),AND(I32="Posible",M32="Leve"),AND(I32="Posible",M32="Menor"),AND(I32="Posible",M32="Moderado"),AND(I32="Probable",M32="Leve"),AND(I32="Probable",M32="Menor")),"Moderado",IF(OR(AND(I32="Rara vez",M32="Mayor"),AND(I32="Improbable",M32="Mayor"),AND(I32="Posible",M32="Mayor"),AND(I32="Probable",M32="Moderado"),AND(I32="Probable",M32="Mayor"),AND(I32="Casi Seguro",M32="Leve"),AND(I32="Casi Seguro",M32="Menor"),AND(I32="Casi Seguro",M32="Moderado"),AND(I32="Casi Seguro",M32="Mayor")),"Alto",IF(OR(AND(I32="Rara vez",M32="Catastrófico"),AND(I32="Improbable",M32="Catastrófico"),AND(I32="Posible",M32="Catastrófico"),AND(I32="Probable",M32="Catastrófico"),AND(I32="Casi Seguro",M32="Catastrófico")),"Extremo","")))) -> Alto | P32: 1 | Q32: El delegado para gestionar el riesgo, de acuerdo con el nivel de severidad de este, realiza el monitoreo y revisión teniendo en cuenta la Política de Administración de Riesgos y la Guía de Administración de Riesgos, con el fin de evaluar si los riesgos han cambiado, se han materializado o sus controles son efectivos, al identificar algún cambio de los riesgos se debe realizar la actualización correspondiente en las matrices en las cuales queda el registro correspondiente. | R32: =IF(OR(S32="Preventivo",S32="Detectivo"),"Probabilidad",IF(S32="Correctivo","Impacto","")) -> Probabilidad | S32: Preventivo | T32: Manual | U32: =IF(AND(S32="Preventivo",T32="Automático"),"50%",IF(AND(S32="Preventivo",T32="Manual"),"40%",IF(AND(S32="Detectivo",T32="Automático"),"40%",IF(AND(S32="Detectivo",T32="Manual"),"30%",IF(AND(S32="Correctivo",T32="Automático"),"35%",IF(AND(S32="Correctivo",T32="Manual"),"25%","")))))) -> 40% | V32: Documentado | W32: Continua | X32: Con Registro | Y32: =IFERROR(IF(R32="Probabilidad",(J32-(+J32*U32)),IF(R32="Impacto",J32,"")),"") -> 0.12 | Z32: =IFERROR(IF(Y32="","",IF(Y32<=0.2,"Rara vez",IF(Y32<=0.4,"Improbable",IF(Y32<=0.6,"Posible",IF(Y32<=0.8,"Probable","Casi Seguro"))))),"") -> Rara vez | AA32: =+Y32 -> 0.12 | AB32: =IFERROR(IF(AC32="","",IF(AC32<=0.6,"Moderado",IF(AC32<=0.8,"Mayor","Catastrófico"))),"") -> Mayor | AC32: =IFERROR(IF(R32="Impacto",(N32-(+N32*U32)),IF(R32="Probabilidad",N32,"")),"") -> 0.8 | AD32: =IFERROR(IF(OR(AND(Z32="Rara vez",AB32="Leve"),AND(Z32="Rara vez",AB32="Menor"),AND(Z32="Improbable",AB32="Leve")),"Bajo",IF(OR(AND(Z32="Rara vez",AB32="Moderado"),AND(Z32="Improbable",AB32="Menor"),AND(Z32="Improbable",AB32="Moderado"),AND(Z32="Posible",AB32="Leve"),AND(Z32="Posible",AB32="Menor"),AND(Z32="Posible",AB32="Moderado"),AND(Z32="Probable",AB32="Leve"),AND(Z32="Probable",AB32="Menor")),"Moderado",IF(OR(AND(Z32="Rara vez",AB32="Mayor"),AND(Z32="Improbable",AB32="Mayor"),AND(Z32="Posible",AB32="Mayor"),AND(Z32="Probable",AB32="Moderado"),AND(Z32="Probable",AB32="Mayor"),AND(Z32="Casi Seguro",AB32="Leve"),AND(Z32="Casi Seguro",AB32="Menor"),AND(Z32="Casi Seguro",AB32="Moderado"),AND(Z32="Casi Seguro",AB32="Mayor")),"Alto",IF(OR(AND(Z32="Rara vez",AB32="Catastrófico"),AND(Z32="Improbable",AB32="Catastrófico"),AND(Z32="Posible",AB32="Catastrófico"),AND(Z32="Probable",AB32="Catastrófico"),AND(Z32="Casi Seguro",AB32="Catastrófico")),"Extremo","")))),"") -> Alto | AL32: 45418 | AM32: Monitoreado | AN32: =+O32 -> Alto | AO32: =+AD34 -> Moderado
L33: =IF(NOT(ISERROR(MATCH(K33,_xlfn.ANCHORARRAY(G44),0))),J46&"Por favor no seleccionar los criterios de impacto",K33) -> 0 | P33: 2 | Q33: La (el) Jefe de la Oficina de Integridad, Anticorrupción y Cumplimiento designa un correo para el reporte de la información relacionada con la gestión de riesgos y en el que en caso de presentarse una materialización de riesgos es reportada por este medio. Su administración está en cabeza de todo el equipo del grupo de riesgos con el objetivo de asegurar la transparencia en la gestión de la información. | R33: =IF(OR(S33="Preventivo",S33="Detectivo"),"Probabilidad",IF(S33="Correctivo","Impacto","")) -> Probabilidad | S33: Detectivo | T33: Manual | U33: =IF(AND(S33="Preventivo",T33="Automático"),"50%",IF(AND(S33="Preventivo",T33="Manual"),"40%",IF(AND(S33="Detectivo",T33="Automático"),"40%",IF(AND(S33="Detectivo",T33="Manual"),"30%",IF(AND(S33="Correctivo",T33="Automático"),"35%",IF(AND(S33="Correctivo",T33="Manual"),"25%","")))))) -> 30% | V33: Sin Documentar | W33: Continua | X33: Sin Registro | Y33: =IFERROR(IF(AND(R32="Probabilidad",R33="Probabilidad"),(AA32-(+AA32*U33)),IF(R33="Probabilidad",(J32-(+J32*U33)),IF(R33="Impacto",AA32,""))),"") -> 0.084 | Z33: =IFERROR(IF(Y33="","",IF(Y33<=0.2,"Rara vez",IF(Y33<=0.4,"Improbable",IF(Y33<=0.6,"Posible",IF(Y33<=0.8,"Probable","Casi Seguro"))))),"") -> Rara vez | AA33: =+Y33 -> 0.084 | AB33: =IFERROR(IF(AC33="","",IF(AC33<=0.6,"Moderado",IF(AC33<=0.8,"Mayor","Catastrófico"))),"") -> Mayor | AC33: =IFERROR(IF(AND(R32="Impacto",R33="Impacto"),(AC32-(+AC32*U33)),IF(R33="Impacto",(N32-(+N32*U33)),IF(R33="Probabilidad",AC32,""))),"") -> 0.8 | AD33: =IFERROR(IF(OR(AND(Z33="Rara vez",AB33="Leve"),AND(Z33="Rara vez",AB33="Menor"),AND(Z33="Improbable",AB33="Leve")),"Bajo",IF(OR(AND(Z33="Rara vez",AB33="Moderado"),AND(Z33="Improbable",AB33="Menor"),AND(Z33="Improbable",AB33="Moderado"),AND(Z33="Posible",AB33="Leve"),AND(Z33="Posible",AB33="Menor"),AND(Z33="Posible",AB33="Moderado"),AND(Z33="Probable",AB33="Leve"),AND(Z33="Probable",AB33="Menor")),"Moderado",IF(OR(AND(Z33="Rara vez",AB33="Mayor"),AND(Z33="Improbable",AB33="Mayor"),AND(Z33="Posible",AB33="Mayor"),AND(Z33="Probable",AB33="Moderado"),AND(Z33="Probable",AB33="Mayor"),AND(Z33="Casi Seguro",AB33="Leve"),AND(Z33="Casi Seguro",AB33="Menor"),AND(Z33="Casi Seguro",AB33="Moderado"),AND(Z33="Casi Seguro",AB33="Mayor")),"Alto",IF(OR(AND(Z33="Rara vez",AB33="Catastrófico"),AND(Z33="Improbable",AB33="Catastrófico"),AND(Z33="Posible",AB33="Catastrófico"),AND(Z33="Probable",AB33="Catastrófico"),AND(Z33="Casi Seguro",AB33="Catastrófico")),"Extremo","")))),"") -> Alto
L34: =IF(NOT(ISERROR(MATCH(K34,_xlfn.ANCHORARRAY(G45),0))),J47&"Por favor no seleccionar los criterios de impacto",K34) -> 0 | P34: 3 | Q34: El (la) delegado de la coordinación de riesgos en caso de evidenciar que no se informó a la Dirección de Talento Humano y la Oficina de Control Interno de la materialización de un riesgo de corrupción, de manera inmediata realiza el reporte y lleva la situación presentada al CICCI con el objetivo de que se tomen las acciones pertinentes. Como evidencias quedarían las comunicaciones enviadas y el acta del CICCI. | R34: =IF(OR(S34="Preventivo",S34="Detectivo"),"Probabilidad",IF(S34="Correctivo","Impacto","")) -> Impacto | S34: Correctivo | T34: Manual | U34: =IF(AND(S34="Preventivo",T34="Automático"),"50%",IF(AND(S34="Preventivo",T34="Manual"),"40%",IF(AND(S34="Detectivo",T34="Automático"),"40%",IF(AND(S34="Detectivo",T34="Manual"),"30%",IF(AND(S34="Correctivo",T34="Automático"),"35%",IF(AND(S34="Correctivo",T34="Manual"),"25%","")))))) -> 25% | V34: Documentado | W34: Continua | X34: Con Registro | Y34: =IFERROR(IF(AND(R33="Probabilidad",R34="Probabilidad"),(AA33-(+AA33*U34)),IF(AND(R33="Impacto",R34="Probabilidad"),(AA32-(+AA32*U34)),IF(R34="Impacto",AA33,""))),"") -> 0.084 | Z34: =IFERROR(IF(Y34="","",IF(Y34<=0.2,"Rara vez",IF(Y34<=0.4,"Improbable",IF(Y34<=0.6,"Posible",IF(Y34<=0.8,"Probable","Casi Seguro"))))),"") -> Rara vez | AA34: =+Y34 -> 0.084 | AB34: =IFERROR(IF(AC34="","",IF(AC34<=0.6,"Moderado",IF(AC34<=0.8,"Mayor","Catastrófico"))),"") -> Moderado | AC34: =IFERROR(IF(AND(R33="Impacto",R34="Impacto"),(AC33-(+AC33*U34)),IF(AND(R33="Probabilidad",R34="Impacto"),(AC32-(+AC32*U34)),IF(R34="Probabilidad",AC33,""))),"") -> 0.6 | AD34: =IFERROR(IF(OR(AND(Z34="Rara vez",AB34="Leve"),AND(Z34="Rara vez",AB34="Menor"),AND(Z34="Improbable",AB34="Leve")),"Bajo",IF(OR(AND(Z34="Rara vez",AB34="Moderado"),AND(Z34="Improbable",AB34="Menor"),AND(Z34="Improbable",AB34="Moderado"),AND(Z34="Posible",AB34="Leve"),AND(Z34="Posible",AB34="Menor"),AND(Z34="Posible",AB34="Moderado"),AND(Z34="Probable",AB34="Leve"),AND(Z34="Probable",AB34="Menor")),"Moderado",IF(OR(AND(Z34="Rara vez",AB34="Mayor"),AND(Z34="Improbable",AB34="Mayor"),AND(Z34="Posible",AB34="Mayor"),AND(Z34="Probable",AB34="Moderado"),AND(Z34="Probable",AB34="Mayor"),AND(Z34="Casi Seguro",AB34="Leve"),AND(Z34="Casi Seguro",AB34="Menor"),AND(Z34="Casi Seguro",AB34="Moderado"),AND(Z34="Casi Seguro",AB34="Mayor")),"Alto",IF(OR(AND(Z34="Rara vez",AB34="Catastrófico"),AND(Z34="Improbable",AB34="Catastrófico"),AND(Z34="Posible",AB34="Catastrófico"),AND(Z34="Probable",AB34="Catastrófico"),AND(Z34="Casi Seguro",AB34="Catastrófico")),"Extremo","")))),"") -> Moderado | AE34: Reducir (mitigar) | AF34: Definir cronograma de capacitación en temas relacionados con la gestión del riesgo | AG34: Rocio Alvarez | AH34: 45657 | AI34: 45688 | AK34: En curso
L35: =IF(NOT(ISERROR(MATCH(K35,_xlfn.ANCHORARRAY(G46),0))),J48&"Por favor no seleccionar los criterios de impacto",K35) -> 0 | P35: 4 | R35: =IF(OR(S35="Preventivo",S35="Detectivo"),"Probabilidad",IF(S35="Correctivo","Impacto","")) | U35: =IF(AND(S35="Preventivo",T35="Automático"),"50%",IF(AND(S35="Preventivo",T35="Manual"),"40%",IF(AND(S35="Detectivo",T35="Automático"),"40%",IF(AND(S35="Detectivo",T35="Manual"),"30%",IF(AND(S35="Correctivo",T35="Automático"),"35%",IF(AND(S35="Correctivo",T35="Manual"),"25%","")))))) | Y35: =IFERROR(IF(AND(R34="Probabilidad",R35="Probabilidad"),(AA34-(+AA34*U35)),IF(AND(R34="Impacto",R35="Probabilidad"),(AA33-(+AA33*U35)),IF(R35="Impacto",AA34,""))),"") | Z35: =IFERROR(IF(Y35="","",IF(Y35<=0.2,"Rara vez",IF(Y35<=0.4,"Improbable",IF(Y35<=0.6,"Posible",IF(Y35<=0.8,"Probable","Casi Seguro"))))),"") | AA35: =+Y35 | AB35: =IFERROR(IF(AC35="","",IF(AC35<=0.6,"Moderado",IF(AC35<=0.8,"Mayor","Catastrófico"))),"") | AC35: =IFERROR(IF(AND(R34="Impacto",R35="Impacto"),(AC34-(+AC34*U35)),IF(AND(R34="Probabilidad",R35="Impacto"),(AC33-(+AC33*U35)),IF(R35="Probabilidad",AC34,""))),"") | AD35: =IFERROR(IF(OR(AND(Z35="Rara vez",AB35="Leve"),AND(Z35="Rara vez",AB35="Menor"),AND(Z35="Improbable",AB35="Leve")),"Bajo",IF(OR(AND(Z35="Rara vez",AB35="Moderado"),AND(Z35="Improbable",AB35="Menor"),AND(Z35="Improbable",AB35="Moderado"),AND(Z35="Posible",AB35="Leve"),AND(Z35="Posible",AB35="Menor"),AND(Z35="Posible",AB35="Moderado"),AND(Z35="Probable",AB35="Leve"),AND(Z35="Probable",AB35="Menor")),"Moderado",IF(OR(AND(Z35="Rara vez",AB35="Mayor"),AND(Z35="Improbable",AB35="Mayor"),AND(Z35="Posible",AB35="Mayor"),AND(Z35="Probable",AB35="Moderado"),AND(Z35="Probable",AB35="Mayor"),AND(Z35="Casi Seguro",AB35="Leve"),AND(Z35="Casi Seguro",AB35="Menor"),AND(Z35="Casi Seguro",AB35="Moderado"),AND(Z35="Casi Seguro",AB35="Mayor")),"Alto",IF(OR(AND(Z35="Rara vez",AB35="Catastrófico"),AND(Z35="Improbable",AB35="Catastrófico"),AND(Z35="Posible",AB35="Catastrófico"),AND(Z35="Probable",AB35="Catastrófico"),AND(Z35="Casi Seguro",AB35="Catastrófico")),"Extremo","")))),"")
L36: =IF(NOT(ISERROR(MATCH(K36,_xlfn.ANCHORARRAY(G47),0))),J49&"Por favor no seleccionar los criterios de impacto",K36) -> 0 | P36: 5 | R36: =IF(OR(S36="Preventivo",S36="Detectivo"),"Probabilidad",IF(S36="Correctivo","Impacto","")) | U36: =IF(AND(S36="Preventivo",T36="Automático"),"50%",IF(AND(S36="Preventivo",T36="Manual"),"40%",IF(AND(S36="Detectivo",T36="Automático"),"40%",IF(AND(S36="Detectivo",T36="Manual"),"30%",IF(AND(S36="Correctivo",T36="Automático"),"35%",IF(AND(S36="Correctivo",T36="Manual"),"25%","")))))) | Y36: =IFERROR(IF(AND(R35="Probabilidad",R36="Probabilidad"),(AA35-(+AA35*U36)),IF(AND(R35="Impacto",R36="Probabilidad"),(AA34-(+AA34*U36)),IF(R36="Impacto",AA35,""))),"") | Z36: =IFERROR(IF(Y36="","",IF(Y36<=0.2,"Rara vez",IF(Y36<=0.4,"Improbable",IF(Y36<=0.6,"Posible",IF(Y36<=0.8,"Probable","Casi Seguro"))))),"") | AA36: =+Y36 | AB36: =IFERROR(IF(AC36="","",IF(AC36<=0.6,"Moderado",IF(AC36<=0.8,"Mayor","Catastrófico"))),"") | AC36: =IFERROR(IF(AND(R35="Impacto",R36="Impacto"),(AC35-(+AC35*U36)),IF(AND(R35="Probabilidad",R36="Impacto"),(AC34-(+AC34*U36)),IF(R36="Probabilidad",AC35,""))),"") | AD36: =IFERROR(IF(OR(AND(Z36="Rara vez",AB36="Leve"),AND(Z36="Rara vez",AB36="Menor"),AND(Z36="Improbable",AB36="Leve")),"Bajo",IF(OR(AND(Z36="Rara vez",AB36="Moderado"),AND(Z36="Improbable",AB36="Menor"),AND(Z36="Improbable",AB36="Moderado"),AND(Z36="Posible",AB36="Leve"),AND(Z36="Posible",AB36="Menor"),AND(Z36="Posible",AB36="Moderado"),AND(Z36="Probable",AB36="Leve"),AND(Z36="Probable",AB36="Menor")),"Moderado",IF(OR(AND(Z36="Rara vez",AB36="Mayor"),AND(Z36="Improbable",AB36="Mayor"),AND(Z36="Posible",AB36="Mayor"),AND(Z36="Probable",AB36="Moderado"),AND(Z36="Probable",AB36="Mayor"),AND(Z36="Casi Seguro",AB36="Leve"),AND(Z36="Casi Seguro",AB36="Menor"),AND(Z36="Casi Seguro",AB36="Moderado"),AND(Z36="Casi Seguro",AB36="Mayor")),"Alto",IF(OR(AND(Z36="Rara vez",AB36="Catastrófico"),AND(Z36="Improbable",AB36="Catastrófico"),AND(Z36="Posible",AB36="Catastrófico"),AND(Z36="Probable",AB36="Catastrófico"),AND(Z36="Casi Seguro",AB36="Catastrófico")),"Extremo","")))),"")
L37: =IF(NOT(ISERROR(MATCH(K37,_xlfn.ANCHORARRAY(G48),0))),J50&"Por favor no seleccionar los criterios de impacto",K37) -> 0 | P37: 6 | R37: =IF(OR(S37="Preventivo",S37="Detectivo"),"Probabilidad",IF(S37="Correctivo","Impacto","")) | U37: =IF(AND(S37="Preventivo",T37="Automático"),"50%",IF(AND(S37="Preventivo",T37="Manual"),"40%",IF(AND(S37="Detectivo",T37="Automático"),"40%",IF(AND(S37="Detectivo",T37="Manual"),"30%",IF(AND(S37="Correctivo",T37="Automático"),"35%",IF(AND(S37="Correctivo",T37="Manual"),"25%","")))))) | Y37: =IFERROR(IF(AND(R36="Probabilidad",R37="Probabilidad"),(AA36-(+AA36*U37)),IF(AND(R36="Impacto",R37="Probabilidad"),(AA35-(+AA35*U37)),IF(R37="Impacto",AA36,""))),"") | Z37: =IFERROR(IF(Y37="","",IF(Y37<=0.2,"Rara vez",IF(Y37<=0.4,"Improbable",IF(Y37<=0.6,"Posible",IF(Y37<=0.8,"Probable","Casi Seguro"))))),"") | AA37: =+Y37 | AB37: =IFERROR(IF(AC37="","",IF(AC37<=0.6,"Moderado",IF(AC37<=0.8,"Mayor","Catastrófico"))),"") | AC37: =IFERROR(IF(AND(R36="Impacto",R37="Impacto"),(AC36-(+AC36*U37)),IF(AND(R36="Probabilidad",R37="Impacto"),(AC35-(+AC35*U37)),IF(R37="Probabilidad",AC36,""))),"") | AD37: =IFERROR(IF(OR(AND(Z37="Rara vez",AB37="Leve"),AND(Z37="Rara vez",AB37="Menor"),AND(Z37="Improbable",AB37="Leve")),"Bajo",IF(OR(AND(Z37="Rara vez",AB37="Moderado"),AND(Z37="Improbable",AB37="Menor"),AND(Z37="Improbable",AB37="Moderado"),AND(Z37="Posible",AB37="Leve"),AND(Z37="Posible",AB37="Menor"),AND(Z37="Posible",AB37="Moderado"),AND(Z37="Probable",AB37="Leve"),AND(Z37="Probable",AB37="Menor")),"Moderado",IF(OR(AND(Z37="Rara vez",AB37="Mayor"),AND(Z37="Improbable",AB37="Mayor"),AND(Z37="Posible",AB37="Mayor"),AND(Z37="Probable",AB37="Moderado"),AND(Z37="Probable",AB37="Mayor"),AND(Z37="Casi Seguro",AB37="Leve"),AND(Z37="Casi Seguro",AB37="Menor"),AND(Z37="Casi Seguro",AB37="Moderado"),AND(Z37="Casi Seguro",AB37="Mayor")),"Alto",IF(OR(AND(Z37="Rara vez",AB37="Catastrófico"),AND(Z37="Improbable",AB37="Catastrófico"),AND(Z37="Posible",AB37="Catastrófico"),AND(Z37="Probable",AB37="Catastrófico"),AND(Z37="Casi Seguro",AB37="Catastrófico")),"Extremo","")))),"")
B38: RC-GP-2 | C38: Gestión del Cumplimiento | D38: Posibilidad de solicitar o recibir dadivas a nombre propio o de tercero por viabilizar los conceptos y/o lineamientos emitidos en el marco de la gestión de debidas diligencias y/o la atención de denuncias | E38: Riesgo Corrupción | F38: Falta de ética profesional Falta de control del proceso | G38: Investigaciones penales o disciplinarias Pérdida de imagen reputacional y credibilidad institucional | H38: No se ha presentado en los últimos 5 años | I38: =IF(H38<=0,"",IF(H38="No se ha presentado en los últimos 5 años","Rara vez",IF(H38="Al menos 1 vez en los últimos 5 años","Improbable",IF(H38="Al menos 1 vez en los últimos 2 años","Posible",IF(H38="Al menos 1 vez en el último año","Probable",IF(H38="Más de 1 vez al año","Casi Seguro")))))) -> Rara vez | J38: =IF(I38="","",IF(I38="Rara vez",0.2,IF(I38="Improbable",0.4,IF(I38="Posible",0.6,IF(I38="Probable",0.8,IF(I38="Casi Seguro",1,)))))) -> 0.2 | K38: Responder afirmativamente de SEIS a ONCE | L38: =IF(NOT(ISERROR(MATCH(K38,'[5]Tabla Impacto'!$B$220:$B$222,0))),'[5]Tabla Impacto'!$F$222&"Por favor no seleccionar los criterios de impacto(Afectación Económica o presupuestal y Pérdida Reputacional)",K38) -> Responder afirmativamente de SEIS a ONCE | M38: =IF(OR(L38='[5]Tabla Impacto'!$C$5),"Moderado",IF(OR(L38='[5]Tabla Impacto'!$C$6),"Mayor",IF(OR(L38='[5]Tabla Impacto'!$C$7),"Catastrófico",""))) -> Mayor | N38: =IF(M38="","",IF(M38="Leve",0.2,IF(M38="Menor",0.4,IF(M38="Moderado",0.6,IF(M38="Mayor",0.8,IF(M38="Catastrófico",1,)))))) -> 0.8 | O38: =IF(OR(AND(I38="Rara vez",M38="Leve"),AND(I38="Rara vez",M38="Menor"),AND(I38="Improbable",M38="Leve")),"Bajo",IF(OR(AND(I38="Rara vez",M38="Moderado"),AND(I38="Improbable",M38="Menor"),AND(I38="Improbable",M38="Moderado"),AND(I38="Posible",M38="Leve"),AND(I38="Posible",M38="Menor"),AND(I38="Posible",M38="Moderado"),AND(I38="Probable",M38="Leve"),AND(I38="Probable",M38="Menor")),"Moderado",IF(OR(AND(I38="Rara vez",M38="Mayor"),AND(I38="Improbable",M38="Mayor"),AND(I38="Posible",M38="Mayor"),AND(I38="Probable",M38="Moderado"),AND(I38="Probable",M38="Mayor"),AND(I38="Casi Seguro",M38="Leve"),AND(I38="Casi Seguro",M38="Menor"),AND(I38="Casi Seguro",M38="Moderado"),AND(I38="Casi Seguro",M38="Mayor")),"Alto",IF(OR(AND(I38="Rara vez",M38="Catastrófico"),AND(I38="Improbable",M38="Catastrófico"),AND(I38="Posible",M38="Catastrófico"),AND(I38="Probable",M38="Catastrófico"),AND(I38="Casi Seguro",M38="Catastrófico")),"Extremo","")))) -> Alto | P38: 1 | Q38: El funcionario designado del grupo de integridad diariamente revisan el buzón de integridad@saesas.gov.co como único canal interno autorizado de recepción de denuncias al cual tienen acceso todos los integrantes del equipo de Integridad. Es importante mencionar que no se tiene comunicación directa con el ciudadano denunciante ni los involucrados | R38: =IF(OR(S38="Preventivo",S38="Detectivo"),"Probabilidad",IF(S38="Correctivo","Impacto","")) -> Probabilidad | S38: Preventivo | T38: Manual | U38: =IF(AND(S38="Preventivo",T38="Automático"),"50%",IF(AND(S38="Preventivo",T38="Manual"),"40%",IF(AND(S38="Detectivo",T38="Automático"),"40%",IF(AND(S38="Detectivo",T38="Manual"),"30%",IF(AND(S38="Correctivo",T38="Automático"),"35%",IF(AND(S38="Correctivo",T38="Manual"),"25%","")))))) -> 40% | V38: Documentado | W38: Continua | X38: Sin Registro | Y38: =IFERROR(IF(R38="Probabilidad",(J38-(+J38*U38)),IF(R38="Impacto",J38,"")),"") -> 0.12 | Z38: =IFERROR(IF(Y38="","",IF(Y38<=0.2,"Rara vez",IF(Y38<=0.4,"Improbable",IF(Y38<=0.6,"Posible",IF(Y38<=0.8,"Probable","Casi Seguro"))))),"") -> Rara vez | AA38: =+Y38 -> 0.12 | AB38: =IFERROR(IF(AC38="","",IF(AC38<=0.6,"Moderado",IF(AC38<=0.8,"Mayor","Catastrófico"))),"") -> Mayor | AC38: =IFERROR(IF(R38="Impacto",(N38-(+N38*U38)),IF(R38="Probabilidad",N38,"")),"") -> 0.8 | AD38: =IFERROR(IF(OR(AND(Z38="Rara vez",AB38="Leve"),AND(Z38="Rara vez",AB38="Menor"),AND(Z38="Improbable",AB38="Leve")),"Bajo",IF(OR(AND(Z38="Rara vez",AB38="Moderado"),AND(Z38="Improbable",AB38="Menor"),AND(Z38="Improbable",AB38="Moderado"),AND(Z38="Posible",AB38="Leve"),AND(Z38="Posible",AB38="Menor"),AND(Z38="Posible",AB38="Moderado"),AND(Z38="Probable",AB38="Leve"),AND(Z38="Probable",AB38="Menor")),"Moderado",IF(OR(AND(Z38="Rara vez",AB38="Mayor"),AND(Z38="Improbable",AB38="Mayor"),AND(Z38="Posible",AB38="Mayor"),AND(Z38="Probable",AB38="Moderado"),AND(Z38="Probable",AB38="Mayor"),AND(Z38="Casi Seguro",AB38="Leve"),AND(Z38="Casi Seguro",AB38="Menor"),AND(Z38="Casi Seguro",AB38="Moderado"),AND(Z38="Casi Seguro",AB38="Mayor")),"Alto",IF(OR(AND(Z38="Rara vez",AB38="Catastrófico"),AND(Z38="Improbable",AB38="Catastrófico"),AND(Z38="Posible",AB38="Catastrófico"),AND(Z38="Probable",AB38="Catastrófico"),AND(Z38="Casi Seguro",AB38="Catastrófico")),"Extremo","")))),"") -> Alto | AL38: 45438 | AM38: Monitoreado | AN38: =+O38 -> Alto | AO38: =+AD38 -> Alto
L39: =IF(NOT(ISERROR(MATCH(K39,_xlfn.ANCHORARRAY(G50),0))),J52&"Por favor no seleccionar los criterios de impacto",K39) -> 0 | P39: 2 | Q39: La Jefe de Oficina OIAC cada vez que se elabora un concepto sobre denuncia realiza revisión como segundo punto de control, solicita subsanaciones, aprueba y envía al área correspondiente para su respectivo trámite. | R39: =IF(OR(S39="Preventivo",S39="Detectivo"),"Probabilidad",IF(S39="Correctivo","Impacto","")) -> Probabilidad | S39: Detectivo | T39: Manual | U39: =IF(AND(S39="Preventivo",T39="Automático"),"50%",IF(AND(S39="Preventivo",T39="Manual"),"40%",IF(AND(S39="Detectivo",T39="Automático"),"40%",IF(AND(S39="Detectivo",T39="Manual"),"30%",IF(AND(S39="Correctivo",T39="Automático"),"35%",IF(AND(S39="Correctivo",T39="Manual"),"25%","")))))) -> 30% | V39: Documentado | W39: Continua | X39: Sin Registro | Y39: =IFERROR(IF(AND(R38="Probabilidad",R39="Probabilidad"),(AA38-(+AA38*U39)),IF(R39="Probabilidad",(J38-(+J38*U39)),IF(R39="Impacto",AA38,""))),"") -> 0.084 | Z39: =IFERROR(IF(Y39="","",IF(Y39<=0.2,"Rara vez",IF(Y39<=0.4,"Improbable",IF(Y39<=0.6,"Posible",IF(Y39<=0.8,"Probable","Casi Seguro"))))),"") -> Rara vez | AA39: =+Y39 -> 0.084 | AB39: =IFERROR(IF(AC39="","",IF(AC39<=0.6,"Moderado",IF(AC39<=0.8,"Mayor","Catastrófico"))),"") -> Mayor | AC39: =IFERROR(IF(AND(R38="Impacto",R39="Impacto"),(AC38-(+AC38*U39)),IF(R39="Impacto",(N38-(+N38*U39)),IF(R39="Probabilidad",AC38,""))),"") -> 0.8 | AD39: =IFERROR(IF(OR(AND(Z39="Rara vez",AB39="Leve"),AND(Z39="Rara vez",AB39="Menor"),AND(Z39="Improbable",AB39="Leve")),"Bajo",IF(OR(AND(Z39="Rara vez",AB39="Moderado"),AND(Z39="Improbable",AB39="Menor"),AND(Z39="Improbable",AB39="Moderado"),AND(Z39="Posible",AB39="Leve"),AND(Z39="Posible",AB39="Menor"),AND(Z39="Posible",AB39="Moderado"),AND(Z39="Probable",AB39="Leve"),AND(Z39="Probable",AB39="Menor")),"Moderado",IF(OR(AND(Z39="Rara vez",AB39="Mayor"),AND(Z39="Improbable",AB39="Mayor"),AND(Z39="Posible",AB39="Mayor"),AND(Z39="Probable",AB39="Moderado"),AND(Z39="Probable",AB39="Mayor"),AND(Z39="Casi Seguro",AB39="Leve"),AND(Z39="Casi Seguro",AB39="Menor"),AND(Z39="Casi Seguro",AB39="Moderado"),AND(Z39="Casi Seguro",AB39="Mayor")),"Alto",IF(OR(AND(Z39="Rara vez",AB39="Catastrófico"),AND(Z39="Improbable",AB39="Catastrófico"),AND(Z39="Posible",AB39="Catastrófico"),AND(Z39="Probable",AB39="Catastrófico"),AND(Z39="Casi Seguro",AB39="Catastrófico")),"Extremo","")))),"") -> Alto
L40: =IF(NOT(ISERROR(MATCH(K40,_xlfn.ANCHORARRAY(G51),0))),J53&"Por favor no seleccionar los criterios de impacto",K40) -> 0 | P40: 3 | Q40: El funcionario designado del grupo de SARLAFT diariamente revisan el buzón de canaletico@saesas.gov.co como único canal interno autorizado de recepción de solicitud de debidas diligencias al cual solo tiene acceso el coordinador del grupo y quien designe Es importante mencionar que no se tiene comunicación directa con los terceros solicitantes a vincularse a SAE | R40: =IF(OR(S40="Preventivo",S40="Detectivo"),"Probabilidad",IF(S40="Correctivo","Impacto","")) -> Probabilidad | S40: Preventivo | T40: Manual | U40: =IF(AND(S40="Preventivo",T40="Automático"),"50%",IF(AND(S40="Preventivo",T40="Manual"),"40%",IF(AND(S40="Detectivo",T40="Automático"),"40%",IF(AND(S40="Detectivo",T40="Manual"),"30%",IF(AND(S40="Correctivo",T40="Automático"),"35%",IF(AND(S40="Correctivo",T40="Manual"),"25%","")))))) -> 40% | V40: Documentado | W40: Continua | X40: Sin Registro | Y40: =IFERROR(IF(AND(R39="Probabilidad",R40="Probabilidad"),(AA39-(+AA39*U40)),IF(AND(R39="Impacto",R40="Probabilidad"),(AA38-(+AA38*U40)),IF(R40="Impacto",AA39,""))),"") -> 0.0504 | Z40: =IFERROR(IF(Y40="","",IF(Y40<=0.2,"Rara vez",IF(Y40<=0.4,"Improbable",IF(Y40<=0.6,"Posible",IF(Y40<=0.8,"Probable","Casi Seguro"))))),"") -> Rara vez | AA40: =+Y40 -> 0.0504 | AB40: =IFERROR(IF(AC40="","",IF(AC40<=0.6,"Moderado",IF(AC40<=0.8,"Mayor","Catastrófico"))),"") -> Mayor | AC40: =IFERROR(IF(AND(R39="Impacto",R40="Impacto"),(AC39-(+AC39*U40)),IF(AND(R39="Probabilidad",R40="Impacto"),(AC38-(+AC38*U40)),IF(R40="Probabilidad",AC39,""))),"") -> 0.8 | AD40: =IFERROR(IF(OR(AND(Z40="Rara vez",AB40="Leve"),AND(Z40="Rara vez",AB40="Menor"),AND(Z40="Improbable",AB40="Leve")),"Bajo",IF(OR(AND(Z40="Rara vez",AB40="Moderado"),AND(Z40="Improbable",AB40="Menor"),AND(Z40="Improbable",AB40="Moderado"),AND(Z40="Posible",AB40="Leve"),AND(Z40="Posible",AB40="Menor"),AND(Z40="Posible",AB40="Moderado"),AND(Z40="Probable",AB40="Leve"),AND(Z40="Probable",AB40="Menor")),"Moderado",IF(OR(AND(Z40="Rara vez",AB40="Mayor"),AND(Z40="Improbable",AB40="Mayor"),AND(Z40="Posible",AB40="Mayor"),AND(Z40="Probable",AB40="Moderado"),AND(Z40="Probable",AB40="Mayor"),AND(Z40="Casi Seguro",AB40="Leve"),AND(Z40="Casi Seguro",AB40="Menor"),AND(Z40="Casi Seguro",AB40="Moderado"),AND(Z40="Casi Seguro",AB40="Mayor")),"Alto",IF(OR(AND(Z40="Rara vez",AB40="Catastrófico"),AND(Z40="Improbable",AB40="Catastrófico"),AND(Z40="Posible",AB40="Catastrófico"),AND(Z40="Probable",AB40="Catastrófico"),AND(Z40="Casi Seguro",AB40="Catastrófico")),"Extremo","")))),"") -> Alto
L41: =IF(NOT(ISERROR(MATCH(K41,_xlfn.ANCHORARRAY(G52),0))),J54&"Por favor no seleccionar los criterios de impacto",K41) -> 0 | P41: 4 | Q41: El (La) Coordinador(a) del equipo de SARLAFT de la Oficina OIAC cada vez que se elabora un concepto en PDF sobre debida diligencia realiza la revisión como segundo punto de control tanto del concepto, como los soportes de resumen de análisis financiero, consulta de terceros e informe de validación que arroja la herramienta tecnológica. Solicita subsanaciones al funcionario de OIAC en caso que se requiera, aprueba y envía al área solicitante para su respectivo trámite. | R41: =IF(OR(S41="Preventivo",S41="Detectivo"),"Probabilidad",IF(S41="Correctivo","Impacto","")) -> Probabilidad | S41: Detectivo | T41: Manual | U41: =IF(AND(S41="Preventivo",T41="Automático"),"50%",IF(AND(S41="Preventivo",T41="Manual"),"40%",IF(AND(S41="Detectivo",T41="Automático"),"40%",IF(AND(S41="Detectivo",T41="Manual"),"30%",IF(AND(S41="Correctivo",T41="Automático"),"35%",IF(AND(S41="Correctivo",T41="Manual"),"25%","")))))) -> 30% | V41: Documentado | W41: Continua | X41: Sin Registro | Y41: =IFERROR(IF(AND(R40="Probabilidad",R41="Probabilidad"),(AA40-(+AA40*U41)),IF(AND(R40="Impacto",R41="Probabilidad"),(AA39-(+AA39*U41)),IF(R41="Impacto",AA40,""))),"") -> 0.03528 | Z41: =IFERROR(IF(Y41="","",IF(Y41<=0.2,"Rara vez",IF(Y41<=0.4,"Improbable",IF(Y41<=0.6,"Posible",IF(Y41<=0.8,"Probable","Casi Seguro"))))),"") -> Rara vez | AA41: =+Y41 -> 0.03528 | AB41: =IFERROR(IF(AC41="","",IF(AC41<=0.6,"Moderado",IF(AC41<=0.8,"Mayor","Catastrófico"))),"") -> Mayor | AC41: =IFERROR(IF(AND(R40="Impacto",R41="Impacto"),(AC40-(+AC40*U41)),IF(AND(R40="Probabilidad",R41="Impacto"),(AC39-(+AC39*U41)),IF(R41="Probabilidad",AC40,""))),"") -> 0.8 | AD41: =IFERROR(IF(OR(AND(Z41="Rara vez",AB41="Leve"),AND(Z41="Rara vez",AB41="Menor"),AND(Z41="Improbable",AB41="Leve")),"Bajo",IF(OR(AND(Z41="Rara vez",AB41="Moderado"),AND(Z41="Improbable",AB41="Menor"),AND(Z41="Improbable",AB41="Moderado"),AND(Z41="Posible",AB41="Leve"),AND(Z41="Posible",AB41="Menor"),AND(Z41="Posible",AB41="Moderado"),AND(Z41="Probable",AB41="Leve"),AND(Z41="Probable",AB41="Menor")),"Moderado",IF(OR(AND(Z41="Rara vez",AB41="Mayor"),AND(Z41="Improbable",AB41="Mayor"),AND(Z41="Posible",AB41="Mayor"),AND(Z41="Probable",AB41="Moderado"),AND(Z41="Probable",AB41="Mayor"),AND(Z41="Casi Seguro",AB41="Leve"),AND(Z41="Casi Seguro",AB41="Menor"),AND(Z41="Casi Seguro",AB41="Moderado"),AND(Z41="Casi Seguro",AB41="Mayor")),"Alto",IF(OR(AND(Z41="Rara vez",AB41="Catastrófico"),AND(Z41="Improbable",AB41="Catastrófico"),AND(Z41="Posible",AB41="Catastrófico"),AND(Z41="Probable",AB41="Catastrófico"),AND(Z41="Casi Seguro",AB41="Catastrófico")),"Extremo","")))),"") -> Alto | AE41: Reducir (mitigar) | AF41: Realizar la actualización de la documentación de los procesos una vez esté aprobada las respectivas Políticas | AG41: OIAC | AH41: 31/11/2024 | AK41: En curso
L42: =IF(NOT(ISERROR(MATCH(K42,_xlfn.ANCHORARRAY(G53),0))),J55&"Por favor no seleccionar los criterios de impacto",K42) -> 0 | P42: 5 | R42: =IF(OR(S42="Preventivo",S42="Detectivo"),"Probabilidad",IF(S42="Correctivo","Impacto","")) | U42: =IF(AND(S42="Preventivo",T42="Automático"),"50%",IF(AND(S42="Preventivo",T42="Manual"),"40%",IF(AND(S42="Detectivo",T42="Automático"),"40%",IF(AND(S42="Detectivo",T42="Manual"),"30%",IF(AND(S42="Correctivo",T42="Automático"),"35%",IF(AND(S42="Correctivo",T42="Manual"),"25%","")))))) | Y42: =IFERROR(IF(AND(R41="Probabilidad",R42="Probabilidad"),(AA41-(+AA41*U42)),IF(AND(R41="Impacto",R42="Probabilidad"),(AA40-(+AA40*U42)),IF(R42="Impacto",AA41,""))),"") | Z42: =IFERROR(IF(Y42="","",IF(Y42<=0.2,"Rara vez",IF(Y42<=0.4,"Improbable",IF(Y42<=0.6,"Posible",IF(Y42<=0.8,"Probable","Casi Seguro"))))),"") | AA42: =+Y42 | AB42: =IFERROR(IF(AC42="","",IF(AC42<=0.6,"Moderado",IF(AC42<=0.8,"Mayor","Catastrófico"))),"") | AC42: =IFERROR(IF(AND(R41="Impacto",R42="Impacto"),(AC41-(+AC41*U42)),IF(AND(R41="Probabilidad",R42="Impacto"),(AC40-(+AC40*U42)),IF(R42="Probabilidad",AC41,""))),"") | AD42: =IFERROR(IF(OR(AND(Z42="Rara vez",AB42="Leve"),AND(Z42="Rara vez",AB42="Menor"),AND(Z42="Improbable",AB42="Leve")),"Bajo",IF(OR(AND(Z42="Rara vez",AB42="Moderado"),AND(Z42="Improbable",AB42="Menor"),AND(Z42="Improbable",AB42="Moderado"),AND(Z42="Posible",AB42="Leve"),AND(Z42="Posible",AB42="Menor"),AND(Z42="Posible",AB42="Moderado"),AND(Z42="Probable",AB42="Leve"),AND(Z42="Probable",AB42="Menor")),"Moderado",IF(OR(AND(Z42="Rara vez",AB42="Mayor"),AND(Z42="Improbable",AB42="Mayor"),AND(Z42="Posible",AB42="Mayor"),AND(Z42="Probable",AB42="Moderado"),AND(Z42="Probable",AB42="Mayor"),AND(Z42="Casi Seguro",AB42="Leve"),AND(Z42="Casi Seguro",AB42="Menor"),AND(Z42="Casi Seguro",AB42="Moderado"),AND(Z42="Casi Seguro",AB42="Mayor")),"Alto",IF(OR(AND(Z42="Rara vez",AB42="Catastrófico"),AND(Z42="Improbable",AB42="Catastrófico"),AND(Z42="Posible",AB42="Catastrófico"),AND(Z42="Probable",AB42="Catastrófico"),AND(Z42="Casi Seguro",AB42="Catastrófico")),"Extremo","")))),"")
L43: =IF(NOT(ISERROR(MATCH(K43,_xlfn.ANCHORARRAY(G54),0))),J56&"Por favor no seleccionar los criterios de impacto",K43) -> 0 | P43: 6 | R43: =IF(OR(S43="Preventivo",S43="Detectivo"),"Probabilidad",IF(S43="Correctivo","Impacto","")) | U43: =IF(AND(S43="Preventivo",T43="Automático"),"50%",IF(AND(S43="Preventivo",T43="Manual"),"40%",IF(AND(S43="Detectivo",T43="Automático"),"40%",IF(AND(S43="Detectivo",T43="Manual"),"30%",IF(AND(S43="Correctivo",T43="Automático"),"35%",IF(AND(S43="Correctivo",T43="Manual"),"25%","")))))) | Y43: =IFERROR(IF(AND(R42="Probabilidad",R43="Probabilidad"),(AA42-(+AA42*U43)),IF(AND(R42="Impacto",R43="Probabilidad"),(AA41-(+AA41*U43)),IF(R43="Impacto",AA42,""))),"") | Z43: =IFERROR(IF(Y43="","",IF(Y43<=0.2,"Rara vez",IF(Y43<=0.4,"Improbable",IF(Y43<=0.6,"Posible",IF(Y43<=0.8,"Probable","Casi Seguro"))))),"") | AA43: =+Y43 | AB43: =IFERROR(IF(AC43="","",IF(AC43<=0.6,"Moderado",IF(AC43<=0.8,"Mayor","Catastrófico"))),"") | AC43: =IFERROR(IF(AND(R42="Impacto",R43="Impacto"),(AC42-(+AC42*U43)),IF(AND(R42="Probabilidad",R43="Impacto"),(AC41-(+AC41*U43)),IF(R43="Probabilidad",AC42,""))),"") | AD43: =IFERROR(IF(OR(AND(Z43="Rara vez",AB43="Leve"),AND(Z43="Rara vez",AB43="Menor"),AND(Z43="Improbable",AB43="Leve")),"Bajo",IF(OR(AND(Z43="Rara vez",AB43="Moderado"),AND(Z43="Improbable",AB43="Menor"),AND(Z43="Improbable",AB43="Moderado"),AND(Z43="Posible",AB43="Leve"),AND(Z43="Posible",AB43="Menor"),AND(Z43="Posible",AB43="Moderado"),AND(Z43="Probable",AB43="Leve"),AND(Z43="Probable",AB43="Menor")),"Moderado",IF(OR(AND(Z43="Rara vez",AB43="Mayor"),AND(Z43="Improbable",AB43="Mayor"),AND(Z43="Posible",AB43="Mayor"),AND(Z43="Probable",AB43="Moderado"),AND(Z43="Probable",AB43="Mayor"),AND(Z43="Casi Seguro",AB43="Leve"),AND(Z43="Casi Seguro",AB43="Menor"),AND(Z43="Casi Seguro",AB43="Moderado"),AND(Z43="Casi Seguro",AB43="Mayor")),"Alto",IF(OR(AND(Z43="Rara vez",AB43="Catastrófico"),AND(Z43="Improbable",AB43="Catastrófico"),AND(Z43="Posible",AB43="Catastrófico"),AND(Z43="Probable",AB43="Catastrófico"),AND(Z43="Casi Seguro",AB43="Catastrófico")),"Extremo","")))),"")
B44: RC-GF-1 | C44: Gestión Financiera | D44: Posibilidad de alteración de la información contenida en el archivo plano para los pagos por concepto de nómina, impuestos locales, servicios públicos y descuentos por nómina, con el fin de lograr un pago efectivo a su beneficiario final | E44: Riesgo de Corrupción | F44: Falta de ética profesional Que los archivos planos para pago sean alterados. | G44: Afectación en el nivel de satisfacción de usuarios internos y/o externos Demandas Afectación de la Imagen Institucional | H44: No se ha presentado en los últimos 5 años | I44: =IF(H44<=0,"",IF(H44="No se ha presentado en los últimos 5 años","Rara vez",IF(H44="Al menos 1 vez en los últimos 5 años","Improbable",IF(H44="Al menos 1 vez en los últimos 2 años","Posible",IF(H44="Al menos 1 vez en el último año","Probable",IF(H44="Más de 1 vez al año","Casi Seguro")))))) -> Rara vez | J44: =IF(I44="","",IF(I44="Rara vez",0.2,IF(I44="Improbable",0.4,IF(I44="Posible",0.6,IF(I44="Probable",0.8,IF(I44="Casi Seguro",1,)))))) -> 0.2 | K44: Responder afirmativamente de SEIS a ONCE | L44: =IF(NOT(ISERROR(MATCH(K44,'[6]Tabla Impacto'!$B$220:$B$222,0))),'[6]Tabla Impacto'!$F$222&"Por favor no seleccionar los criterios de impacto(Criterios para calificar el impacto)",K44) -> Responder afirmativamente de SEIS a ONCE | M44: =IF(OR(L44='[6]Tabla Impacto'!$C$5),"Moderado",IF(OR(L44='[6]Tabla Impacto'!$C$6),"Mayor",IF(OR(L44='[6]Tabla Impacto'!$C$7),"Catastrófico",""))) -> Mayor | N44: =IF(M44="","",IF(M44="Leve",0.2,IF(M44="Menor",0.4,IF(M44="Moderado",0.6,IF(M44="Mayor",0.8,IF(M44="Catastrófico",1,)))))) -> 0.8 | O44: =IF(OR(AND(I44="Rara vez",M44="Leve"),AND(I44="Rara vez",M44="Menor"),AND(I44="Improbable",M44="Leve")),"Bajo",IF(OR(AND(I44="Rara vez",M44="Moderado"),AND(I44="Improbable",M44="Menor"),AND(I44="Improbable",M44="Moderado"),AND(I44="Posible",M44="Leve"),AND(I44="Posible",M44="Menor"),AND(I44="Posible",M44="Moderado"),AND(I44="Probable",M44="Leve"),AND(I44="Probable",M44="Menor")),"Moderado",IF(OR(AND(I44="Rara vez",M44="Mayor"),AND(I44="Improbable",M44="Mayor"),AND(I44="Posible",M44="Mayor"),AND(I44="Probable",M44="Moderado"),AND(I44="Probable",M44="Mayor"),AND(I44="Casi Seguro",M44="Leve"),AND(I44="Casi Seguro",M44="Menor"),AND(I44="Casi Seguro",M44="Moderado"),AND(I44="Casi Seguro",M44="Mayor")),"Alto",IF(OR(AND(I44="Rara vez",M44="Catastrófico"),AND(I44="Improbable",M44="Catastrófico"),AND(I44="Posible",M44="Catastrófico"),AND(I44="Probable",M44="Catastrófico"),AND(I44="Casi Seguro",M44="Catastrófico")),"Extremo","")))) -> Alto | P44: 1 | Q44: El funcionario designado de la Tesorería de la Dirección Financiera diariamente realiza que previamente se encuentre con las autorizaciones respectivas en el flujo de pagos del aplicativo financiero para ejecutar el proceso de gestión de pago. Como evidencia queda la trazabilidad en el aplicativo financiero | R44: =IF(OR(S44="Preventivo",S44="Detectivo"),"Probabilidad",IF(S44="Correctivo","Impacto","")) -> Probabilidad | S44: Preventivo | T44: Automático | U44: =IF(AND(S44="Preventivo",T44="Automático"),"50%",IF(AND(S44="Preventivo",T44="Manual"),"40%",IF(AND(S44="Detectivo",T44="Automático"),"40%",IF(AND(S44="Detectivo",T44="Manual"),"30%",IF(AND(S44="Correctivo",T44="Automático"),"35%",IF(AND(S44="Correctivo",T44="Manual"),"25%","")))))) -> 50% | V44: Documentado | W44: Continua | X44: Sin Registro | Y44: =IFERROR(IF(R44="Probabilidad",(J44-(+J44*U44)),IF(R44="Impacto",J44,"")),"") -> 0.1 | Z44: =IFERROR(IF(Y44="","",IF(Y44<=0.2,"Rara vez",IF(Y44<=0.4,"Improbable",IF(Y44<=0.6,"Posible",IF(Y44<=0.8,"Probable","Casi Seguro"))))),"") -> Rara vez | AA44: =+Y44 -> 0.1 | AB44: =IFERROR(IF(AC44="","",IF(AC44<=0.6,"Moderado",IF(AC44<=0.8,"Mayor","Catastrófico"))),"") -> Mayor | AC44: =IFERROR(IF(R44="Impacto",(N44-(+N44*U44)),IF(R44="Probabilidad",N44,"")),"") -> 0.8 | AD44: =IFERROR(IF(OR(AND(Z44="Rara vez",AB44="Leve"),AND(Z44="Rara vez",AB44="Menor"),AND(Z44="Improbable",AB44="Leve")),"Bajo",IF(OR(AND(Z44="Rara vez",AB44="Moderado"),AND(Z44="Improbable",AB44="Menor"),AND(Z44="Improbable",AB44="Moderado"),AND(Z44="Posible",AB44="Leve"),AND(Z44="Posible",AB44="Menor"),AND(Z44="Posible",AB44="Moderado"),AND(Z44="Probable",AB44="Leve"),AND(Z44="Probable",AB44="Menor")),"Moderado",IF(OR(AND(Z44="Rara vez",AB44="Mayor"),AND(Z44="Improbable",AB44="Mayor"),AND(Z44="Posible",AB44="Mayor"),AND(Z44="Probable",AB44="Moderado"),AND(Z44="Probable",AB44="Mayor"),AND(Z44="Casi Seguro",AB44="Leve"),AND(Z44="Casi Seguro",AB44="Menor"),AND(Z44="Casi Seguro",AB44="Moderado"),AND(Z44="Casi Seguro",AB44="Mayor")),"Alto",IF(OR(AND(Z44="Rara vez",AB44="Catastrófico"),AND(Z44="Improbable",AB44="Catastrófico"),AND(Z44="Posible",AB44="Catastrófico"),AND(Z44="Probable",AB44="Catastrófico"),AND(Z44="Casi Seguro",AB44="Catastrófico")),"Extremo","")))),"") -> Alto | AL44: 45432 | AM44: Monitoreado | AN44: =+O44 -> Alto | AO44: =+AD44 -> Alto
L45: =IF(NOT(ISERROR(MATCH(K45,_xlfn.ANCHORARRAY(G56),0))),J58&"Por favor no seleccionar los criterios de impacto",K45) -> 0 | P45: 2 | Q45: El funcionario designado por Tesorería de la Dirección Financiera diariamente descarga el archivo plano que el aplicativo financiero genera de manera automática. Este archivo contiene la estructura y los protocolos de seguridad Asobancaria. Como evidencia queda el flujo del aplicativo financiero | R45: =IF(OR(S45="Preventivo",S45="Detectivo"),"Probabilidad",IF(S45="Correctivo","Impacto","")) -> Probabilidad | S45: Detectivo | T45: Automático | U45: =IF(AND(S45="Preventivo",T45="Automático"),"50%",IF(AND(S45="Preventivo",T45="Manual"),"40%",IF(AND(S45="Detectivo",T45="Automático"),"40%",IF(AND(S45="Detectivo",T45="Manual"),"30%",IF(AND(S45="Correctivo",T45="Automático"),"35%",IF(AND(S45="Correctivo",T45="Manual"),"25%","")))))) -> 40% | V45: Documentado | W45: Continua | X45: Sin Registro | Y45: =IFERROR(IF(AND(R44="Probabilidad",R45="Probabilidad"),(AA44-(+AA44*U45)),IF(R45="Probabilidad",(J44-(+J44*U45)),IF(R45="Impacto",AA44,""))),"") -> 0.06 | Z45: =IFERROR(IF(Y45="","",IF(Y45<=0.2,"Rara vez",IF(Y45<=0.4,"Improbable",IF(Y45<=0.6,"Posible",IF(Y45<=0.8,"Probable","Casi Seguro"))))),"") -> Rara vez | AA45: =+Y45 -> 0.06 | AB45: =IFERROR(IF(AC45="","",IF(AC45<=0.6,"Moderado",IF(AC45<=0.8,"Mayor","Catastrófico"))),"") -> Mayor | AC45: =IFERROR(IF(AND(R44="Impacto",R45="Impacto"),(AC44-(+AC44*U45)),IF(R45="Impacto",(N44-(+N44*U45)),IF(R45="Probabilidad",AC44,""))),"") -> 0.8 | AD45: =IFERROR(IF(OR(AND(Z45="Rara vez",AB45="Leve"),AND(Z45="Rara vez",AB45="Menor"),AND(Z45="Improbable",AB45="Leve")),"Bajo",IF(OR(AND(Z45="Rara vez",AB45="Moderado"),AND(Z45="Improbable",AB45="Menor"),AND(Z45="Improbable",AB45="Moderado"),AND(Z45="Posible",AB45="Leve"),AND(Z45="Posible",AB45="Menor"),AND(Z45="Posible",AB45="Moderado"),AND(Z45="Probable",AB45="Leve"),AND(Z45="Probable",AB45="Menor")),"Moderado",IF(OR(AND(Z45="Rara vez",AB45="Mayor"),AND(Z45="Improbable",AB45="Mayor"),AND(Z45="Posible",AB45="Mayor"),AND(Z45="Probable",AB45="Moderado"),AND(Z45="Probable",AB45="Mayor"),AND(Z45="Casi Seguro",AB45="Leve"),AND(Z45="Casi Seguro",AB45="Menor"),AND(Z45="Casi Seguro",AB45="Moderado"),AND(Z45="Casi Seguro",AB45="Mayor")),"Alto",IF(OR(AND(Z45="Rara vez",AB45="Catastrófico"),AND(Z45="Improbable",AB45="Catastrófico"),AND(Z45="Posible",AB45="Catastrófico"),AND(Z45="Probable",AB45="Catastrófico"),AND(Z45="Casi Seguro",AB45="Catastrófico")),"Extremo","")))),"") -> Alto
L46: =IF(NOT(ISERROR(MATCH(K46,_xlfn.ANCHORARRAY(G57),0))),J59&"Por favor no seleccionar los criterios de impacto",K46) -> 0 | P46: 3 | Q46: El funcionario designado por la Tesorería de la Dirección Financiera diariamente garantiza que previo a la ejecución de los pagos se hayan efectuado mínimo dos de tres firmas autorizadas. Adicionalmente, se usa un token de seguridad como doble factor de autenticación autorizado por la entidad financiera | R46: =IF(OR(S46="Preventivo",S46="Detectivo"),"Probabilidad",IF(S46="Correctivo","Impacto","")) -> Probabilidad | S46: Preventivo | T46: Automático | U46: =IF(AND(S46="Preventivo",T46="Automático"),"50%",IF(AND(S46="Preventivo",T46="Manual"),"40%",IF(AND(S46="Detectivo",T46="Automático"),"40%",IF(AND(S46="Detectivo",T46="Manual"),"30%",IF(AND(S46="Correctivo",T46="Automático"),"35%",IF(AND(S46="Correctivo",T46="Manual"),"25%","")))))) -> 50% | V46: Sin Documentar | W46: Continua | X46: Sin Registro | Y46: =IFERROR(IF(AND(R45="Probabilidad",R46="Probabilidad"),(AA45-(+AA45*U46)),IF(AND(R45="Impacto",R46="Probabilidad"),(AA44-(+AA44*U46)),IF(R46="Impacto",AA45,""))),"") -> 0.03 | Z46: =IFERROR(IF(Y46="","",IF(Y46<=0.2,"Rara vez",IF(Y46<=0.4,"Improbable",IF(Y46<=0.6,"Posible",IF(Y46<=0.8,"Probable","Casi Seguro"))))),"") -> Rara vez | AA46: =+Y46 -> 0.03 | AB46: =IFERROR(IF(AC46="","",IF(AC46<=0.6,"Moderado",IF(AC46<=0.8,"Mayor","Catastrófico"))),"") -> Mayor | AC46: =IFERROR(IF(AND(R45="Impacto",R46="Impacto"),(AC45-(+AC45*U46)),IF(AND(R45="Probabilidad",R46="Impacto"),(AC44-(+AC44*U46)),IF(R46="Probabilidad",AC45,""))),"") -> 0.8 | AD46: =IFERROR(IF(OR(AND(Z46="Rara vez",AB46="Leve"),AND(Z46="Rara vez",AB46="Menor"),AND(Z46="Improbable",AB46="Leve")),"Bajo",IF(OR(AND(Z46="Rara vez",AB46="Moderado"),AND(Z46="Improbable",AB46="Menor"),AND(Z46="Improbable",AB46="Moderado"),AND(Z46="Posible",AB46="Leve"),AND(Z46="Posible",AB46="Menor"),AND(Z46="Posible",AB46="Moderado"),AND(Z46="Probable",AB46="Leve"),AND(Z46="Probable",AB46="Menor")),"Moderado",IF(OR(AND(Z46="Rara vez",AB46="Mayor"),AND(Z46="Improbable",AB46="Mayor"),AND(Z46="Posible",AB46="Mayor"),AND(Z46="Probable",AB46="Moderado"),AND(Z46="Probable",AB46="Mayor"),AND(Z46="Casi Seguro",AB46="Leve"),AND(Z46="Casi Seguro",AB46="Menor"),AND(Z46="Casi Seguro",AB46="Moderado"),AND(Z46="Casi Seguro",AB46="Mayor")),"Alto",IF(OR(AND(Z46="Rara vez",AB46="Catastrófico"),AND(Z46="Improbable",AB46="Catastrófico"),AND(Z46="Posible",AB46="Catastrófico"),AND(Z46="Probable",AB46="Catastrófico"),AND(Z46="Casi Seguro",AB46="Catastrófico")),"Extremo","")))),"") -> Alto
L47: =IF(NOT(ISERROR(MATCH(K47,_xlfn.ANCHORARRAY(G58),0))),J60&"Por favor no seleccionar los criterios de impacto",K47) -> 0 | P47: 4 | Q47: El funcionario designado por la Tesorería de la Dirección Financiera con frecuencia diaria posterior a todas las validaciones ejecuta los pagos a las cuentas bancarias de acuerdo con la información suministrada por las áreas misionales solicitantes de pagos. Como evidencia queda la trazabilidad del flujo de pagos del aplicativo financiero y/o correos electrónicos. | R47: =IF(OR(S47="Preventivo",S47="Detectivo"),"Probabilidad",IF(S47="Correctivo","Impacto","")) -> Probabilidad | S47: Preventivo | T47: Automático | U47: =IF(AND(S47="Preventivo",T47="Automático"),"50%",IF(AND(S47="Preventivo",T47="Manual"),"40%",IF(AND(S47="Detectivo",T47="Automático"),"40%",IF(AND(S47="Detectivo",T47="Manual"),"30%",IF(AND(S47="Correctivo",T47="Automático"),"35%",IF(AND(S47="Correctivo",T47="Manual"),"25%","")))))) -> 50% | V47: Sin Documentar | W47: Continua | X47: Sin Registro | Y47: =IFERROR(IF(AND(R46="Probabilidad",R47="Probabilidad"),(AA46-(+AA46*U47)),IF(AND(R46="Impacto",R47="Probabilidad"),(AA45-(+AA45*U47)),IF(R47="Impacto",AA46,""))),"") -> 0.015 | Z47: =IFERROR(IF(Y47="","",IF(Y47<=0.2,"Rara vez",IF(Y47<=0.4,"Improbable",IF(Y47<=0.6,"Posible",IF(Y47<=0.8,"Probable","Casi Seguro"))))),"") -> Rara vez | AA47: =+Y47 -> 0.015 | AB47: =IFERROR(IF(AC47="","",IF(AC47<=0.6,"Moderado",IF(AC47<=0.8,"Mayor","Catastrófico"))),"") -> Mayor | AC47: =IFERROR(IF(AND(R46="Impacto",R47="Impacto"),(AC46-(+AC46*U47)),IF(AND(R46="Probabilidad",R47="Impacto"),(AC45-(+AC45*U47)),IF(R47="Probabilidad",AC46,""))),"") -> 0.8 | AD47: =IFERROR(IF(OR(AND(Z47="Rara vez",AB47="Leve"),AND(Z47="Rara vez",AB47="Menor"),AND(Z47="Improbable",AB47="Leve")),"Bajo",IF(OR(AND(Z47="Rara vez",AB47="Moderado"),AND(Z47="Improbable",AB47="Menor"),AND(Z47="Improbable",AB47="Moderado"),AND(Z47="Posible",AB47="Leve"),AND(Z47="Posible",AB47="Menor"),AND(Z47="Posible",AB47="Moderado"),AND(Z47="Probable",AB47="Leve"),AND(Z47="Probable",AB47="Menor")),"Moderado",IF(OR(AND(Z47="Rara vez",AB47="Mayor"),AND(Z47="Improbable",AB47="Mayor"),AND(Z47="Posible",AB47="Mayor"),AND(Z47="Probable",AB47="Moderado"),AND(Z47="Probable",AB47="Mayor"),AND(Z47="Casi Seguro",AB47="Leve"),AND(Z47="Casi Seguro",AB47="Menor"),AND(Z47="Casi Seguro",AB47="Moderado"),AND(Z47="Casi Seguro",AB47="Mayor")),"Alto",IF(OR(AND(Z47="Rara vez",AB47="Catastrófico"),AND(Z47="Improbable",AB47="Catastrófico"),AND(Z47="Posible",AB47="Catastrófico"),AND(Z47="Probable",AB47="Catastrófico"),AND(Z47="Casi Seguro",AB47="Catastrófico")),"Extremo","")))),"") -> Alto | AE47: Reducir (mitigar) | AF47: Actualización del procedimiento de Pagos | AH47: 45657 | AK47: En curso
L48: =IF(NOT(ISERROR(MATCH(K48,_xlfn.ANCHORARRAY(G59),0))),J61&"Por favor no seleccionar los criterios de impacto",K48) -> 0 | P48: 5 | R48: =IF(OR(S48="Preventivo",S48="Detectivo"),"Probabilidad",IF(S48="Correctivo","Impacto","")) | U48: =IF(AND(S48="Preventivo",T48="Automático"),"50%",IF(AND(S48="Preventivo",T48="Manual"),"40%",IF(AND(S48="Detectivo",T48="Automático"),"40%",IF(AND(S48="Detectivo",T48="Manual"),"30%",IF(AND(S48="Correctivo",T48="Automático"),"35%",IF(AND(S48="Correctivo",T48="Manual"),"25%","")))))) | Y48: =IFERROR(IF(AND(R47="Probabilidad",R48="Probabilidad"),(AA47-(+AA47*U48)),IF(AND(R47="Impacto",R48="Probabilidad"),(AA46-(+AA46*U48)),IF(R48="Impacto",AA47,""))),"") | Z48: =IFERROR(IF(Y48="","",IF(Y48<=0.2,"Rara vez",IF(Y48<=0.4,"Improbable",IF(Y48<=0.6,"Posible",IF(Y48<=0.8,"Probable","Casi Seguro"))))),"") | AA48: =+Y48 | AB48: =IFERROR(IF(AC48="","",IF(AC48<=0.6,"Moderado",IF(AC48<=0.8,"Mayor","Catastrófico"))),"") | AC48: =IFERROR(IF(AND(R47="Impacto",R48="Impacto"),(AC47-(+AC47*U48)),IF(AND(R47="Probabilidad",R48="Impacto"),(AC46-(+AC46*U48)),IF(R48="Probabilidad",AC47,""))),"") | AD48: =IFERROR(IF(OR(AND(Z48="Rara vez",AB48="Leve"),AND(Z48="Rara vez",AB48="Menor"),AND(Z48="Improbable",AB48="Leve")),"Bajo",IF(OR(AND(Z48="Rara vez",AB48="Moderado"),AND(Z48="Improbable",AB48="Menor"),AND(Z48="Improbable",AB48="Moderado"),AND(Z48="Posible",AB48="Leve"),AND(Z48="Posible",AB48="Menor"),AND(Z48="Posible",AB48="Moderado"),AND(Z48="Probable",AB48="Leve"),AND(Z48="Probable",AB48="Menor")),"Moderado",IF(OR(AND(Z48="Rara vez",AB48="Mayor"),AND(Z48="Improbable",AB48="Mayor"),AND(Z48="Posible",AB48="Mayor"),AND(Z48="Probable",AB48="Moderado"),AND(Z48="Probable",AB48="Mayor"),AND(Z48="Casi Seguro",AB48="Leve"),AND(Z48="Casi Seguro",AB48="Menor"),AND(Z48="Casi Seguro",AB48="Moderado"),AND(Z48="Casi Seguro",AB48="Mayor")),"Alto",IF(OR(AND(Z48="Rara vez",AB48="Catastrófico"),AND(Z48="Improbable",AB48="Catastrófico"),AND(Z48="Posible",AB48="Catastrófico"),AND(Z48="Probable",AB48="Catastrófico"),AND(Z48="Casi Seguro",AB48="Catastrófico")),"Extremo","")))),"")
L49: =IF(NOT(ISERROR(MATCH(K49,_xlfn.ANCHORARRAY(G60),0))),#REF!&"Por favor no seleccionar los criterios de impacto",K49) -> 0 | P49: 6 | R49: =IF(OR(S49="Preventivo",S49="Detectivo"),"Probabilidad",IF(S49="Correctivo","Impacto","")) | U49: =IF(AND(S49="Preventivo",T49="Automático"),"50%",IF(AND(S49="Preventivo",T49="Manual"),"40%",IF(AND(S49="Detectivo",T49="Automático"),"40%",IF(AND(S49="Detectivo",T49="Manual"),"30%",IF(AND(S49="Correctivo",T49="Automático"),"35%",IF(AND(S49="Correctivo",T49="Manual"),"25%","")))))) | Y49: =IFERROR(IF(AND(R48="Probabilidad",R49="Probabilidad"),(AA48-(+AA48*U49)),IF(AND(R48="Impacto",R49="Probabilidad"),(AA47-(+AA47*U49)),IF(R49="Impacto",AA48,""))),"") | Z49: =IFERROR(IF(Y49="","",IF(Y49<=0.2,"Rara vez",IF(Y49<=0.4,"Improbable",IF(Y49<=0.6,"Posible",IF(Y49<=0.8,"Probable","Casi Seguro"))))),"") | AA49: =+Y49 | AB49: =IFERROR(IF(AC49="","",IF(AC49<=0.6,"Moderado",IF(AC49<=0.8,"Mayor","Catastrófico"))),"") | AC49: =IFERROR(IF(AND(R48="Impacto",R49="Impacto"),(AC48-(+AC48*U49)),IF(AND(R48="Probabilidad",R49="Impacto"),(AC47-(+AC47*U49)),IF(R49="Probabilidad",AC48,""))),"") | AD49: =IFERROR(IF(OR(AND(Z49="Rara vez",AB49="Leve"),AND(Z49="Rara vez",AB49="Menor"),AND(Z49="Improbable",AB49="Leve")),"Bajo",IF(OR(AND(Z49="Rara vez",AB49="Moderado"),AND(Z49="Improbable",AB49="Menor"),AND(Z49="Improbable",AB49="Moderado"),AND(Z49="Posible",AB49="Leve"),AND(Z49="Posible",AB49="Menor"),AND(Z49="Posible",AB49="Moderado"),AND(Z49="Probable",AB49="Leve"),AND(Z49="Probable",AB49="Menor")),"Moderado",IF(OR(AND(Z49="Rara vez",AB49="Mayor"),AND(Z49="Improbable",AB49="Mayor"),AND(Z49="Posible",AB49="Mayor"),AND(Z49="Probable",AB49="Moderado"),AND(Z49="Probable",AB49="Mayor"),AND(Z49="Casi Seguro",AB49="Leve"),AND(Z49="Casi Seguro",AB49="Menor"),AND(Z49="Casi Seguro",AB49="Moderado"),AND(Z49="Casi Seguro",AB49="Mayor")),"Alto",IF(OR(AND(Z49="Rara vez",AB49="Catastrófico"),AND(Z49="Improbable",AB49="Catastrófico"),AND(Z49="Posible",AB49="Catastrófico"),AND(Z49="Probable",AB49="Catastrófico"),AND(Z49="Casi Seguro",AB49="Catastrófico")),"Extremo","")))),"")
B50: RC-GF-2 | C50: Gestión Financiera | D50: Posibilidad de recibir o solicitar cualquier dádiva o beneficio a nombre propio o de terceros por registrar recaudos de dineros que no han ingresado a las cuentas bancarias de SAE o FRISCO | E50: Riesgo de Corrupción | F50: Favorecimiento propio y/o a un tercero en particular. Amiguismo. Soborno a funcionario Concentración de autoridad. | G50: Pérdida de recursos/activos - Detrimento Patrimonial por recepción de menor rentabilidad Cohecho o concusión Investigaciones penales, fiscales o disciplinarias | H50: No se ha presentado en los últimos 5 años | I50: =IF(H50<=0,"",IF(H50="No se ha presentado en los últimos 5 años","Rara vez",IF(H50="Al menos 1 vez en los últimos 5 años","Improbable",IF(H50="Al menos 1 vez en los últimos 2 años","Posible",IF(H50="Al menos 1 vez en el último año","Probable",IF(H50="Más de 1 vez al año","Casi Seguro")))))) -> Rara vez | J50: =IF(I50="","",IF(I50="Rara vez",0.2,IF(I50="Improbable",0.4,IF(I50="Posible",0.6,IF(I50="Probable",0.8,IF(I50="Casi Seguro",1,)))))) -> 0.2 | K50: Responder afirmativamente de UNA a CINCO preguntas | L50: =IF(NOT(ISERROR(MATCH(K50,'[6]Tabla Impacto'!$B$220:$B$222,0))),'[6]Tabla Impacto'!$F$222&"Por favor no seleccionar los criterios de impacto(Criterios para calificar el impacto)",K50) -> Responder afirmativamente de UNA a CINCO preguntas | M50: =IF(OR(L50='[6]Tabla Impacto'!$C$5),"Moderado",IF(OR(L50='[6]Tabla Impacto'!$C$6),"Mayor",IF(OR(L50='[6]Tabla Impacto'!$C$7),"Catastrófico",""))) -> Moderado | N50: =IF(M50="","",IF(M50="Leve",0.2,IF(M50="Menor",0.4,IF(M50="Moderado",0.6,IF(M50="Mayor",0.8,IF(M50="Catastrófico",1,)))))) -> 0.6 | O50: =IF(OR(AND(I50="Rara vez",M50="Leve"),AND(I50="Rara vez",M50="Menor"),AND(I50="Improbable",M50="Leve")),"Bajo",IF(OR(AND(I50="Rara vez",M50="Moderado"),AND(I50="Improbable",M50="Menor"),AND(I50="Improbable",M50="Moderado"),AND(I50="Posible",M50="Leve"),AND(I50="Posible",M50="Menor"),AND(I50="Posible",M50="Moderado"),AND(I50="Probable",M50="Leve"),AND(I50="Probable",M50="Menor")),"Moderado",IF(OR(AND(I50="Rara vez",M50="Mayor"),AND(I50="Improbable",M50="Mayor"),AND(I50="Posible",M50="Mayor"),AND(I50="Probable",M50="Moderado"),AND(I50="Probable",M50="Mayor"),AND(I50="Casi Seguro",M50="Leve"),AND(I50="Casi Seguro",M50="Menor"),AND(I50="Casi Seguro",M50="Moderado"),AND(I50="Casi Seguro",M50="Mayor")),"Alto",IF(OR(AND(I50="Rara vez",M50="Catastrófico"),AND(I50="Improbable",M50="Catastrófico"),AND(I50="Posible",M50="Catastrófico"),AND(I50="Probable",M50="Catastrófico"),AND(I50="Casi Seguro",M50="Catastrófico")),"Extremo","")))) -> Moderado | P50: 1 | Q50: El funcionario designado por la Tesorería de la Dirección Financiera descarga diariamente desde la plataforma bancaria los archivos planos correspondientes a recaudos en su estructura Asobancaria 2011 los cuales son cargados posteriormente sin ninguna modificación al aplicativo misional. Como evidencia queda la trazabilidad de los archivos planos. | R50: =IF(OR(S50="Preventivo",S50="Detectivo"),"Probabilidad",IF(S50="Correctivo","Impacto","")) -> Probabilidad | S50: Preventivo | T50: Automático | U50: =IF(AND(S50="Preventivo",T50="Automático"),"50%",IF(AND(S50="Preventivo",T50="Manual"),"40%",IF(AND(S50="Detectivo",T50="Automático"),"40%",IF(AND(S50="Detectivo",T50="Manual"),"30%",IF(AND(S50="Correctivo",T50="Automático"),"35%",IF(AND(S50="Correctivo",T50="Manual"),"25%","")))))) -> 50% | V50: Documentado | W50: Continua | X50: Sin Registro | Y50: =IFERROR(IF(R50="Probabilidad",(J50-(+J50*U50)),IF(R50="Impacto",J50,"")),"") -> 0.1 | Z50: =IFERROR(IF(Y50="","",IF(Y50<=0.2,"Rara vez",IF(Y50<=0.4,"Improbable",IF(Y50<=0.6,"Posible",IF(Y50<=0.8,"Probable","Casi Seguro"))))),"") -> Rara vez | AA50: =+Y50 -> 0.1 | AB50: =IFERROR(IF(AC50="","",IF(AC50<=0.6,"Moderado",IF(AC50<=0.8,"Mayor","Catastrófico"))),"") -> Moderado | AC50: =IFERROR(IF(R50="Impacto",(N50-(+N50*U50)),IF(R50="Probabilidad",N50,"")),"") -> 0.6 | AD50: =IFERROR(IF(OR(AND(Z50="Rara vez",AB50="Leve"),AND(Z50="Rara vez",AB50="Menor"),AND(Z50="Improbable",AB50="Leve")),"Bajo",IF(OR(AND(Z50="Rara vez",AB50="Moderado"),AND(Z50="Improbable",AB50="Menor"),AND(Z50="Improbable",AB50="Moderado"),AND(Z50="Posible",AB50="Leve"),AND(Z50="Posible",AB50="Menor"),AND(Z50="Posible",AB50="Moderado"),AND(Z50="Probable",AB50="Leve"),AND(Z50="Probable",AB50="Menor")),"Moderado",IF(OR(AND(Z50="Rara vez",AB50="Mayor"),AND(Z50="Improbable",AB50="Mayor"),AND(Z50="Posible",AB50="Mayor"),AND(Z50="Probable",AB50="Moderado"),AND(Z50="Probable",AB50="Mayor"),AND(Z50="Casi Seguro",AB50="Leve"),AND(Z50="Casi Seguro",AB50="Menor"),AND(Z50="Casi Seguro",AB50="Moderado"),AND(Z50="Casi Seguro",AB50="Mayor")),"Alto",IF(OR(AND(Z50="Rara vez",AB50="Catastrófico"),AND(Z50="Improbable",AB50="Catastrófico"),AND(Z50="Posible",AB50="Catastrófico"),AND(Z50="Probable",AB50="Catastrófico"),AND(Z50="Casi Seguro",AB50="Catastrófico")),"Extremo","")))),"") -> Moderado | AL50: 45432 | AM50: Monitoreado | AN50: =O50 -> Moderado | AO50: =AD53 -> Moderado
L51: =IF(NOT(ISERROR(MATCH(K51,_xlfn.ANCHORARRAY(#REF!),0))),#REF!&"Por favor no seleccionar los criterios de impacto",K51) -> 0 | P51: 2 | Q51: El funcionario designado por la Tesorería de la Dirección Financiera verifica diariamente que los recursos que ingresan a través del medio de pago PSE estén conforme a la parametrización en sistema para su registro en el aplicativo misional. En caso de presentarse alguna inconsistencia con pagos de este convenio, se informa al área misional para que escale la solicitud vía ticket a la Oficina de las Tecnologías de la Información OTI y a su vez ellos validen con los proveedores de pago el incidente tecnológico. | R51: =IF(OR(S51="Preventivo",S51="Detectivo"),"Probabilidad",IF(S51="Correctivo","Impacto","")) -> Probabilidad | S51: Detectivo | T51: Automático | U51: =IF(AND(S51="Preventivo",T51="Automático"),"50%",IF(AND(S51="Preventivo",T51="Manual"),"40%",IF(AND(S51="Detectivo",T51="Automático"),"40%",IF(AND(S51="Detectivo",T51="Manual"),"30%",IF(AND(S51="Correctivo",T51="Automático"),"35%",IF(AND(S51="Correctivo",T51="Manual"),"25%","")))))) -> 40% | V51: Documentado | W51: Continua | X51: Sin Registro | Y51: =IFERROR(IF(AND(R50="Probabilidad",R51="Probabilidad"),(AA50-(+AA50*U51)),IF(R51="Probabilidad",(J50-(+J50*U51)),IF(R51="Impacto",AA50,""))),"") -> 0.06 | Z51: =IFERROR(IF(Y51="","",IF(Y51<=0.2,"Rara vez",IF(Y51<=0.4,"Improbable",IF(Y51<=0.6,"Posible",IF(Y51<=0.8,"Probable","Casi Seguro"))))),"") -> Rara vez | AA51: =+Y51 -> 0.06 | AB51: =IFERROR(IF(AC51="","",IF(AC51<=0.6,"Moderado",IF(AC51<=0.8,"Mayor","Catastrófico"))),"") -> Moderado | AC51: =IFERROR(IF(AND(R50="Impacto",R51="Impacto"),(AC50-(+AC50*U51)),IF(R51="Impacto",(N50-(+N50*U51)),IF(R51="Probabilidad",AC50,""))),"") -> 0.6 | AD51: =IFERROR(IF(OR(AND(Z51="Rara vez",AB51="Leve"),AND(Z51="Rara vez",AB51="Menor"),AND(Z51="Improbable",AB51="Leve")),"Bajo",IF(OR(AND(Z51="Rara vez",AB51="Moderado"),AND(Z51="Improbable",AB51="Menor"),AND(Z51="Improbable",AB51="Moderado"),AND(Z51="Posible",AB51="Leve"),AND(Z51="Posible",AB51="Menor"),AND(Z51="Posible",AB51="Moderado"),AND(Z51="Probable",AB51="Leve"),AND(Z51="Probable",AB51="Menor")),"Moderado",IF(OR(AND(Z51="Rara vez",AB51="Mayor"),AND(Z51="Improbable",AB51="Mayor"),AND(Z51="Posible",AB51="Mayor"),AND(Z51="Probable",AB51="Moderado"),AND(Z51="Probable",AB51="Mayor"),AND(Z51="Casi Seguro",AB51="Leve"),AND(Z51="Casi Seguro",AB51="Menor"),AND(Z51="Casi Seguro",AB51="Moderado"),AND(Z51="Casi Seguro",AB51="Mayor")),"Alto",IF(OR(AND(Z51="Rara vez",AB51="Catastrófico"),AND(Z51="Improbable",AB51="Catastrófico"),AND(Z51="Posible",AB51="Catastrófico"),AND(Z51="Probable",AB51="Catastrófico"),AND(Z51="Casi Seguro",AB51="Catastrófico")),"Extremo","")))),"") -> Moderado
L52: =IF(NOT(ISERROR(MATCH(K52,_xlfn.ANCHORARRAY(#REF!),0))),#REF!&"Por favor no seleccionar los criterios de impacto",K52) -> 0 | P52: 3 | Q52: La Dirección financiera revisa semestral y/o anualmente los convenios con las entidades bancarias en caso de requerirse modificaciones o novedades en las condiciones de las cuentas de recaudo convenio mediante factura con código de barras. Mediante estos códigos de barra referenciados se garantiza la correcta identificación de una proporción importante de recaudo centralizado. | R52: =IF(OR(S52="Preventivo",S52="Detectivo"),"Probabilidad",IF(S52="Correctivo","Impacto","")) -> Probabilidad | S52: Preventivo | T52: Automático | U52: =IF(AND(S52="Preventivo",T52="Automático"),"50%",IF(AND(S52="Preventivo",T52="Manual"),"40%",IF(AND(S52="Detectivo",T52="Automático"),"40%",IF(AND(S52="Detectivo",T52="Manual"),"30%",IF(AND(S52="Correctivo",T52="Automático"),"35%",IF(AND(S52="Correctivo",T52="Manual"),"25%","")))))) -> 50% | V52: Documentado | W52: Continua | X52: Sin Registro | Y52: =IFERROR(IF(AND(R51="Probabilidad",R52="Probabilidad"),(AA51-(+AA51*U52)),IF(AND(R51="Impacto",R52="Probabilidad"),(AA50-(+AA50*U52)),IF(R52="Impacto",AA51,""))),"") -> 0.03 | Z52: =IFERROR(IF(Y52="","",IF(Y52<=0.2,"Rara vez",IF(Y52<=0.4,"Improbable",IF(Y52<=0.6,"Posible",IF(Y52<=0.8,"Probable","Casi Seguro"))))),"") -> Rara vez | AA52: =+Y52 -> 0.03 | AB52: =IFERROR(IF(AC52="","",IF(AC52<=0.6,"Moderado",IF(AC52<=0.8,"Mayor","Catastrófico"))),"") -> Moderado | AC52: =IFERROR(IF(AND(R51="Impacto",R52="Impacto"),(AC51-(+AC51*U52)),IF(AND(R51="Probabilidad",R52="Impacto"),(AC50-(+AC50*U52)),IF(R52="Probabilidad",AC51,""))),"") -> 0.6 | AD52: =IFERROR(IF(OR(AND(Z52="Rara vez",AB52="Leve"),AND(Z52="Rara vez",AB52="Menor"),AND(Z52="Improbable",AB52="Leve")),"Bajo",IF(OR(AND(Z52="Rara vez",AB52="Moderado"),AND(Z52="Improbable",AB52="Menor"),AND(Z52="Improbable",AB52="Moderado"),AND(Z52="Posible",AB52="Leve"),AND(Z52="Posible",AB52="Menor"),AND(Z52="Posible",AB52="Moderado"),AND(Z52="Probable",AB52="Leve"),AND(Z52="Probable",AB52="Menor")),"Moderado",IF(OR(AND(Z52="Rara vez",AB52="Mayor"),AND(Z52="Improbable",AB52="Mayor"),AND(Z52="Posible",AB52="Mayor"),AND(Z52="Probable",AB52="Moderado"),AND(Z52="Probable",AB52="Mayor"),AND(Z52="Casi Seguro",AB52="Leve"),AND(Z52="Casi Seguro",AB52="Menor"),AND(Z52="Casi Seguro",AB52="Moderado"),AND(Z52="Casi Seguro",AB52="Mayor")),"Alto",IF(OR(AND(Z52="Rara vez",AB52="Catastrófico"),AND(Z52="Improbable",AB52="Catastrófico"),AND(Z52="Posible",AB52="Catastrófico"),AND(Z52="Probable",AB52="Catastrófico"),AND(Z52="Casi Seguro",AB52="Catastrófico")),"Extremo","")))),"") -> Moderado
L53: =IF(NOT(ISERROR(MATCH(K53,_xlfn.ANCHORARRAY(#REF!),0))),#REF!&"Por favor no seleccionar los criterios de impacto",K53) -> 0 | P53: 4 | Q53: El profesional designado de la Tesorería de la Dirección financiera, cada vez que se requiera, solicita a las áreas misionales o entidades bancarias el apoyo para la identificación de los recaudos no identificados que se reciben a través de depósitos judiciales u otros canales y de esta manera realizar la correcta aplicación del recaudo al rubro que corresponda. En caso de no ser identificado, se clasifica en una cuenta contable especial de recaudos por clasificar. | R53: =IF(OR(S53="Preventivo",S53="Detectivo"),"Probabilidad",IF(S53="Correctivo","Impacto","")) -> Probabilidad | S53: Detectivo | T53: Manual | U53: =IF(AND(S53="Preventivo",T53="Automático"),"50%",IF(AND(S53="Preventivo",T53="Manual"),"40%",IF(AND(S53="Detectivo",T53="Automático"),"40%",IF(AND(S53="Detectivo",T53="Manual"),"30%",IF(AND(S53="Correctivo",T53="Automático"),"35%",IF(AND(S53="Correctivo",T53="Manual"),"25%","")))))) -> 30% | V53: Sin Documentar | W53: Continua | X53: Sin Registro | Y53: =IFERROR(IF(AND(R52="Probabilidad",R53="Probabilidad"),(AA52-(+AA52*U53)),IF(AND(R52="Impacto",R53="Probabilidad"),(AA51-(+AA51*U53)),IF(R53="Impacto",AA52,""))),"") -> 0.021 | Z53: =IFERROR(IF(Y53="","",IF(Y53<=0.2,"Rara vez",IF(Y53<=0.4,"Improbable",IF(Y53<=0.6,"Posible",IF(Y53<=0.8,"Probable","Casi Seguro"))))),"") -> Rara vez | AA53: =+Y53 -> 0.021 | AB53: =IFERROR(IF(AC53="","",IF(AC53<=0.6,"Moderado",IF(AC53<=0.8,"Mayor","Catastrófico"))),"") -> Moderado | AC53: =IFERROR(IF(AND(R52="Impacto",R53="Impacto"),(AC52-(+AC52*U53)),IF(AND(R52="Probabilidad",R53="Impacto"),(AC51-(+AC51*U53)),IF(R53="Probabilidad",AC52,""))),"") -> 0.6 | AD53: =IFERROR(IF(OR(AND(Z53="Rara vez",AB53="Leve"),AND(Z53="Rara vez",AB53="Menor"),AND(Z53="Improbable",AB53="Leve")),"Bajo",IF(OR(AND(Z53="Rara vez",AB53="Moderado"),AND(Z53="Improbable",AB53="Menor"),AND(Z53="Improbable",AB53="Moderado"),AND(Z53="Posible",AB53="Leve"),AND(Z53="Posible",AB53="Menor"),AND(Z53="Posible",AB53="Moderado"),AND(Z53="Probable",AB53="Leve"),AND(Z53="Probable",AB53="Menor")),"Moderado",IF(OR(AND(Z53="Rara vez",AB53="Mayor"),AND(Z53="Improbable",AB53="Mayor"),AND(Z53="Posible",AB53="Mayor"),AND(Z53="Probable",AB53="Moderado"),AND(Z53="Probable",AB53="Mayor"),AND(Z53="Casi Seguro",AB53="Leve"),AND(Z53="Casi Seguro",AB53="Menor"),AND(Z53="Casi Seguro",AB53="Moderado"),AND(Z53="Casi Seguro",AB53="Mayor")),"Alto",IF(OR(AND(Z53="Rara vez",AB53="Catastrófico"),AND(Z53="Improbable",AB53="Catastrófico"),AND(Z53="Posible",AB53="Catastrófico"),AND(Z53="Probable",AB53="Catastrófico"),AND(Z53="Casi Seguro",AB53="Catastrófico")),"Extremo","")))),"") -> Moderado | AE53: Reducir (mitigar)
L54: =IF(NOT(ISERROR(MATCH(K54,_xlfn.ANCHORARRAY(#REF!),0))),#REF!&"Por favor no seleccionar los criterios de impacto",K54) -> 0 | P54: 5 | R54: =IF(OR(S54="Preventivo",S54="Detectivo"),"Probabilidad",IF(S54="Correctivo","Impacto","")) | U54: =IF(AND(S54="Preventivo",T54="Automático"),"50%",IF(AND(S54="Preventivo",T54="Manual"),"40%",IF(AND(S54="Detectivo",T54="Automático"),"40%",IF(AND(S54="Detectivo",T54="Manual"),"30%",IF(AND(S54="Correctivo",T54="Automático"),"35%",IF(AND(S54="Correctivo",T54="Manual"),"25%","")))))) | Y54: =IFERROR(IF(AND(R53="Probabilidad",R54="Probabilidad"),(AA53-(+AA53*U54)),IF(AND(R53="Impacto",R54="Probabilidad"),(AA52-(+AA52*U54)),IF(R54="Impacto",AA53,""))),"") | Z54: =IFERROR(IF(Y54="","",IF(Y54<=0.2,"Rara vez",IF(Y54<=0.4,"Improbable",IF(Y54<=0.6,"Posible",IF(Y54<=0.8,"Probable","Casi Seguro"))))),"") | AA54: =+Y54 | AB54: =IFERROR(IF(AC54="","",IF(AC54<=0.6,"Moderado",IF(AC54<=0.8,"Mayor","Catastrófico"))),"") | AC54: =IFERROR(IF(AND(R53="Impacto",R54="Impacto"),(AC53-(+AC53*U54)),IF(AND(R53="Probabilidad",R54="Impacto"),(AC52-(+AC52*U54)),IF(R54="Probabilidad",AC53,""))),"") | AD54: =IFERROR(IF(OR(AND(Z54="Rara vez",AB54="Leve"),AND(Z54="Rara vez",AB54="Menor"),AND(Z54="Improbable",AB54="Leve")),"Bajo",IF(OR(AND(Z54="Rara vez",AB54="Moderado"),AND(Z54="Improbable",AB54="Menor"),AND(Z54="Improbable",AB54="Moderado"),AND(Z54="Posible",AB54="Leve"),AND(Z54="Posible",AB54="Menor"),AND(Z54="Posible",AB54="Moderado"),AND(Z54="Probable",AB54="Leve"),AND(Z54="Probable",AB54="Menor")),"Moderado",IF(OR(AND(Z54="Rara vez",AB54="Mayor"),AND(Z54="Improbable",AB54="Mayor"),AND(Z54="Posible",AB54="Mayor"),AND(Z54="Probable",AB54="Moderado"),AND(Z54="Probable",AB54="Mayor"),AND(Z54="Casi Seguro",AB54="Leve"),AND(Z54="Casi Seguro",AB54="Menor"),AND(Z54="Casi Seguro",AB54="Moderado"),AND(Z54="Casi Seguro",AB54="Mayor")),"Alto",IF(OR(AND(Z54="Rara vez",AB54="Catastrófico"),AND(Z54="Improbable",AB54="Catastrófico"),AND(Z54="Posible",AB54="Catastrófico"),AND(Z54="Probable",AB54="Catastrófico"),AND(Z54="Casi Seguro",AB54="Catastrófico")),"Extremo","")))),"")
L55: =IF(NOT(ISERROR(MATCH(K55,_xlfn.ANCHORARRAY(#REF!),0))),J62&"Por favor no seleccionar los criterios de impacto",K55) -> 0 | P55: 6 | R55: =IF(OR(S55="Preventivo",S55="Detectivo"),"Probabilidad",IF(S55="Correctivo","Impacto","")) | U55: =IF(AND(S55="Preventivo",T55="Automático"),"50%",IF(AND(S55="Preventivo",T55="Manual"),"40%",IF(AND(S55="Detectivo",T55="Automático"),"40%",IF(AND(S55="Detectivo",T55="Manual"),"30%",IF(AND(S55="Correctivo",T55="Automático"),"35%",IF(AND(S55="Correctivo",T55="Manual"),"25%","")))))) | Y55: =IFERROR(IF(AND(R54="Probabilidad",R55="Probabilidad"),(AA54-(+AA54*U55)),IF(AND(R54="Impacto",R55="Probabilidad"),(AA53-(+AA53*U55)),IF(R55="Impacto",AA54,""))),"") | Z55: =IFERROR(IF(Y55="","",IF(Y55<=0.2,"Rara vez",IF(Y55<=0.4,"Improbable",IF(Y55<=0.6,"Posible",IF(Y55<=0.8,"Probable","Casi Seguro"))))),"") | AA55: =+Y55 | AB55: =IFERROR(IF(AC55="","",IF(AC55<=0.6,"Moderado",IF(AC55<=0.8,"Mayor","Catastrófico"))),"") | AC55: =IFERROR(IF(AND(R54="Impacto",R55="Impacto"),(AC54-(+AC54*U55)),IF(AND(R54="Probabilidad",R55="Impacto"),(AC53-(+AC53*U55)),IF(R55="Probabilidad",AC54,""))),"") | AD55: =IFERROR(IF(OR(AND(Z55="Rara vez",AB55="Leve"),AND(Z55="Rara vez",AB55="Menor"),AND(Z55="Improbable",AB55="Leve")),"Bajo",IF(OR(AND(Z55="Rara vez",AB55="Moderado"),AND(Z55="Improbable",AB55="Menor"),AND(Z55="Improbable",AB55="Moderado"),AND(Z55="Posible",AB55="Leve"),AND(Z55="Posible",AB55="Menor"),AND(Z55="Posible",AB55="Moderado"),AND(Z55="Probable",AB55="Leve"),AND(Z55="Probable",AB55="Menor")),"Moderado",IF(OR(AND(Z55="Rara vez",AB55="Mayor"),AND(Z55="Improbable",AB55="Mayor"),AND(Z55="Posible",AB55="Mayor"),AND(Z55="Probable",AB55="Moderado"),AND(Z55="Probable",AB55="Mayor"),AND(Z55="Casi Seguro",AB55="Leve"),AND(Z55="Casi Seguro",AB55="Menor"),AND(Z55="Casi Seguro",AB55="Moderado"),AND(Z55="Casi Seguro",AB55="Mayor")),"Alto",IF(OR(AND(Z55="Rara vez",AB55="Catastrófico"),AND(Z55="Improbable",AB55="Catastrófico"),AND(Z55="Posible",AB55="Catastrófico"),AND(Z55="Probable",AB55="Catastrófico"),AND(Z55="Casi Seguro",AB55="Catastrófico")),"Extremo","")))),"")
B56: RC-GJ-1 | C56: Gestión Jurídica | D56: Posibilidad de recibir o solicitar cualquier dádiva o beneficio a nombre propio o de terceros, con el fin de abstenerse de informar o de poner en conocimiento presuntas conductas delictivas o antiéticas a investigar por las autoridades respectivas | E56: Riesgo de Corrupción | F56: Desconocimiento de la normatividad que exige la denuncia de las conductas delictivas Ausencia o debilidades en los canales formales para recepción de denuncias Temor a repercusiones en la estabilidad laboral | G56: 1) Pérdida de imagen reputacional y credibilidad institucional 2) Implicaciones a nivel penal, disciplinario, fiscal o sancionatorio 3) Demandas de la ciudadanía 4) Continuidad de conductas delictivas no informadas | H56: No se ha presentado en los últimos 5 años | I56: =IF(H56<=0,"",IF(H56="No se ha presentado en los últimos 5 años","Rara vez",IF(H56="Al menos 1 vez en los últimos 5 años","Improbable",IF(H56="Al menos 1 vez en los últimos 2 años","Posible",IF(H56="Al menos 1 vez en el último año","Probable",IF(H56="Más de 1 vez al año","Casi Seguro")))))) -> Rara vez | J56: =IF(I56="","",IF(I56="Rara vez",0.2,IF(I56="Improbable",0.4,IF(I56="Posible",0.6,IF(I56="Probable",0.8,IF(I56="Casi Seguro",1,)))))) -> 0.2 | K56: Responder afirmativamente de DOCE a DIECINUEVE | L56: =IF(NOT(ISERROR(MATCH(K56,'[7]Tabla Impacto'!$B$220:$B$222,0))),'[7]Tabla Impacto'!$F$222&"Por favor no seleccionar los criterios de impacto(Criterios para calificar el impacto)",K56) -> Responder afirmativamente de DOCE a DIECINUEVE | M56: =IF(OR(L56='[7]Tabla Impacto'!$C$5),"Moderado",IF(OR(L56='[7]Tabla Impacto'!$C$6),"Mayor",IF(OR(L56='[7]Tabla Impacto'!$C$7),"Catastrófico",""))) -> Catastrófico | N56: =IF(M56="","",IF(M56="Leve",0.2,IF(M56="Menor",0.4,IF(M56="Moderado",0.6,IF(M56="Mayor",0.8,IF(M56="Catastrófico",1,)))))) -> 1 | O56: =IF(OR(AND(I56="Rara vez",M56="Leve"),AND(I56="Rara vez",M56="Menor"),AND(I56="Improbable",M56="Leve")),"Bajo",IF(OR(AND(I56="Rara vez",M56="Moderado"),AND(I56="Improbable",M56="Menor"),AND(I56="Improbable",M56="Moderado"),AND(I56="Posible",M56="Leve"),AND(I56="Posible",M56="Menor"),AND(I56="Posible",M56="Moderado"),AND(I56="Probable",M56="Leve"),AND(I56="Probable",M56="Menor")),"Moderado",IF(OR(AND(I56="Rara vez",M56="Mayor"),AND(I56="Improbable",M56="Mayor"),AND(I56="Posible",M56="Mayor"),AND(I56="Probable",M56="Moderado"),AND(I56="Probable",M56="Mayor"),AND(I56="Casi Seguro",M56="Leve"),AND(I56="Casi Seguro",M56="Menor"),AND(I56="Casi Seguro",M56="Moderado"),AND(I56="Casi Seguro",M56="Mayor")),"Alto",IF(OR(AND(I56="Rara vez",M56="Catastrófico"),AND(I56="Improbable",M56="Catastrófico"),AND(I56="Posible",M56="Catastrófico"),AND(I56="Probable",M56="Catastrófico"),AND(I56="Casi Seguro",M56="Catastrófico")),"Extremo","")))) -> Extremo | P56: 1 | Q56: El Director de Asuntos Legales Misionales verifica e identifica anualmente las necesidades de capacitación con relación a temáticas del orden legal, incluyendo la gestión de denuncias, a fin de brindar los lineamientos y herramientas necesarias para disminuir el daño antijuridico de la entidad. | R56: =IF(OR(S56="Preventivo",S56="Detectivo"),"Probabilidad",IF(S56="Correctivo","Impacto","")) -> Probabilidad | S56: Preventivo | T56: Manual | U56: =IF(AND(S56="Preventivo",T56="Automático"),"50%",IF(AND(S56="Preventivo",T56="Manual"),"40%",IF(AND(S56="Detectivo",T56="Automático"),"40%",IF(AND(S56="Detectivo",T56="Manual"),"30%",IF(AND(S56="Correctivo",T56="Automático"),"35%",IF(AND(S56="Correctivo",T56="Manual"),"25%","")))))) -> 40% | V56: Documentado | W56: Continua | X56: Sin registro | Y56: =IFERROR(IF(R56="Probabilidad",(J56-(+J56*U56)),IF(R56="Impacto",J56,"")),"") -> 0.12 | Z56: =IFERROR(IF(Y56="","",IF(Y56<=0.2,"Rara vez",IF(Y56<=0.4,"Improbable",IF(Y56<=0.6,"Posible",IF(Y56<=0.8,"Probable","Casi Seguro"))))),"") -> Rara vez | AA56: =+Y56 -> 0.12 | AB56: =IFERROR(IF(AC56="","",IF(AC56<=0.6,"Moderado",IF(AC56<=0.8,"Mayor","Catastrófico"))),"") -> Catastrófico | AC56: =IFERROR(IF(R56="Impacto",(N56-(+N56*U56)),IF(R56="Probabilidad",N56,"")),"") -> 1 | AD56: =IFERROR(IF(OR(AND(Z56="Rara vez",AB56="Leve"),AND(Z56="Rara vez",AB56="Menor"),AND(Z56="Improbable",AB56="Leve")),"Bajo",IF(OR(AND(Z56="Rara vez",AB56="Moderado"),AND(Z56="Improbable",AB56="Menor"),AND(Z56="Improbable",AB56="Moderado"),AND(Z56="Posible",AB56="Leve"),AND(Z56="Posible",AB56="Menor"),AND(Z56="Posible",AB56="Moderado"),AND(Z56="Probable",AB56="Leve"),AND(Z56="Probable",AB56="Menor")),"Moderado",IF(OR(AND(Z56="Rara vez",AB56="Mayor"),AND(Z56="Improbable",AB56="Mayor"),AND(Z56="Posible",AB56="Mayor"),AND(Z56="Probable",AB56="Moderado"),AND(Z56="Probable",AB56="Mayor"),AND(Z56="Casi Seguro",AB56="Leve"),AND(Z56="Casi Seguro",AB56="Menor"),AND(Z56="Casi Seguro",AB56="Moderado"),AND(Z56="Casi Seguro",AB56="Mayor")),"Alto",IF(OR(AND(Z56="Rara vez",AB56="Catastrófico"),AND(Z56="Improbable",AB56="Catastrófico"),AND(Z56="Posible",AB56="Catastrófico"),AND(Z56="Probable",AB56="Catastrófico"),AND(Z56="Casi Seguro",AB56="Catastrófico")),"Extremo","")))),"") -> Extremo | AL56: 44917 | AM56: Monitoreado | AN56: =+O56 -> Extremo | AO56: =+AD58 -> Alto
L57: =IF(NOT(ISERROR(MATCH(K57,_xlfn.ANCHORARRAY(G62),0))),J64&"Por favor no seleccionar los criterios de impacto",K57) -> 0 | P57: 2 | Q57: El profesional designado en la Dirección de Asuntos Legales Misionales a solicitud de la Oficina de Integridad, Anticorrupción y Cumplimiento brindará apoyo en tema jurídico para la investigación y atención de presuntos casos de corrupción que sean recibidos en canales internos y externos para tal fin | R57: =IF(OR(S57="Preventivo",S57="Detectivo"),"Probabilidad",IF(S57="Correctivo","Impacto","")) -> Probabilidad | S57: Detectivo | T57: Manual | U57: =IF(AND(S57="Preventivo",T57="Automático"),"50%",IF(AND(S57="Preventivo",T57="Manual"),"40%",IF(AND(S57="Detectivo",T57="Automático"),"40%",IF(AND(S57="Detectivo",T57="Manual"),"30%",IF(AND(S57="Correctivo",T57="Automático"),"35%",IF(AND(S57="Correctivo",T57="Manual"),"25%","")))))) -> 30% | V57: Documentado | W57: Continua | X57: Sin registro | Y57: =IFERROR(IF(AND(R56="Probabilidad",R57="Probabilidad"),(AA56-(+AA56*U57)),IF(R57="Probabilidad",(J56-(+J56*U57)),IF(R57="Impacto",AA56,""))),"") -> 0.084 | Z57: =IFERROR(IF(Y57="","",IF(Y57<=0.2,"Rara vez",IF(Y57<=0.4,"Improbable",IF(Y57<=0.6,"Posible",IF(Y57<=0.8,"Probable","Casi Seguro"))))),"") -> Rara vez | AA57: =+Y57 -> 0.084 | AB57: =IFERROR(IF(AC57="","",IF(AC57<=0.6,"Moderado",IF(AC57<=0.8,"Mayor","Catastrófico"))),"") -> Catastrófico | AC57: =IFERROR(IF(AND(R56="Impacto",R57="Impacto"),(AC56-(+AC56*U57)),IF(R57="Impacto",(N56-(+N56*U57)),IF(R57="Probabilidad",AC56,""))),"") -> 1 | AD57: =IFERROR(IF(OR(AND(Z57="Rara vez",AB57="Leve"),AND(Z57="Rara vez",AB57="Menor"),AND(Z57="Improbable",AB57="Leve")),"Bajo",IF(OR(AND(Z57="Rara vez",AB57="Moderado"),AND(Z57="Improbable",AB57="Menor"),AND(Z57="Improbable",AB57="Moderado"),AND(Z57="Posible",AB57="Leve"),AND(Z57="Posible",AB57="Menor"),AND(Z57="Posible",AB57="Moderado"),AND(Z57="Probable",AB57="Leve"),AND(Z57="Probable",AB57="Menor")),"Moderado",IF(OR(AND(Z57="Rara vez",AB57="Mayor"),AND(Z57="Improbable",AB57="Mayor"),AND(Z57="Posible",AB57="Mayor"),AND(Z57="Probable",AB57="Moderado"),AND(Z57="Probable",AB57="Mayor"),AND(Z57="Casi Seguro",AB57="Leve"),AND(Z57="Casi Seguro",AB57="Menor"),AND(Z57="Casi Seguro",AB57="Moderado"),AND(Z57="Casi Seguro",AB57="Mayor")),"Alto",IF(OR(AND(Z57="Rara vez",AB57="Catastrófico"),AND(Z57="Improbable",AB57="Catastrófico"),AND(Z57="Posible",AB57="Catastrófico"),AND(Z57="Probable",AB57="Catastrófico"),AND(Z57="Casi Seguro",AB57="Catastrófico")),"Extremo","")))),"") -> Extremo
L58: =IF(NOT(ISERROR(MATCH(K58,_xlfn.ANCHORARRAY(G63),0))),J65&"Por favor no seleccionar los criterios de impacto",K58) -> 0 | P58: 3 | Q58: En caso de que se materialice el riesgo, el profesional delegado por la Dirección de Asuntos Legales Misionales continuara con el proceso de seguimiento y recepción de documentos para la interposición y/o control de las denuncias interpuestas por las conductas presuntamente antiéticas y/o punibles. | R58: =IF(OR(S58="Preventivo",S58="Detectivo"),"Probabilidad",IF(S58="Correctivo","Impacto","")) -> Impacto | S58: Correctivo | T58: Manual | U58: =IF(AND(S58="Preventivo",T58="Automático"),"50%",IF(AND(S58="Preventivo",T58="Manual"),"40%",IF(AND(S58="Detectivo",T58="Automático"),"40%",IF(AND(S58="Detectivo",T58="Manual"),"30%",IF(AND(S58="Correctivo",T58="Automático"),"35%",IF(AND(S58="Correctivo",T58="Manual"),"25%","")))))) -> 25% | V58: Documentado | W58: Continua | X58: Sin registro | Y58: =IFERROR(IF(AND(R57="Probabilidad",R58="Probabilidad"),(AA57-(+AA57*U58)),IF(AND(R57="Impacto",R58="Probabilidad"),(AA56-(+AA56*U58)),IF(R58="Impacto",AA57,""))),"") -> 0.084 | Z58: =IFERROR(IF(Y58="","",IF(Y58<=0.2,"Rara vez",IF(Y58<=0.4,"Improbable",IF(Y58<=0.6,"Posible",IF(Y58<=0.8,"Probable","Casi Seguro"))))),"") -> Rara vez | AA58: =+Y58 -> 0.084 | AB58: =IFERROR(IF(AC58="","",IF(AC58<=0.6,"Moderado",IF(AC58<=0.8,"Mayor","Catastrófico"))),"") -> Mayor | AC58: =IFERROR(IF(AND(R57="Impacto",R58="Impacto"),(AC57-(+AC57*U58)),IF(AND(R57="Probabilidad",R58="Impacto"),(AC56-(+AC56*U58)),IF(R58="Probabilidad",AC57,""))),"") -> 0.75 | AD58: =IFERROR(IF(OR(AND(Z58="Rara vez",AB58="Leve"),AND(Z58="Rara vez",AB58="Menor"),AND(Z58="Improbable",AB58="Leve")),"Bajo",IF(OR(AND(Z58="Rara vez",AB58="Moderado"),AND(Z58="Improbable",AB58="Menor"),AND(Z58="Improbable",AB58="Moderado"),AND(Z58="Posible",AB58="Leve"),AND(Z58="Posible",AB58="Menor"),AND(Z58="Posible",AB58="Moderado"),AND(Z58="Probable",AB58="Leve"),AND(Z58="Probable",AB58="Menor")),"Moderado",IF(OR(AND(Z58="Rara vez",AB58="Mayor"),AND(Z58="Improbable",AB58="Mayor"),AND(Z58="Posible",AB58="Mayor"),AND(Z58="Probable",AB58="Moderado"),AND(Z58="Probable",AB58="Mayor"),AND(Z58="Casi Seguro",AB58="Leve"),AND(Z58="Casi Seguro",AB58="Menor"),AND(Z58="Casi Seguro",AB58="Moderado"),AND(Z58="Casi Seguro",AB58="Mayor")),"Alto",IF(OR(AND(Z58="Rara vez",AB58="Catastrófico"),AND(Z58="Improbable",AB58="Catastrófico"),AND(Z58="Posible",AB58="Catastrófico"),AND(Z58="Probable",AB58="Catastrófico"),AND(Z58="Casi Seguro",AB58="Catastrófico")),"Extremo","")))),"") -> Alto | AE58: Reducir (mitigar) | AF58: Adelantar los procedimientos de denuncia a las áreas Control Disciplinario de Dirección Talento Humano, OIAC y autoridades judiciales correspondientes para que se adelanten los procesos sancionatorios si hay lugar. | AG58: Dirección de Asuntos Legales Misionales y OIAC | AH58: 45657 | AK58: En curso
L59: =IF(NOT(ISERROR(MATCH(K59,_xlfn.ANCHORARRAY(G64),0))),J66&"Por favor no seleccionar los criterios de impacto",K59) -> 0 | P59: 4 | R59: =IF(OR(S59="Preventivo",S59="Detectivo"),"Probabilidad",IF(S59="Correctivo","Impacto","")) | U59: =IF(AND(S59="Preventivo",T59="Automático"),"50%",IF(AND(S59="Preventivo",T59="Manual"),"40%",IF(AND(S59="Detectivo",T59="Automático"),"40%",IF(AND(S59="Detectivo",T59="Manual"),"30%",IF(AND(S59="Correctivo",T59="Automático"),"35%",IF(AND(S59="Correctivo",T59="Manual"),"25%","")))))) | Y59: =IFERROR(IF(AND(R58="Probabilidad",R59="Probabilidad"),(AA58-(+AA58*U59)),IF(AND(R58="Impacto",R59="Probabilidad"),(AA57-(+AA57*U59)),IF(R59="Impacto",AA58,""))),"") | Z59: =IFERROR(IF(Y59="","",IF(Y59<=0.2,"Rara vez",IF(Y59<=0.4,"Improbable",IF(Y59<=0.6,"Posible",IF(Y59<=0.8,"Probable","Casi Seguro"))))),"") | AA59: =+Y59 | AB59: =IFERROR(IF(AC59="","",IF(AC59<=0.6,"Moderado",IF(AC59<=0.8,"Mayor","Catastrófico"))),"") | AC59: =IFERROR(IF(AND(R58="Impacto",R59="Impacto"),(AC58-(+AC58*U59)),IF(AND(R58="Probabilidad",R59="Impacto"),(AC57-(+AC57*U59)),IF(R59="Probabilidad",AC58,""))),"") | AD59: =IFERROR(IF(OR(AND(Z59="Rara vez",AB59="Leve"),AND(Z59="Rara vez",AB59="Menor"),AND(Z59="Improbable",AB59="Leve")),"Bajo",IF(OR(AND(Z59="Rara vez",AB59="Moderado"),AND(Z59="Improbable",AB59="Menor"),AND(Z59="Improbable",AB59="Moderado"),AND(Z59="Posible",AB59="Leve"),AND(Z59="Posible",AB59="Menor"),AND(Z59="Posible",AB59="Moderado"),AND(Z59="Probable",AB59="Leve"),AND(Z59="Probable",AB59="Menor")),"Moderado",IF(OR(AND(Z59="Rara vez",AB59="Mayor"),AND(Z59="Improbable",AB59="Mayor"),AND(Z59="Posible",AB59="Mayor"),AND(Z59="Probable",AB59="Moderado"),AND(Z59="Probable",AB59="Mayor"),AND(Z59="Casi Seguro",AB59="Leve"),AND(Z59="Casi Seguro",AB59="Menor"),AND(Z59="Casi Seguro",AB59="Moderado"),AND(Z59="Casi Seguro",AB59="Mayor")),"Alto",IF(OR(AND(Z59="Rara vez",AB59="Catastrófico"),AND(Z59="Improbable",AB59="Catastrófico"),AND(Z59="Posible",AB59="Catastrófico"),AND(Z59="Probable",AB59="Catastrófico"),AND(Z59="Casi Seguro",AB59="Catastrófico")),"Extremo","")))),"")
L60: =IF(NOT(ISERROR(MATCH(K60,_xlfn.ANCHORARRAY(G65),0))),J67&"Por favor no seleccionar los criterios de impacto",K60) -> 0 | P60: 5 | R60: =IF(OR(S60="Preventivo",S60="Detectivo"),"Probabilidad",IF(S60="Correctivo","Impacto","")) | U60: =IF(AND(S60="Preventivo",T60="Automático"),"50%",IF(AND(S60="Preventivo",T60="Manual"),"40%",IF(AND(S60="Detectivo",T60="Automático"),"40%",IF(AND(S60="Detectivo",T60="Manual"),"30%",IF(AND(S60="Correctivo",T60="Automático"),"35%",IF(AND(S60="Correctivo",T60="Manual"),"25%","")))))) | Y60: =IFERROR(IF(AND(R59="Probabilidad",R60="Probabilidad"),(AA59-(+AA59*U60)),IF(AND(R59="Impacto",R60="Probabilidad"),(AA58-(+AA58*U60)),IF(R60="Impacto",AA59,""))),"") | Z60: =IFERROR(IF(Y60="","",IF(Y60<=0.2,"Rara vez",IF(Y60<=0.4,"Improbable",IF(Y60<=0.6,"Posible",IF(Y60<=0.8,"Probable","Casi Seguro"))))),"") | AA60: =+Y60 | AB60: =IFERROR(IF(AC60="","",IF(AC60<=0.6,"Moderado",IF(AC60<=0.8,"Mayor","Catastrófico"))),"") | AC60: =IFERROR(IF(AND(R59="Impacto",R60="Impacto"),(AC59-(+AC59*U60)),IF(AND(R59="Probabilidad",R60="Impacto"),(AC58-(+AC58*U60)),IF(R60="Probabilidad",AC59,""))),"") | AD60: =IFERROR(IF(OR(AND(Z60="Rara vez",AB60="Leve"),AND(Z60="Rara vez",AB60="Menor"),AND(Z60="Improbable",AB60="Leve")),"Bajo",IF(OR(AND(Z60="Rara vez",AB60="Moderado"),AND(Z60="Improbable",AB60="Menor"),AND(Z60="Improbable",AB60="Moderado"),AND(Z60="Posible",AB60="Leve"),AND(Z60="Posible",AB60="Menor"),AND(Z60="Posible",AB60="Moderado"),AND(Z60="Probable",AB60="Leve"),AND(Z60="Probable",AB60="Menor")),"Moderado",IF(OR(AND(Z60="Rara vez",AB60="Mayor"),AND(Z60="Improbable",AB60="Mayor"),AND(Z60="Posible",AB60="Mayor"),AND(Z60="Probable",AB60="Moderado"),AND(Z60="Probable",AB60="Mayor"),AND(Z60="Casi Seguro",AB60="Leve"),AND(Z60="Casi Seguro",AB60="Menor"),AND(Z60="Casi Seguro",AB60="Moderado"),AND(Z60="Casi Seguro",AB60="Mayor")),"Alto",IF(OR(AND(Z60="Rara vez",AB60="Catastrófico"),AND(Z60="Improbable",AB60="Catastrófico"),AND(Z60="Posible",AB60="Catastrófico"),AND(Z60="Probable",AB60="Catastrófico"),AND(Z60="Casi Seguro",AB60="Catastrófico")),"Extremo","")))),"")
L61: =IF(NOT(ISERROR(MATCH(K61,_xlfn.ANCHORARRAY(G66),0))),J68&"Por favor no seleccionar los criterios de impacto",K61) -> 0 | P61: 6 | R61: =IF(OR(S61="Preventivo",S61="Detectivo"),"Probabilidad",IF(S61="Correctivo","Impacto","")) | U61: =IF(AND(S61="Preventivo",T61="Automático"),"50%",IF(AND(S61="Preventivo",T61="Manual"),"40%",IF(AND(S61="Detectivo",T61="Automático"),"40%",IF(AND(S61="Detectivo",T61="Manual"),"30%",IF(AND(S61="Correctivo",T61="Automático"),"35%",IF(AND(S61="Correctivo",T61="Manual"),"25%","")))))) | Y61: =IFERROR(IF(AND(R60="Probabilidad",R61="Probabilidad"),(AA60-(+AA60*U61)),IF(AND(R60="Impacto",R61="Probabilidad"),(AA59-(+AA59*U61)),IF(R61="Impacto",AA60,""))),"") | Z61: =IFERROR(IF(Y61="","",IF(Y61<=0.2,"Rara vez",IF(Y61<=0.4,"Improbable",IF(Y61<=0.6,"Posible",IF(Y61<=0.8,"Probable","Casi Seguro"))))),"") | AA61: =+Y61 | AB61: =IFERROR(IF(AC61="","",IF(AC61<=0.6,"Moderado",IF(AC61<=0.8,"Mayor","Catastrófico"))),"") | AC61: =IFERROR(IF(AND(R60="Impacto",R61="Impacto"),(AC60-(+AC60*U61)),IF(AND(R60="Probabilidad",R61="Impacto"),(AC59-(+AC59*U61)),IF(R61="Probabilidad",AC60,""))),"") | AD61: =IFERROR(IF(OR(AND(Z61="Rara vez",AB61="Leve"),AND(Z61="Rara vez",AB61="Menor"),AND(Z61="Improbable",AB61="Leve")),"Bajo",IF(OR(AND(Z61="Rara vez",AB61="Moderado"),AND(Z61="Improbable",AB61="Menor"),AND(Z61="Improbable",AB61="Moderado"),AND(Z61="Posible",AB61="Leve"),AND(Z61="Posible",AB61="Menor"),AND(Z61="Posible",AB61="Moderado"),AND(Z61="Probable",AB61="Leve"),AND(Z61="Probable",AB61="Menor")),"Moderado",IF(OR(AND(Z61="Rara vez",AB61="Mayor"),AND(Z61="Improbable",AB61="Mayor"),AND(Z61="Posible",AB61="Mayor"),AND(Z61="Probable",AB61="Moderado"),AND(Z61="Probable",AB61="Mayor"),AND(Z61="Casi Seguro",AB61="Leve"),AND(Z61="Casi Seguro",AB61="Menor"),AND(Z61="Casi Seguro",AB61="Moderado"),AND(Z61="Casi Seguro",AB61="Mayor")),"Alto",IF(OR(AND(Z61="Rara vez",AB61="Catastrófico"),AND(Z61="Improbable",AB61="Catastrófico"),AND(Z61="Posible",AB61="Catastrófico"),AND(Z61="Probable",AB61="Catastrófico"),AND(Z61="Casi Seguro",AB61="Catastrófico")),"Extremo","")))),"")
B62: RC-GTH-2 | C62: Gestión de Talento Humano | D62: Posibilidad de desviación de recursos de nómina para beneficiar a un tercero | E62: Riesgo de Corrupción | F62: Falta de ética profesional Falta de control del proceso | G62: Investigaciones penales o disciplinarias Pérdida de recursos de la Entidad | H62: No se ha presentado en los últimos 5 años | I62: =IF(H62<=0,"",IF(H62="No se ha presentado en los últimos 5 años","Rara vez",IF(H62="Al menos 1 vez en los últimos 5 años","Improbable",IF(H62="Al menos 1 vez en los últimos 2 años","Posible",IF(H62="Al menos 1 vez en el último año","Probable",IF(H62="Más de 1 vez al año","Casi Seguro")))))) -> Rara vez | J62: =IF(I62="","",IF(I62="Rara vez",0.2,IF(I62="Improbable",0.4,IF(I62="Posible",0.6,IF(I62="Probable",0.8,IF(I62="Casi Seguro",1,)))))) -> 0.2 | K62: Responder afirmativamente de DOCE a DIECINUEVE | L62: =IF(NOT(ISERROR(MATCH(K62,'[7]Tabla Impacto'!$B$220:$B$222,0))),'[7]Tabla Impacto'!$F$222&"Por favor no seleccionar los criterios de impacto(Afectación Económica o presupuestal y Pérdida Reputacional)",K62) -> Responder afirmativamente de DOCE a DIECINUEVE | M62: =IF(OR(L62='[7]Tabla Impacto'!$C$5),"Moderado",IF(OR(L62='[7]Tabla Impacto'!$C$6),"Mayor",IF(OR(L62='[7]Tabla Impacto'!$C$7),"Catastrófico",""))) -> Catastrófico | N62: =IF(M62="","",IF(M62="Leve",0.2,IF(M62="Menor",0.4,IF(M62="Moderado",0.6,IF(M62="Mayor",0.8,IF(M62="Catastrófico",1,)))))) -> 1 | O62: =IF(OR(AND(I62="Rara vez",M62="Leve"),AND(I62="Rara vez",M62="Menor"),AND(I62="Improbable",M62="Leve")),"Bajo",IF(OR(AND(I62="Rara vez",M62="Moderado"),AND(I62="Improbable",M62="Menor"),AND(I62="Improbable",M62="Moderado"),AND(I62="Posible",M62="Leve"),AND(I62="Posible",M62="Menor"),AND(I62="Posible",M62="Moderado"),AND(I62="Probable",M62="Leve"),AND(I62="Probable",M62="Menor")),"Moderado",IF(OR(AND(I62="Rara vez",M62="Mayor"),AND(I62="Improbable",M62="Mayor"),AND(I62="Posible",M62="Mayor"),AND(I62="Probable",M62="Moderado"),AND(I62="Probable",M62="Mayor"),AND(I62="Casi Seguro",M62="Leve"),AND(I62="Casi Seguro",M62="Menor"),AND(I62="Casi Seguro",M62="Moderado"),AND(I62="Casi Seguro",M62="Mayor")),"Alto",IF(OR(AND(I62="Rara vez",M62="Catastrófico"),AND(I62="Improbable",M62="Catastrófico"),AND(I62="Posible",M62="Catastrófico"),AND(I62="Probable",M62="Catastrófico"),AND(I62="Casi Seguro",M62="Catastrófico")),"Extremo","")))) -> Extremo | P62: 1 | Q62: El profesional delegado de la Dirección de Talento Humano cada vez que realiza la parametrización de la plataforma Cactus verifica que sea acorde a las manuales establecidos. | R62: =IF(OR(S62="Preventivo",S62="Detectivo"),"Probabilidad",IF(S62="Correctivo","Impacto","")) -> Probabilidad | S62: Preventivo | T62: Manual | U62: =IF(AND(S62="Preventivo",T62="Automático"),"50%",IF(AND(S62="Preventivo",T62="Manual"),"40%",IF(AND(S62="Detectivo",T62="Automático"),"40%",IF(AND(S62="Detectivo",T62="Manual"),"30%",IF(AND(S62="Correctivo",T62="Automático"),"35%",IF(AND(S62="Correctivo",T62="Manual"),"25%","")))))) -> 40% | V62: Documentado | W62: Continua | X62: Sin registro | Y62: =IFERROR(IF(R62="Probabilidad",(J62-(+J62*U62)),IF(R62="Impacto",J62,"")),"") -> 0.12 | Z62: =IFERROR(IF(Y62="","",IF(Y62<=0.2,"Rara vez",IF(Y62<=0.4,"Improbable",IF(Y62<=0.6,"Posible",IF(Y62<=0.8,"Probable","Casi Seguro"))))),"") -> Rara vez | AA62: =+Y62 -> 0.12 | AB62: =IFERROR(IF(AC62="","",IF(AC62<=0.6,"Moderado",IF(AC62<=0.8,"Mayor","Catastrófico"))),"") -> Catastrófico | AC62: =IFERROR(IF(R62="Impacto",(N62-(+N62*U62)),IF(R62="Probabilidad",N62,"")),"") -> 1 | AD62: =IFERROR(IF(OR(AND(Z62="Rara vez",AB62="Leve"),AND(Z62="Rara vez",AB62="Menor"),AND(Z62="Improbable",AB62="Leve")),"Bajo",IF(OR(AND(Z62="Rara vez",AB62="Moderado"),AND(Z62="Improbable",AB62="Menor"),AND(Z62="Improbable",AB62="Moderado"),AND(Z62="Posible",AB62="Leve"),AND(Z62="Posible",AB62="Menor"),AND(Z62="Posible",AB62="Moderado"),AND(Z62="Probable",AB62="Leve"),AND(Z62="Probable",AB62="Menor")),"Moderado",IF(OR(AND(Z62="Rara vez",AB62="Mayor"),AND(Z62="Improbable",AB62="Mayor"),AND(Z62="Posible",AB62="Mayor"),AND(Z62="Probable",AB62="Moderado"),AND(Z62="Probable",AB62="Mayor"),AND(Z62="Casi Seguro",AB62="Leve"),AND(Z62="Casi Seguro",AB62="Menor"),AND(Z62="Casi Seguro",AB62="Moderado"),AND(Z62="Casi Seguro",AB62="Mayor")),"Alto",IF(OR(AND(Z62="Rara vez",AB62="Catastrófico"),AND(Z62="Improbable",AB62="Catastrófico"),AND(Z62="Posible",AB62="Catastrófico"),AND(Z62="Probable",AB62="Catastrófico"),AND(Z62="Casi Seguro",AB62="Catastrófico")),"Extremo","")))),"") -> Extremo | AL62: 45411 | AM62: Monitoreado | AN62: =+O62 -> Extremo | AO62: =+AD65 -> Alto
L63: =IF(NOT(ISERROR(MATCH(K63,_xlfn.ANCHORARRAY(G74),0))),J76&"Por favor no seleccionar los criterios de impacto",K63) -> 0 | P63: 2 | Q63: La plataforma Cactus cuando se va a realizar un pago de nómina valida la planta activa del personal y que a la persona no se la haya realizado un pago inconsistente. | R63: =IF(OR(S63="Preventivo",S63="Detectivo"),"Probabilidad",IF(S63="Correctivo","Impacto","")) -> Probabilidad | S63: Detectivo | T63: Automático | U63: =IF(AND(S63="Preventivo",T63="Automático"),"50%",IF(AND(S63="Preventivo",T63="Manual"),"40%",IF(AND(S63="Detectivo",T63="Automático"),"40%",IF(AND(S63="Detectivo",T63="Manual"),"30%",IF(AND(S63="Correctivo",T63="Automático"),"35%",IF(AND(S63="Correctivo",T63="Manual"),"25%","")))))) -> 40% | V63: Documentado | W63: Continua | X63: Sin registro | Y63: =IFERROR(IF(R63="Probabilidad",(J63-(+J63*U63)),IF(R63="Impacto",J63,"")),"") -> 0 | Z63: =IFERROR(IF(Y63="","",IF(Y63<=0.2,"Rara vez",IF(Y63<=0.4,"Improbable",IF(Y63<=0.6,"Posible",IF(Y63<=0.8,"Probable","Casi Seguro"))))),"") -> Rara vez | AA63: =+Y63 -> 0 | AB63: =IFERROR(IF(AC63="","",IF(AC63<=0.6,"Moderado",IF(AC63<=0.8,"Mayor","Catastrófico"))),"") -> Catastrófico | AC63: =IFERROR(IF(AND(R62="Impacto",R63="Impacto"),(AC62-(+AC62*U63)),IF(R63="Impacto",(N62-(+N62*U63)),IF(R63="Probabilidad",AC62,""))),"") -> 1 | AD63: =IFERROR(IF(OR(AND(Z63="Rara vez",AB63="Leve"),AND(Z63="Rara vez",AB63="Menor"),AND(Z63="Improbable",AB63="Leve")),"Bajo",IF(OR(AND(Z63="Rara vez",AB63="Moderado"),AND(Z63="Improbable",AB63="Menor"),AND(Z63="Improbable",AB63="Moderado"),AND(Z63="Posible",AB63="Leve"),AND(Z63="Posible",AB63="Menor"),AND(Z63="Posible",AB63="Moderado"),AND(Z63="Probable",AB63="Leve"),AND(Z63="Probable",AB63="Menor")),"Moderado",IF(OR(AND(Z63="Rara vez",AB63="Mayor"),AND(Z63="Improbable",AB63="Mayor"),AND(Z63="Posible",AB63="Mayor"),AND(Z63="Probable",AB63="Moderado"),AND(Z63="Probable",AB63="Mayor"),AND(Z63="Casi Seguro",AB63="Leve"),AND(Z63="Casi Seguro",AB63="Menor"),AND(Z63="Casi Seguro",AB63="Moderado"),AND(Z63="Casi Seguro",AB63="Mayor")),"Alto",IF(OR(AND(Z63="Rara vez",AB63="Catastrófico"),AND(Z63="Improbable",AB63="Catastrófico"),AND(Z63="Posible",AB63="Catastrófico"),AND(Z63="Probable",AB63="Catastrófico"),AND(Z63="Casi Seguro",AB63="Catastrófico")),"Extremo","")))),"") -> Extremo
L64: =IF(NOT(ISERROR(MATCH(K64,_xlfn.ANCHORARRAY(G75),0))),J77&"Por favor no seleccionar los criterios de impacto",K64) -> 0 | P64: 3 | Q64: La plataforma Cactus cuando se va a realizar un pago de nómina genera directamente el archivo plano para subir a la plataforma del banco o entidad donde se va a realizar el pago. | R64: =IF(OR(S64="Preventivo",S64="Detectivo"),"Probabilidad",IF(S64="Correctivo","Impacto","")) -> Probabilidad | S64: Detectivo | T64: Automático | U64: =IF(AND(S64="Preventivo",T64="Automático"),"50%",IF(AND(S64="Preventivo",T64="Manual"),"40%",IF(AND(S64="Detectivo",T64="Automático"),"40%",IF(AND(S64="Detectivo",T64="Manual"),"30%",IF(AND(S64="Correctivo",T64="Automático"),"35%",IF(AND(S64="Correctivo",T64="Manual"),"25%","")))))) -> 40% | V64: Sin Documentar | W64: Continua | X64: Con registro | Y64: =IFERROR(IF(R64="Probabilidad",(J64-(+J64*U64)),IF(R64="Impacto",J64,"")),"") -> 0 | Z64: =IFERROR(IF(Y64="","",IF(Y64<=0.2,"Rara vez",IF(Y64<=0.4,"Improbable",IF(Y64<=0.6,"Posible",IF(Y64<=0.8,"Probable","Casi Seguro"))))),"") -> Rara vez | AA64: =+Y64 -> 0 | AB64: =IFERROR(IF(AC64="","",IF(AC64<=0.6,"Moderado",IF(AC64<=0.8,"Mayor","Catastrófico"))),"") -> Catastrófico | AC64: =IFERROR(IF(AND(R63="Impacto",R64="Impacto"),(AC63-(+AC63*U64)),IF(AND(R63="Probabilidad",R64="Impacto"),(AC62-(+AC62*U64)),IF(R64="Probabilidad",AC63,""))),"") -> 1 | AD64: =IFERROR(IF(OR(AND(Z64="Rara vez",AB64="Leve"),AND(Z64="Rara vez",AB64="Menor"),AND(Z64="Improbable",AB64="Leve")),"Bajo",IF(OR(AND(Z64="Rara vez",AB64="Moderado"),AND(Z64="Improbable",AB64="Menor"),AND(Z64="Improbable",AB64="Moderado"),AND(Z64="Posible",AB64="Leve"),AND(Z64="Posible",AB64="Menor"),AND(Z64="Posible",AB64="Moderado"),AND(Z64="Probable",AB64="Leve"),AND(Z64="Probable",AB64="Menor")),"Moderado",IF(OR(AND(Z64="Rara vez",AB64="Mayor"),AND(Z64="Improbable",AB64="Mayor"),AND(Z64="Posible",AB64="Mayor"),AND(Z64="Probable",AB64="Moderado"),AND(Z64="Probable",AB64="Mayor"),AND(Z64="Casi Seguro",AB64="Leve"),AND(Z64="Casi Seguro",AB64="Menor"),AND(Z64="Casi Seguro",AB64="Moderado"),AND(Z64="Casi Seguro",AB64="Mayor")),"Alto",IF(OR(AND(Z64="Rara vez",AB64="Catastrófico"),AND(Z64="Improbable",AB64="Catastrófico"),AND(Z64="Posible",AB64="Catastrófico"),AND(Z64="Probable",AB64="Catastrófico"),AND(Z64="Casi Seguro",AB64="Catastrófico")),"Extremo","")))),"") -> Extremo
L65: =IF(NOT(ISERROR(MATCH(K65,_xlfn.ANCHORARRAY(G76),0))),J78&"Por favor no seleccionar los criterios de impacto",K65) -> 0 | P65: 4 | Q65: El profesional delegado de la Dirección de Talento Humano en caso de detectar un pago inconsistente en beneficio de un tercero inicia el proceso de devolución con el objetivo de que la entidad pueda recuperar los recursos. Como evidencia quedaría la solicitud realizada por correos. | R65: =IF(OR(S65="Preventivo",S65="Detectivo"),"Probabilidad",IF(S65="Correctivo","Impacto","")) -> Impacto | S65: Correctivo | T65: Manual | U65: =IF(AND(S65="Preventivo",T65="Automático"),"50%",IF(AND(S65="Preventivo",T65="Manual"),"40%",IF(AND(S65="Detectivo",T65="Automático"),"40%",IF(AND(S65="Detectivo",T65="Manual"),"30%",IF(AND(S65="Correctivo",T65="Automático"),"35%",IF(AND(S65="Correctivo",T65="Manual"),"25%","")))))) -> 25% | V65: Documentado | W65: Continua | X65: Con registro | Y65: =IFERROR(IF(R65="Probabilidad",(J65-(+J65*U65)),IF(R65="Impacto",J65,"")),"") -> 0 | Z65: =IFERROR(IF(Y65="","",IF(Y65<=0.2,"Rara vez",IF(Y65<=0.4,"Improbable",IF(Y65<=0.6,"Posible",IF(Y65<=0.8,"Probable","Casi Seguro"))))),"") -> Rara vez | AA65: =+Y65 -> 0 | AB65: =IFERROR(IF(AC65="","",IF(AC65<=0.6,"Moderado",IF(AC65<=0.8,"Mayor","Catastrófico"))),"") -> Mayor | AC65: =IFERROR(IF(AND(R64="Impacto",R65="Impacto"),(AC64-(+AC64*U65)),IF(AND(R64="Probabilidad",R65="Impacto"),(AC63-(+AC63*U65)),IF(R65="Probabilidad",AC64,""))),"") -> 0.75 | AD65: =IFERROR(IF(OR(AND(Z65="Rara vez",AB65="Leve"),AND(Z65="Rara vez",AB65="Menor"),AND(Z65="Improbable",AB65="Leve")),"Bajo",IF(OR(AND(Z65="Rara vez",AB65="Moderado"),AND(Z65="Improbable",AB65="Menor"),AND(Z65="Improbable",AB65="Moderado"),AND(Z65="Posible",AB65="Leve"),AND(Z65="Posible",AB65="Menor"),AND(Z65="Posible",AB65="Moderado"),AND(Z65="Probable",AB65="Leve"),AND(Z65="Probable",AB65="Menor")),"Moderado",IF(OR(AND(Z65="Rara vez",AB65="Mayor"),AND(Z65="Improbable",AB65="Mayor"),AND(Z65="Posible",AB65="Mayor"),AND(Z65="Probable",AB65="Moderado"),AND(Z65="Probable",AB65="Mayor"),AND(Z65="Casi Seguro",AB65="Leve"),AND(Z65="Casi Seguro",AB65="Menor"),AND(Z65="Casi Seguro",AB65="Moderado"),AND(Z65="Casi Seguro",AB65="Mayor")),"Alto",IF(OR(AND(Z65="Rara vez",AB65="Catastrófico"),AND(Z65="Improbable",AB65="Catastrófico"),AND(Z65="Posible",AB65="Catastrófico"),AND(Z65="Probable",AB65="Catastrófico"),AND(Z65="Casi Seguro",AB65="Catastrófico")),"Extremo","")))),"") -> Alto | AE65: Reducir (mitigar) | AF65: Realizar capacitación del componente de nómina dentro de los procesos de inducción y reinducción | AG65: Alvaro Ignacio Diaz | AH65: 45473 | AI65: 45504 | AK65: En curso
L66: =IF(NOT(ISERROR(MATCH(K66,_xlfn.ANCHORARRAY(G77),0))),J79&"Por favor no seleccionar los criterios de impacto",K66) -> 0 | P66: 5 | R66: =IF(OR(S66="Preventivo",S66="Detectivo"),"Probabilidad",IF(S66="Correctivo","Impacto","")) | U66: =IF(AND(S66="Preventivo",T66="Automático"),"50%",IF(AND(S66="Preventivo",T66="Manual"),"40%",IF(AND(S66="Detectivo",T66="Automático"),"40%",IF(AND(S66="Detectivo",T66="Manual"),"30%",IF(AND(S66="Correctivo",T66="Automático"),"35%",IF(AND(S66="Correctivo",T66="Manual"),"25%","")))))) | Y66: =IFERROR(IF(R66="Probabilidad",(J66-(+J66*U66)),IF(R66="Impacto",J66,"")),"") | Z66: =IFERROR(IF(Y66="","",IF(Y66<=0.2,"Rara vez",IF(Y66<=0.4,"Improbable",IF(Y66<=0.6,"Posible",IF(Y66<=0.8,"Probable","Casi Seguro"))))),"") | AA66: =+Y66 | AB66: =IFERROR(IF(AC66="","",IF(AC66<=0.6,"Moderado",IF(AC66<=0.8,"Mayor","Catastrófico"))),"") | AC66: =IFERROR(IF(AND(R65="Impacto",R66="Impacto"),(AC65-(+AC65*U66)),IF(AND(R65="Probabilidad",R66="Impacto"),(AC64-(+AC64*U66)),IF(R66="Probabilidad",AC65,""))),"") | AD66: =IFERROR(IF(OR(AND(Z66="Rara vez",AB66="Leve"),AND(Z66="Rara vez",AB66="Menor"),AND(Z66="Improbable",AB66="Leve")),"Bajo",IF(OR(AND(Z66="Rara vez",AB66="Moderado"),AND(Z66="Improbable",AB66="Menor"),AND(Z66="Improbable",AB66="Moderado"),AND(Z66="Posible",AB66="Leve"),AND(Z66="Posible",AB66="Menor"),AND(Z66="Posible",AB66="Moderado"),AND(Z66="Probable",AB66="Leve"),AND(Z66="Probable",AB66="Menor")),"Moderado",IF(OR(AND(Z66="Rara vez",AB66="Mayor"),AND(Z66="Improbable",AB66="Mayor"),AND(Z66="Posible",AB66="Mayor"),AND(Z66="Probable",AB66="Moderado"),AND(Z66="Probable",AB66="Mayor"),AND(Z66="Casi Seguro",AB66="Leve"),AND(Z66="Casi Seguro",AB66="Menor"),AND(Z66="Casi Seguro",AB66="Moderado"),AND(Z66="Casi Seguro",AB66="Mayor")),"Alto",IF(OR(AND(Z66="Rara vez",AB66="Catastrófico"),AND(Z66="Improbable",AB66="Catastrófico"),AND(Z66="Posible",AB66="Catastrófico"),AND(Z66="Probable",AB66="Catastrófico"),AND(Z66="Casi Seguro",AB66="Catastrófico")),"Extremo","")))),"")
L67: =IF(NOT(ISERROR(MATCH(K67,_xlfn.ANCHORARRAY(G78),0))),J80&"Por favor no seleccionar los criterios de impacto",K67) -> 0 | P67: 6 | R67: =IF(OR(S67="Preventivo",S67="Detectivo"),"Probabilidad",IF(S67="Correctivo","Impacto","")) | U67: =IF(AND(S67="Preventivo",T67="Automático"),"50%",IF(AND(S67="Preventivo",T67="Manual"),"40%",IF(AND(S67="Detectivo",T67="Automático"),"40%",IF(AND(S67="Detectivo",T67="Manual"),"30%",IF(AND(S67="Correctivo",T67="Automático"),"35%",IF(AND(S67="Correctivo",T67="Manual"),"25%","")))))) | Y67: =IFERROR(IF(AND(R66="Probabilidad",R67="Probabilidad"),(AA66-(+AA66*U67)),IF(AND(R66="Impacto",R67="Probabilidad"),(AA65-(+AA65*U67)),IF(R67="Impacto",AA66,""))),"") | Z67: =IFERROR(IF(Y67="","",IF(Y67<=0.2,"Rara vez",IF(Y67<=0.4,"Improbable",IF(Y67<=0.6,"Posible",IF(Y67<=0.8,"Probable","Casi Seguro"))))),"") | AA67: =+Y67 | AB67: =IFERROR(IF(AC67="","",IF(AC67<=0.6,"Moderado",IF(AC67<=0.8,"Mayor","Catastrófico"))),"") | AC67: =IFERROR(IF(AND(R66="Impacto",R67="Impacto"),(AC66-(+AC66*U67)),IF(AND(R66="Probabilidad",R67="Impacto"),(AC65-(+AC65*U67)),IF(R67="Probabilidad",AC66,""))),"") | AD67: =IFERROR(IF(OR(AND(Z67="Rara vez",AB67="Leve"),AND(Z67="Rara vez",AB67="Menor"),AND(Z67="Improbable",AB67="Leve")),"Bajo",IF(OR(AND(Z67="Rara vez",AB67="Moderado"),AND(Z67="Improbable",AB67="Menor"),AND(Z67="Improbable",AB67="Moderado"),AND(Z67="Posible",AB67="Leve"),AND(Z67="Posible",AB67="Menor"),AND(Z67="Posible",AB67="Moderado"),AND(Z67="Probable",AB67="Leve"),AND(Z67="Probable",AB67="Menor")),"Moderado",IF(OR(AND(Z67="Rara vez",AB67="Mayor"),AND(Z67="Improbable",AB67="Mayor"),AND(Z67="Posible",AB67="Mayor"),AND(Z67="Probable",AB67="Moderado"),AND(Z67="Probable",AB67="Mayor"),AND(Z67="Casi Seguro",AB67="Leve"),AND(Z67="Casi Seguro",AB67="Menor"),AND(Z67="Casi Seguro",AB67="Moderado"),AND(Z67="Casi Seguro",AB67="Mayor")),"Alto",IF(OR(AND(Z67="Rara vez",AB67="Catastrófico"),AND(Z67="Improbable",AB67="Catastrófico"),AND(Z67="Posible",AB67="Catastrófico"),AND(Z67="Probable",AB67="Catastrófico"),AND(Z67="Casi Seguro",AB67="Catastrófico")),"Extremo","")))),"")
B68: RC-GTH-3 | C68: Gestión de Talento Humano | D68: Posibilidad de vincular un trabajador sin someterse al procedimiento de selección con el propósito de favorecer a un familiar, amigo o algún funcionario de la empresa | E68: Riesgo de Corrupción | F68: Falta de ética profesional Falta de control del proceso | G68: Investigaciones penales o disciplinarias Pérdida de recursos de la Entidad | H68: No se ha presentado en los últimos 5 años | I68: =IF(H68<=0,"",IF(H68="No se ha presentado en los últimos 5 años","Rara vez",IF(H68="Al menos 1 vez en los últimos 5 años","Improbable",IF(H68="Al menos 1 vez en los últimos 2 años","Posible",IF(H68="Al menos 1 vez en el último año","Probable",IF(H68="Más de 1 vez al año","Casi Seguro")))))) -> Rara vez | J68: =IF(I68="","",IF(I68="Rara vez",0.2,IF(I68="Improbable",0.4,IF(I68="Posible",0.6,IF(I68="Probable",0.8,IF(I68="Casi Seguro",1,)))))) -> 0.2 | K68: Responder afirmativamente de DOCE a DIECINUEVE | L68: =IF(NOT(ISERROR(MATCH(K68,'[7]Tabla Impacto'!$B$220:$B$222,0))),'[7]Tabla Impacto'!$F$222&"Por favor no seleccionar los criterios de impacto(Afectación Económica o presupuestal y Pérdida Reputacional)",K68) -> Responder afirmativamente de DOCE a DIECINUEVE | M68: =IF(OR(L68='[7]Tabla Impacto'!$C$5),"Moderado",IF(OR(L68='[7]Tabla Impacto'!$C$6),"Mayor",IF(OR(L68='[7]Tabla Impacto'!$C$7),"Catastrófico",""))) -> Catastrófico | N68: =IF(M68="","",IF(M68="Leve",0.2,IF(M68="Menor",0.4,IF(M68="Moderado",0.6,IF(M68="Mayor",0.8,IF(M68="Catastrófico",1,)))))) -> 1 | O68: =IF(OR(AND(I68="Rara vez",M68="Leve"),AND(I68="Rara vez",M68="Menor"),AND(I68="Improbable",M68="Leve")),"Bajo",IF(OR(AND(I68="Rara vez",M68="Moderado"),AND(I68="Improbable",M68="Menor"),AND(I68="Improbable",M68="Moderado"),AND(I68="Posible",M68="Leve"),AND(I68="Posible",M68="Menor"),AND(I68="Posible",M68="Moderado"),AND(I68="Probable",M68="Leve"),AND(I68="Probable",M68="Menor")),"Moderado",IF(OR(AND(I68="Rara vez",M68="Mayor"),AND(I68="Improbable",M68="Mayor"),AND(I68="Posible",M68="Mayor"),AND(I68="Probable",M68="Moderado"),AND(I68="Probable",M68="Mayor"),AND(I68="Casi Seguro",M68="Leve"),AND(I68="Casi Seguro",M68="Menor"),AND(I68="Casi Seguro",M68="Moderado"),AND(I68="Casi Seguro",M68="Mayor")),"Alto",IF(OR(AND(I68="Rara vez",M68="Catastrófico"),AND(I68="Improbable",M68="Catastrófico"),AND(I68="Posible",M68="Catastrófico"),AND(I68="Probable",M68="Catastrófico"),AND(I68="Casi Seguro",M68="Catastrófico")),"Extremo","")))) -> Extremo | P68: 1 | Q68: La Dirección de Talento Humano cada vez que se inicia un proceso de selección contrata a una empresa para realizar los estudios de seguridad y así asegurar la idoneidad de la información entregada. | R68: =IF(OR(S68="Preventivo",S68="Detectivo"),"Probabilidad",IF(S68="Correctivo","Impacto","")) -> Probabilidad | S68: Preventivo | T68: Manual | U68: =IF(AND(S68="Preventivo",T68="Automático"),"50%",IF(AND(S68="Preventivo",T68="Manual"),"40%",IF(AND(S68="Detectivo",T68="Automático"),"40%",IF(AND(S68="Detectivo",T68="Manual"),"30%",IF(AND(S68="Correctivo",T68="Automático"),"35%",IF(AND(S68="Correctivo",T68="Manual"),"25%","")))))) -> 40% | V68: Sin Documentar | W68: Continua | X68: Sin registro | Y68: =IFERROR(IF(R68="Probabilidad",(J68-(+J68*U68)),IF(R68="Impacto",J68,"")),"") -> 0.12 | Z68: =IFERROR(IF(Y68="","",IF(Y68<=0.2,"Rara vez",IF(Y68<=0.4,"Improbable",IF(Y68<=0.6,"Posible",IF(Y68<=0.8,"Probable","Casi Seguro"))))),"") -> Rara vez | AA68: =+Y68 -> 0.12 | AB68: =IFERROR(IF(AC68="","",IF(AC68<=0.6,"Moderado",IF(AC68<=0.8,"Mayor","Catastrófico"))),"") -> Catastrófico | AC68: =IFERROR(IF(R68="Impacto",(N68-(+N68*U68)),IF(R68="Probabilidad",N68,"")),"") -> 1 | AD68: =IFERROR(IF(OR(AND(Z68="Rara vez",AB68="Leve"),AND(Z68="Rara vez",AB68="Menor"),AND(Z68="Improbable",AB68="Leve")),"Bajo",IF(OR(AND(Z68="Rara vez",AB68="Moderado"),AND(Z68="Improbable",AB68="Menor"),AND(Z68="Improbable",AB68="Moderado"),AND(Z68="Posible",AB68="Leve"),AND(Z68="Posible",AB68="Menor"),AND(Z68="Posible",AB68="Moderado"),AND(Z68="Probable",AB68="Leve"),AND(Z68="Probable",AB68="Menor")),"Moderado",IF(OR(AND(Z68="Rara vez",AB68="Mayor"),AND(Z68="Improbable",AB68="Mayor"),AND(Z68="Posible",AB68="Mayor"),AND(Z68="Probable",AB68="Moderado"),AND(Z68="Probable",AB68="Mayor"),AND(Z68="Casi Seguro",AB68="Leve"),AND(Z68="Casi Seguro",AB68="Menor"),AND(Z68="Casi Seguro",AB68="Moderado"),AND(Z68="Casi Seguro",AB68="Mayor")),"Alto",IF(OR(AND(Z68="Rara vez",AB68="Catastrófico"),AND(Z68="Improbable",AB68="Catastrófico"),AND(Z68="Posible",AB68="Catastrófico"),AND(Z68="Probable",AB68="Catastrófico"),AND(Z68="Casi Seguro",AB68="Catastrófico")),"Extremo","")))),"") -> Extremo | AL68: 45405 | AM68: Monitoreado | AN68: =+O68 -> Extremo | AO68: =AD71 -> Alto
L69: =IF(NOT(ISERROR(MATCH(K69,_xlfn.ANCHORARRAY(G80),0))),J82&"Por favor no seleccionar los criterios de impacto",K69) -> 0 | P69: 2 | Q69: La Dirección de Talento Humano una vez la empresa de seguridad entrega el informe, realiza revisión de la información entregada con el objetivo de dar la aprobación para continuar con el proceso. | R69: =IF(OR(S69="Preventivo",S69="Detectivo"),"Probabilidad",IF(S69="Correctivo","Impacto","")) -> Probabilidad | S69: Preventivo | T69: Manual | U69: =IF(AND(S69="Preventivo",T69="Automático"),"50%",IF(AND(S69="Preventivo",T69="Manual"),"40%",IF(AND(S69="Detectivo",T69="Automático"),"40%",IF(AND(S69="Detectivo",T69="Manual"),"30%",IF(AND(S69="Correctivo",T69="Automático"),"35%",IF(AND(S69="Correctivo",T69="Manual"),"25%","")))))) -> 40% | V69: Documentado | W69: Continua | X69: Sin registro | Y69: =IFERROR(IF(AND(R68="Probabilidad",R69="Probabilidad"),(AA68-(+AA68*U69)),IF(R69="Probabilidad",(J68-(+J68*U69)),IF(R69="Impacto",AA68,""))),"") -> 0.072 | Z69: =IFERROR(IF(Y69="","",IF(Y69<=0.2,"Rara vez",IF(Y69<=0.4,"Improbable",IF(Y69<=0.6,"Posible",IF(Y69<=0.8,"Probable","Casi Seguro"))))),"") -> Rara vez | AA69: =+Y69 -> 0.072 | AB69: =IFERROR(IF(AC69="","",IF(AC69<=0.6,"Moderado",IF(AC69<=0.8,"Mayor","Catastrófico"))),"") -> Catastrófico | AC69: =IFERROR(IF(AND(R68="Impacto",R69="Impacto"),(AC68-(+AC68*U69)),IF(R69="Impacto",(N68-(+N68*U69)),IF(R69="Probabilidad",AC68,""))),"") -> 1 | AD69: =IFERROR(IF(OR(AND(Z69="Rara vez",AB69="Leve"),AND(Z69="Rara vez",AB69="Menor"),AND(Z69="Improbable",AB69="Leve")),"Bajo",IF(OR(AND(Z69="Rara vez",AB69="Moderado"),AND(Z69="Improbable",AB69="Menor"),AND(Z69="Improbable",AB69="Moderado"),AND(Z69="Posible",AB69="Leve"),AND(Z69="Posible",AB69="Menor"),AND(Z69="Posible",AB69="Moderado"),AND(Z69="Probable",AB69="Leve"),AND(Z69="Probable",AB69="Menor")),"Moderado",IF(OR(AND(Z69="Rara vez",AB69="Mayor"),AND(Z69="Improbable",AB69="Mayor"),AND(Z69="Posible",AB69="Mayor"),AND(Z69="Probable",AB69="Moderado"),AND(Z69="Probable",AB69="Mayor"),AND(Z69="Casi Seguro",AB69="Leve"),AND(Z69="Casi Seguro",AB69="Menor"),AND(Z69="Casi Seguro",AB69="Moderado"),AND(Z69="Casi Seguro",AB69="Mayor")),"Alto",IF(OR(AND(Z69="Rara vez",AB69="Catastrófico"),AND(Z69="Improbable",AB69="Catastrófico"),AND(Z69="Posible",AB69="Catastrófico"),AND(Z69="Probable",AB69="Catastrófico"),AND(Z69="Casi Seguro",AB69="Catastrófico")),"Extremo","")))),"") -> Extremo
L70: =IF(NOT(ISERROR(MATCH(K70,_xlfn.ANCHORARRAY(G81),0))),J83&"Por favor no seleccionar los criterios de impacto",K70) -> 0 | P70: 3 | Q70: El responsable de revisión de historias laborales o quien designe cada vez que se presenta una vinculación verifica los documentos del proceso de selección y vinculación en el formato Lista de Chequeo Documentos Historia Laboral, validando si existen documentos pendientes por entregar o documentos duplicados registrándolo en el Formato Hoja de Control documentos Historia Laboral. En caso de que exista una desviación en la documentación del proceso de vinculación, se informará al profesional delegado del proceso o al profesional vinculado. Como evidencia queda el formato de historias laborales | R70: =IF(OR(S70="Preventivo",S70="Detectivo"),"Probabilidad",IF(S70="Correctivo","Impacto","")) -> Probabilidad | S70: Preventivo | T70: Manual | U70: =IF(AND(S70="Preventivo",T70="Automático"),"50%",IF(AND(S70="Preventivo",T70="Manual"),"40%",IF(AND(S70="Detectivo",T70="Automático"),"40%",IF(AND(S70="Detectivo",T70="Manual"),"30%",IF(AND(S70="Correctivo",T70="Automático"),"35%",IF(AND(S70="Correctivo",T70="Manual"),"25%","")))))) -> 40% | V70: Documentado | W70: Continua | X70: Con registro | Y70: =IFERROR(IF(AND(R69="Probabilidad",R70="Probabilidad"),(AA69-(+AA69*U70)),IF(AND(R69="Impacto",R70="Probabilidad"),(AA68-(+AA68*U70)),IF(R70="Impacto",AA69,""))),"") -> 0.0432 | Z70: =IFERROR(IF(Y70="","",IF(Y70<=0.2,"Rara vez",IF(Y70<=0.4,"Improbable",IF(Y70<=0.6,"Posible",IF(Y70<=0.8,"Probable","Casi Seguro"))))),"") -> Rara vez | AA70: =+Y70 -> 0.0432 | AB70: =IFERROR(IF(AC70="","",IF(AC70<=0.6,"Moderado",IF(AC70<=0.8,"Mayor","Catastrófico"))),"") -> Catastrófico | AC70: =IFERROR(IF(AND(R69="Impacto",R70="Impacto"),(AC69-(+AC69*U70)),IF(AND(R69="Probabilidad",R70="Impacto"),(AC68-(+AC68*U70)),IF(R70="Probabilidad",AC69,""))),"") -> 1 | AD70: =IFERROR(IF(OR(AND(Z70="Rara vez",AB70="Leve"),AND(Z70="Rara vez",AB70="Menor"),AND(Z70="Improbable",AB70="Leve")),"Bajo",IF(OR(AND(Z70="Rara vez",AB70="Moderado"),AND(Z70="Improbable",AB70="Menor"),AND(Z70="Improbable",AB70="Moderado"),AND(Z70="Posible",AB70="Leve"),AND(Z70="Posible",AB70="Menor"),AND(Z70="Posible",AB70="Moderado"),AND(Z70="Probable",AB70="Leve"),AND(Z70="Probable",AB70="Menor")),"Moderado",IF(OR(AND(Z70="Rara vez",AB70="Mayor"),AND(Z70="Improbable",AB70="Mayor"),AND(Z70="Posible",AB70="Mayor"),AND(Z70="Probable",AB70="Moderado"),AND(Z70="Probable",AB70="Mayor"),AND(Z70="Casi Seguro",AB70="Leve"),AND(Z70="Casi Seguro",AB70="Menor"),AND(Z70="Casi Seguro",AB70="Moderado"),AND(Z70="Casi Seguro",AB70="Mayor")),"Alto",IF(OR(AND(Z70="Rara vez",AB70="Catastrófico"),AND(Z70="Improbable",AB70="Catastrófico"),AND(Z70="Posible",AB70="Catastrófico"),AND(Z70="Probable",AB70="Catastrófico"),AND(Z70="Casi Seguro",AB70="Catastrófico")),"Extremo","")))),"") -> Extremo
L71: =IF(NOT(ISERROR(MATCH(K71,_xlfn.ANCHORARRAY(G82),0))),J84&"Por favor no seleccionar los criterios de impacto",K71) -> 0 | P71: 4 | Q71: El profesional de vinculación o quien designe en caso de que se llegue a contratar una persona que no haya surtido todo el proceso de selección y vinculación informa a la Dirección de Talento Humano para iniciar el proceso de desvinculación. Como evidencia queda el correo enviado con la solicitud. | R71: =IF(OR(S71="Preventivo",S71="Detectivo"),"Probabilidad",IF(S71="Correctivo","Impacto","")) -> Impacto | S71: Correctivo | T71: Manual | U71: =IF(AND(S71="Preventivo",T71="Automático"),"50%",IF(AND(S71="Preventivo",T71="Manual"),"40%",IF(AND(S71="Detectivo",T71="Automático"),"40%",IF(AND(S71="Detectivo",T71="Manual"),"30%",IF(AND(S71="Correctivo",T71="Automático"),"35%",IF(AND(S71="Correctivo",T71="Manual"),"25%","")))))) -> 25% | V71: Documentado | W71: Continua | X71: Con registro | Y71: =IFERROR(IF(AND(R70="Probabilidad",R71="Probabilidad"),(AA70-(+AA70*U71)),IF(AND(R70="Impacto",R71="Probabilidad"),(AA69-(+AA69*U71)),IF(R71="Impacto",AA70,""))),"") -> 0.0432 | Z71: =IFERROR(IF(Y71="","",IF(Y71<=0.2,"Rara vez",IF(Y71<=0.4,"Improbable",IF(Y71<=0.6,"Posible",IF(Y71<=0.8,"Probable","Casi Seguro"))))),"") -> Rara vez | AA71: =+Y71 -> 0.0432 | AB71: =IFERROR(IF(AC71="","",IF(AC71<=0.6,"Moderado",IF(AC71<=0.8,"Mayor","Catastrófico"))),"") -> Mayor | AC71: =IFERROR(IF(AND(R70="Impacto",R71="Impacto"),(AC70-(+AC70*U71)),IF(AND(R70="Probabilidad",R71="Impacto"),(AC69-(+AC69*U71)),IF(R71="Probabilidad",AC70,""))),"") -> 0.75 | AD71: =IFERROR(IF(OR(AND(Z71="Rara vez",AB71="Leve"),AND(Z71="Rara vez",AB71="Menor"),AND(Z71="Improbable",AB71="Leve")),"Bajo",IF(OR(AND(Z71="Rara vez",AB71="Moderado"),AND(Z71="Improbable",AB71="Menor"),AND(Z71="Improbable",AB71="Moderado"),AND(Z71="Posible",AB71="Leve"),AND(Z71="Posible",AB71="Menor"),AND(Z71="Posible",AB71="Moderado"),AND(Z71="Probable",AB71="Leve"),AND(Z71="Probable",AB71="Menor")),"Moderado",IF(OR(AND(Z71="Rara vez",AB71="Mayor"),AND(Z71="Improbable",AB71="Mayor"),AND(Z71="Posible",AB71="Mayor"),AND(Z71="Probable",AB71="Moderado"),AND(Z71="Probable",AB71="Mayor"),AND(Z71="Casi Seguro",AB71="Leve"),AND(Z71="Casi Seguro",AB71="Menor"),AND(Z71="Casi Seguro",AB71="Moderado"),AND(Z71="Casi Seguro",AB71="Mayor")),"Alto",IF(OR(AND(Z71="Rara vez",AB71="Catastrófico"),AND(Z71="Improbable",AB71="Catastrófico"),AND(Z71="Posible",AB71="Catastrófico"),AND(Z71="Probable",AB71="Catastrófico"),AND(Z71="Casi Seguro",AB71="Catastrófico")),"Extremo","")))),"") -> Alto | AE71: Reducir (mitigar) | AF71: Revisar y actualizar el procedimiento de vinculación | AG71: Luisa Andrea | AH71: 45596 | AI71: 45322 | AK71: En curso
L72: =IF(NOT(ISERROR(MATCH(K72,_xlfn.ANCHORARRAY(G83),0))),J85&"Por favor no seleccionar los criterios de impacto",K72) -> 0 | P72: 5 | R72: =IF(OR(S72="Preventivo",S72="Detectivo"),"Probabilidad",IF(S72="Correctivo","Impacto","")) | U72: =IF(AND(S72="Preventivo",T72="Automático"),"50%",IF(AND(S72="Preventivo",T72="Manual"),"40%",IF(AND(S72="Detectivo",T72="Automático"),"40%",IF(AND(S72="Detectivo",T72="Manual"),"30%",IF(AND(S72="Correctivo",T72="Automático"),"35%",IF(AND(S72="Correctivo",T72="Manual"),"25%","")))))) | Y72: =IFERROR(IF(AND(R71="Probabilidad",R72="Probabilidad"),(AA71-(+AA71*U72)),IF(AND(R71="Impacto",R72="Probabilidad"),(AA70-(+AA70*U72)),IF(R72="Impacto",AA71,""))),"") | Z72: =IFERROR(IF(Y72="","",IF(Y72<=0.2,"Rara vez",IF(Y72<=0.4,"Improbable",IF(Y72<=0.6,"Posible",IF(Y72<=0.8,"Probable","Casi Seguro"))))),"") | AA72: =+Y72 | AB72: =IFERROR(IF(AC72="","",IF(AC72<=0.6,"Moderado",IF(AC72<=0.8,"Mayor","Catastrófico"))),"") | AC72: =IFERROR(IF(AND(R71="Impacto",R72="Impacto"),(AC71-(+AC71*U72)),IF(AND(R71="Probabilidad",R72="Impacto"),(AC70-(+AC70*U72)),IF(R72="Probabilidad",AC71,""))),"") | AD72: =IFERROR(IF(OR(AND(Z72="Rara vez",AB72="Leve"),AND(Z72="Rara vez",AB72="Menor"),AND(Z72="Improbable",AB72="Leve")),"Bajo",IF(OR(AND(Z72="Rara vez",AB72="Moderado"),AND(Z72="Improbable",AB72="Menor"),AND(Z72="Improbable",AB72="Moderado"),AND(Z72="Posible",AB72="Leve"),AND(Z72="Posible",AB72="Menor"),AND(Z72="Posible",AB72="Moderado"),AND(Z72="Probable",AB72="Leve"),AND(Z72="Probable",AB72="Menor")),"Moderado",IF(OR(AND(Z72="Rara vez",AB72="Mayor"),AND(Z72="Improbable",AB72="Mayor"),AND(Z72="Posible",AB72="Mayor"),AND(Z72="Probable",AB72="Moderado"),AND(Z72="Probable",AB72="Mayor"),AND(Z72="Casi Seguro",AB72="Leve"),AND(Z72="Casi Seguro",AB72="Menor"),AND(Z72="Casi Seguro",AB72="Moderado"),AND(Z72="Casi Seguro",AB72="Mayor")),"Alto",IF(OR(AND(Z72="Rara vez",AB72="Catastrófico"),AND(Z72="Improbable",AB72="Catastrófico"),AND(Z72="Posible",AB72="Catastrófico"),AND(Z72="Probable",AB72="Catastrófico"),AND(Z72="Casi Seguro",AB72="Catastrófico")),"Extremo","")))),"")
L73: =IF(NOT(ISERROR(MATCH(K73,_xlfn.ANCHORARRAY(G84),0))),J86&"Por favor no seleccionar los criterios de impacto",K73) -> 0 | P73: 6 | R73: =IF(OR(S73="Preventivo",S73="Detectivo"),"Probabilidad",IF(S73="Correctivo","Impacto","")) | U73: =IF(AND(S73="Preventivo",T73="Automático"),"50%",IF(AND(S73="Preventivo",T73="Manual"),"40%",IF(AND(S73="Detectivo",T73="Automático"),"40%",IF(AND(S73="Detectivo",T73="Manual"),"30%",IF(AND(S73="Correctivo",T73="Automático"),"35%",IF(AND(S73="Correctivo",T73="Manual"),"25%","")))))) | Y73: =IFERROR(IF(AND(R72="Probabilidad",R73="Probabilidad"),(AA72-(+AA72*U73)),IF(AND(R72="Impacto",R73="Probabilidad"),(AA71-(+AA71*U73)),IF(R73="Impacto",AA72,""))),"") | Z73: =IFERROR(IF(Y73="","",IF(Y73<=0.2,"Rara vez",IF(Y73<=0.4,"Improbable",IF(Y73<=0.6,"Posible",IF(Y73<=0.8,"Probable","Casi Seguro"))))),"") | AA73: =+Y73 | AB73: =IFERROR(IF(AC73="","",IF(AC73<=0.6,"Moderado",IF(AC73<=0.8,"Mayor","Catastrófico"))),"") | AC73: =IFERROR(IF(AND(R72="Impacto",R73="Impacto"),(AC72-(+AC72*U73)),IF(AND(R72="Probabilidad",R73="Impacto"),(AC71-(+AC71*U73)),IF(R73="Probabilidad",AC72,""))),"") | AD73: =IFERROR(IF(OR(AND(Z73="Rara vez",AB73="Leve"),AND(Z73="Rara vez",AB73="Menor"),AND(Z73="Improbable",AB73="Leve")),"Bajo",IF(OR(AND(Z73="Rara vez",AB73="Moderado"),AND(Z73="Improbable",AB73="Menor"),AND(Z73="Improbable",AB73="Moderado"),AND(Z73="Posible",AB73="Leve"),AND(Z73="Posible",AB73="Menor"),AND(Z73="Posible",AB73="Moderado"),AND(Z73="Probable",AB73="Leve"),AND(Z73="Probable",AB73="Menor")),"Moderado",IF(OR(AND(Z73="Rara vez",AB73="Mayor"),AND(Z73="Improbable",AB73="Mayor"),AND(Z73="Posible",AB73="Mayor"),AND(Z73="Probable",AB73="Moderado"),AND(Z73="Probable",AB73="Mayor"),AND(Z73="Casi Seguro",AB73="Leve"),AND(Z73="Casi Seguro",AB73="Menor"),AND(Z73="Casi Seguro",AB73="Moderado"),AND(Z73="Casi Seguro",AB73="Mayor")),"Alto",IF(OR(AND(Z73="Rara vez",AB73="Catastrófico"),AND(Z73="Improbable",AB73="Catastrófico"),AND(Z73="Posible",AB73="Catastrófico"),AND(Z73="Probable",AB73="Catastrófico"),AND(Z73="Casi Seguro",AB73="Catastrófico")),"Extremo","")))),"")
B74: RC-GTH-4 | C74: Gestión de Talento Humano | D74: Posibilidad de no reportar o sancionar una acción u omisión configurativa de un incumplimiento con el propósito de favorecer algún trabajador | E74: Riesgo de Corrupción | F74: Falta de ética profesional Falta de control del proceso | G74: Investigaciones penales o disciplinarias Pérdida de recursos de la Entidad | H74: Al menos 1 vez en el último año | I74: =IF(H74<=0,"",IF(H74="No se ha presentado en los últimos 5 años","Rara vez",IF(H74="Al menos 1 vez en los últimos 5 años","Improbable",IF(H74="Al menos 1 vez en los últimos 2 años","Posible",IF(H74="Al menos 1 vez en el último año","Probable",IF(H74="Más de 1 vez al año","Casi Seguro")))))) -> Probable | J74: =IF(I74="","",IF(I74="Rara vez",0.2,IF(I74="Improbable",0.4,IF(I74="Posible",0.6,IF(I74="Probable",0.8,IF(I74="Casi Seguro",1,)))))) -> 0.8 | K74: Responder afirmativamente de SEIS a ONCE | L74: =IF(NOT(ISERROR(MATCH(K74,'[7]Tabla Impacto'!$B$220:$B$222,0))),'[7]Tabla Impacto'!$F$222&"Por favor no seleccionar los criterios de impacto(Afectación Económica o presupuestal y Pérdida Reputacional)",K74) -> Responder afirmativamente de SEIS a ONCE | M74: =IF(OR(L74='[7]Tabla Impacto'!$C$5),"Moderado",IF(OR(L74='[7]Tabla Impacto'!$C$6),"Mayor",IF(OR(L74='[7]Tabla Impacto'!$C$7),"Catastrófico",""))) -> Mayor | N74: =IF(M74="","",IF(M74="Leve",0.2,IF(M74="Menor",0.4,IF(M74="Moderado",0.6,IF(M74="Mayor",0.8,IF(M74="Catastrófico",1,)))))) -> 0.8 | O74: =IF(OR(AND(I74="Rara vez",M74="Leve"),AND(I74="Rara vez",M74="Menor"),AND(I74="Improbable",M74="Leve")),"Bajo",IF(OR(AND(I74="Rara vez",M74="Moderado"),AND(I74="Improbable",M74="Menor"),AND(I74="Improbable",M74="Moderado"),AND(I74="Posible",M74="Leve"),AND(I74="Posible",M74="Menor"),AND(I74="Posible",M74="Moderado"),AND(I74="Probable",M74="Leve"),AND(I74="Probable",M74="Menor")),"Moderado",IF(OR(AND(I74="Rara vez",M74="Mayor"),AND(I74="Improbable",M74="Mayor"),AND(I74="Posible",M74="Mayor"),AND(I74="Probable",M74="Moderado"),AND(I74="Probable",M74="Mayor"),AND(I74="Casi Seguro",M74="Leve"),AND(I74="Casi Seguro",M74="Menor"),AND(I74="Casi Seguro",M74="Moderado"),AND(I74="Casi Seguro",M74="Mayor")),"Alto",IF(OR(AND(I74="Rara vez",M74="Catastrófico"),AND(I74="Improbable",M74="Catastrófico"),AND(I74="Posible",M74="Catastrófico"),AND(I74="Probable",M74="Catastrófico"),AND(I74="Casi Seguro",M74="Catastrófico")),"Extremo","")))) -> Alto | P74: 1 | Q74: el Profesional de control interno disciplinario generara capacitación anualmente a todos los funcionarios con el objetivo de concientizar de la importada de los procesos disciplinarios y las responsabilidades derivadas. Como evidencia quedan las actas de las capacitaciones | R74: =IF(OR(S74="Preventivo",S74="Detectivo"),"Probabilidad",IF(S74="Correctivo","Impacto","")) -> Probabilidad | S74: Preventivo | T74: Manual | U74: =IF(AND(S74="Preventivo",T74="Automático"),"50%",IF(AND(S74="Preventivo",T74="Manual"),"40%",IF(AND(S74="Detectivo",T74="Automático"),"40%",IF(AND(S74="Detectivo",T74="Manual"),"30%",IF(AND(S74="Correctivo",T74="Automático"),"35%",IF(AND(S74="Correctivo",T74="Manual"),"25%","")))))) -> 40% | V74: Documentado | W74: Continua | X74: Con registro | Y74: =IFERROR(IF(R74="Probabilidad",(J74-(+J74*U74)),IF(R74="Impacto",J74,"")),"") -> 0.48 | Z74: =IFERROR(IF(Y74="","",IF(Y74<=0.2,"Rara vez",IF(Y74<=0.4,"Improbable",IF(Y74<=0.6,"Posible",IF(Y74<=0.8,"Probable","Casi Seguro"))))),"") -> Posible | AA74: =+Y74 -> 0.48 | AB74: =IFERROR(IF(AC74="","",IF(AC74<=0.6,"Moderado",IF(AC74<=0.8,"Mayor","Catastrófico"))),"") -> Mayor | AC74: =IFERROR(IF(R74="Impacto",(N74-(+N74*U74)),IF(R74="Probabilidad",N74,"")),"") -> 0.8 | AD74: =IFERROR(IF(OR(AND(Z74="Rara vez",AB74="Leve"),AND(Z74="Rara vez",AB74="Menor"),AND(Z74="Improbable",AB74="Leve")),"Bajo",IF(OR(AND(Z74="Rara vez",AB74="Moderado"),AND(Z74="Improbable",AB74="Menor"),AND(Z74="Improbable",AB74="Moderado"),AND(Z74="Posible",AB74="Leve"),AND(Z74="Posible",AB74="Menor"),AND(Z74="Posible",AB74="Moderado"),AND(Z74="Probable",AB74="Leve"),AND(Z74="Probable",AB74="Menor")),"Moderado",IF(OR(AND(Z74="Rara vez",AB74="Mayor"),AND(Z74="Improbable",AB74="Mayor"),AND(Z74="Posible",AB74="Mayor"),AND(Z74="Probable",AB74="Moderado"),AND(Z74="Probable",AB74="Mayor"),AND(Z74="Casi Seguro",AB74="Leve"),AND(Z74="Casi Seguro",AB74="Menor"),AND(Z74="Casi Seguro",AB74="Moderado"),AND(Z74="Casi Seguro",AB74="Mayor")),"Alto",IF(OR(AND(Z74="Rara vez",AB74="Catastrófico"),AND(Z74="Improbable",AB74="Catastrófico"),AND(Z74="Posible",AB74="Catastrófico"),AND(Z74="Probable",AB74="Catastrófico"),AND(Z74="Casi Seguro",AB74="Catastrófico")),"Extremo","")))),"") -> Alto | AL74: 45421 | AM74: Monitoreado | AN74: =+O74 -> Alto | AO74: =+AD76 -> Moderado
L75: =IF(NOT(ISERROR(MATCH(K75,_xlfn.ANCHORARRAY(G86),0))),J88&"Por favor no seleccionar los criterios de impacto",K75) -> 0 | P75: 2 | Q75: El Profesional de control interno disciplinario cada vez que se requiera, podrá adelantar procedimiento disciplinario de manera autónoma sin requerir de la autorización del jefe directo de la persona involucrada con el objetivo de ejercer la potestad disciplinaria y garantizar la objetividad. | R75: =IF(OR(S75="Preventivo",S75="Detectivo"),"Probabilidad",IF(S75="Correctivo","Impacto","")) -> Probabilidad | S75: Detectivo | T75: Manual | U75: =IF(AND(S75="Preventivo",T75="Automático"),"50%",IF(AND(S75="Preventivo",T75="Manual"),"40%",IF(AND(S75="Detectivo",T75="Automático"),"40%",IF(AND(S75="Detectivo",T75="Manual"),"30%",IF(AND(S75="Correctivo",T75="Automático"),"35%",IF(AND(S75="Correctivo",T75="Manual"),"25%","")))))) -> 30% | V75: Documentado | W75: Continua | X75: Sin registro | Y75: =IFERROR(IF(AND(R74="Probabilidad",R75="Probabilidad"),(AA74-(+AA74*U75)),IF(R75="Probabilidad",(J74-(+J74*U75)),IF(R75="Impacto",AA74,""))),"") -> 0.336 | Z75: =IFERROR(IF(Y75="","",IF(Y75<=0.2,"Rara vez",IF(Y75<=0.4,"Improbable",IF(Y75<=0.6,"Posible",IF(Y75<=0.8,"Probable","Casi Seguro"))))),"") -> Improbable | AA75: =+Y75 -> 0.336 | AB75: =IFERROR(IF(AC75="","",IF(AC75<=0.6,"Moderado",IF(AC75<=0.8,"Mayor","Catastrófico"))),"") -> Mayor | AC75: =IFERROR(IF(AND(R74="Impacto",R75="Impacto"),(AC74-(+AC74*U75)),IF(R75="Impacto",(N74-(+N74*U75)),IF(R75="Probabilidad",AC74,""))),"") -> 0.8 | AD75: =IFERROR(IF(OR(AND(Z75="Rara vez",AB75="Leve"),AND(Z75="Rara vez",AB75="Menor"),AND(Z75="Improbable",AB75="Leve")),"Bajo",IF(OR(AND(Z75="Rara vez",AB75="Moderado"),AND(Z75="Improbable",AB75="Menor"),AND(Z75="Improbable",AB75="Moderado"),AND(Z75="Posible",AB75="Leve"),AND(Z75="Posible",AB75="Menor"),AND(Z75="Posible",AB75="Moderado"),AND(Z75="Probable",AB75="Leve"),AND(Z75="Probable",AB75="Menor")),"Moderado",IF(OR(AND(Z75="Rara vez",AB75="Mayor"),AND(Z75="Improbable",AB75="Mayor"),AND(Z75="Posible",AB75="Mayor"),AND(Z75="Probable",AB75="Moderado"),AND(Z75="Probable",AB75="Mayor"),AND(Z75="Casi Seguro",AB75="Leve"),AND(Z75="Casi Seguro",AB75="Menor"),AND(Z75="Casi Seguro",AB75="Moderado"),AND(Z75="Casi Seguro",AB75="Mayor")),"Alto",IF(OR(AND(Z75="Rara vez",AB75="Catastrófico"),AND(Z75="Improbable",AB75="Catastrófico"),AND(Z75="Posible",AB75="Catastrófico"),AND(Z75="Probable",AB75="Catastrófico"),AND(Z75="Casi Seguro",AB75="Catastrófico")),"Extremo","")))),"") -> Alto
L76: =IF(NOT(ISERROR(MATCH(K76,_xlfn.ANCHORARRAY(G87),0))),J89&"Por favor no seleccionar los criterios de impacto",K76) -> 0 | P76: 3 | Q76: En caso de detectarse que un superior inmediato omitió reportar una novedad disciplinaria, el Profesional de control interno disciplinario podrá adelantar procedimiento disciplinario de manera autónoma con el objetivo de ejercer la potestad disciplinaria y garantizar la objetividad. | R76: =IF(OR(S76="Preventivo",S76="Detectivo"),"Probabilidad",IF(S76="Correctivo","Impacto","")) -> Impacto | S76: Correctivo | T76: Manual | U76: =IF(AND(S76="Preventivo",T76="Automático"),"50%",IF(AND(S76="Preventivo",T76="Manual"),"40%",IF(AND(S76="Detectivo",T76="Automático"),"40%",IF(AND(S76="Detectivo",T76="Manual"),"30%",IF(AND(S76="Correctivo",T76="Automático"),"35%",IF(AND(S76="Correctivo",T76="Manual"),"25%","")))))) -> 25% | V76: Documentado | W76: Continua | X76: Sin registro | Y76: =IFERROR(IF(AND(R75="Probabilidad",R76="Probabilidad"),(AA75-(+AA75*U76)),IF(AND(R75="Impacto",R76="Probabilidad"),(AA74-(+AA74*U76)),IF(R76="Impacto",AA75,""))),"") -> 0.336 | Z76: =IFERROR(IF(Y76="","",IF(Y76<=0.2,"Rara vez",IF(Y76<=0.4,"Improbable",IF(Y76<=0.6,"Posible",IF(Y76<=0.8,"Probable","Casi Seguro"))))),"") -> Improbable | AA76: =+Y76 -> 0.336 | AB76: =IFERROR(IF(AC76="","",IF(AC76<=0.6,"Moderado",IF(AC76<=0.8,"Mayor","Catastrófico"))),"") -> Moderado | AC76: =IFERROR(IF(AND(R75="Impacto",R76="Impacto"),(AC75-(+AC75*U76)),IF(AND(R75="Probabilidad",R76="Impacto"),(AC74-(+AC74*U76)),IF(R76="Probabilidad",AC75,""))),"") -> 0.6 | AD76: =IFERROR(IF(OR(AND(Z76="Rara vez",AB76="Leve"),AND(Z76="Rara vez",AB76="Menor"),AND(Z76="Improbable",AB76="Leve")),"Bajo",IF(OR(AND(Z76="Rara vez",AB76="Moderado"),AND(Z76="Improbable",AB76="Menor"),AND(Z76="Improbable",AB76="Moderado"),AND(Z76="Posible",AB76="Leve"),AND(Z76="Posible",AB76="Menor"),AND(Z76="Posible",AB76="Moderado"),AND(Z76="Probable",AB76="Leve"),AND(Z76="Probable",AB76="Menor")),"Moderado",IF(OR(AND(Z76="Rara vez",AB76="Mayor"),AND(Z76="Improbable",AB76="Mayor"),AND(Z76="Posible",AB76="Mayor"),AND(Z76="Probable",AB76="Moderado"),AND(Z76="Probable",AB76="Mayor"),AND(Z76="Casi Seguro",AB76="Leve"),AND(Z76="Casi Seguro",AB76="Menor"),AND(Z76="Casi Seguro",AB76="Moderado"),AND(Z76="Casi Seguro",AB76="Mayor")),"Alto",IF(OR(AND(Z76="Rara vez",AB76="Catastrófico"),AND(Z76="Improbable",AB76="Catastrófico"),AND(Z76="Posible",AB76="Catastrófico"),AND(Z76="Probable",AB76="Catastrófico"),AND(Z76="Casi Seguro",AB76="Catastrófico")),"Extremo","")))),"") -> Moderado | AE76: Reducir (mitigar) | AF76: Revisar y actualizar el procedimiento de control interno disciplinario. | AG76: Edgar Puentes | AH76: 45657 | AI76: 45322 | AK76: En curso
L77: =IF(NOT(ISERROR(MATCH(K77,_xlfn.ANCHORARRAY(G88),0))),J90&"Por favor no seleccionar los criterios de impacto",K77) -> 0 | P77: 4 | R77: =IF(OR(S77="Preventivo",S77="Detectivo"),"Probabilidad",IF(S77="Correctivo","Impacto","")) | U77: =IF(AND(S77="Preventivo",T77="Automático"),"50%",IF(AND(S77="Preventivo",T77="Manual"),"40%",IF(AND(S77="Detectivo",T77="Automático"),"40%",IF(AND(S77="Detectivo",T77="Manual"),"30%",IF(AND(S77="Correctivo",T77="Automático"),"35%",IF(AND(S77="Correctivo",T77="Manual"),"25%","")))))) | Y77: =IFERROR(IF(AND(R76="Probabilidad",R77="Probabilidad"),(AA76-(+AA76*U77)),IF(AND(R76="Impacto",R77="Probabilidad"),(AA75-(+AA75*U77)),IF(R77="Impacto",AA76,""))),"") | Z77: =IFERROR(IF(Y77="","",IF(Y77<=0.2,"Rara vez",IF(Y77<=0.4,"Improbable",IF(Y77<=0.6,"Posible",IF(Y77<=0.8,"Probable","Casi Seguro"))))),"") | AA77: =+Y77 | AB77: =IFERROR(IF(AC77="","",IF(AC77<=0.6,"Moderado",IF(AC77<=0.8,"Mayor","Catastrófico"))),"") | AC77: =IFERROR(IF(AND(R76="Impacto",R77="Impacto"),(AC76-(+AC76*U77)),IF(AND(R76="Probabilidad",R77="Impacto"),(AC75-(+AC75*U77)),IF(R77="Probabilidad",AC76,""))),"") | AD77: =IFERROR(IF(OR(AND(Z77="Muy Baja",AB77="Leve"),AND(Z77="Muy Baja",AB77="Menor"),AND(Z77="Baja",AB77="Leve")),"Bajo",IF(OR(AND(Z77="Muy baja",AB77="Moderado"),AND(Z77="Baja",AB77="Menor"),AND(Z77="Baja",AB77="Moderado"),AND(Z77="Media",AB77="Leve"),AND(Z77="Media",AB77="Menor"),AND(Z77="Media",AB77="Moderado"),AND(Z77="Alta",AB77="Leve"),AND(Z77="Alta",AB77="Menor")),"Moderado",IF(OR(AND(Z77="Muy Baja",AB77="Mayor"),AND(Z77="Baja",AB77="Mayor"),AND(Z77="Media",AB77="Mayor"),AND(Z77="Alta",AB77="Moderado"),AND(Z77="Alta",AB77="Mayor"),AND(Z77="Muy Alta",AB77="Leve"),AND(Z77="Muy Alta",AB77="Menor"),AND(Z77="Muy Alta",AB77="Moderado"),AND(Z77="Muy Alta",AB77="Mayor")),"Alto",IF(OR(AND(Z77="Muy Baja",AB77="Catastrófico"),AND(Z77="Baja",AB77="Catastrófico"),AND(Z77="Media",AB77="Catastrófico"),AND(Z77="Alta",AB77="Catastrófico"),AND(Z77="Muy Alta",AB77="Catastrófico")),"Extremo","")))),"")
